Workbook

Sheet Read Me
A1: Anthropic (ANT) IPO Valuation — Hybrid Business Model
A2: Prepared by Mike Ye | mikeye.com | Version 1.3.3, November 2, 2026 | S-1/A actuals updated; Q4 forecasting basis refreshed; long-term scenario assumptions unchanged
A4: WHAT THIS IS
A5: A scenario valuation of Anthropic built from its public S-1. It values (1) the business as it exists today, pay-per-token plus subscriptions, and (2) a hybrid that adds a
A6: hypothetical third line where Anthropic takes a cut of measurable value Claude creates for partners. The question: can tokens and subscriptions alone support a $2T valuation?
A7: Reported facts, figures derived from the filing, and hypothetical assumptions are labeled separately.
A9: HOW TO USE IT
A10: Change yellow cells on Inputs and the model recalculates. Input checks at the bottom of Inputs reject invalid entries (negative costs, fractional depreciation lives,
A11: stock comp above personnel); loss-making scenarios are allowed and show 'Not meaningful' instead. The Summary shows the check result in cell A3.
A12: Color code: blue = typed in (reported or assumed); black = formula; green = link to another tab; yellow fill = assumption you can change.
A14: TABS
A15: Summary — results, linked limitations, break-even tests, market check, $2T test, tax sensitivity, committed compute vs. forecast. Change Log — changes and checks.
... A64: Anthropic has not reviewed or endorsed this model. Do your own research.

Sheet Summary
A1: Anthropic (ANT) — IPO valuation: core business vs. hybrid business model (v1.3.3)
A2: Prepared by Mike Ye, mikeye.com. $ billions except per share. Change yellow cells on Inputs. Not investment advice — see Read Me.
A3: =Inputs!C155 -> All input checks passed
A4: Valuation | B4: Bear | C4: Base | D4: Bull | E4: Weighted
A5: Value per share — hybrid | B5: =Bear!G189 -> 10.404113 | C5: =Base!G189 -> 80.084996 | D5: =Bull!G189 -> 332.11179 | E5: =IF(Inputs!$B$155>0,"check inputs",IF(COUNT(B5:D5)<3,"n/a",SUMPRODUCT(B5:D5,$B$13:$D$13))) -> 125.67147
A6: Value per share — core only (tokens + subscriptions) | B6: =Bear!F189 -> 11.970593 | C6: =Base!F189 -> 68.657582 | D6: =Bull!F189 -> 181.69008 | E6: =IF(Inputs!$B$155>0,"check inputs",IF(COUNT(B6:D6)<3,"n/a",SUMPRODUCT(B6:D6,$B$13:$D$13))) -> 82.74396
A7: Equity value — hybrid ($B) | B7: =IFERROR(Bear!G191/1000,"n/a") -> 186.6192 | C7: =IFERROR(Base!G191/1000,"n/a") -> 1436.4894 | D7: =IFERROR(Bull!G191/1000,"n/a") -> 6321.7318 | E7: =IF(Inputs!$B$155>0,"check inputs",IF(COUNT(B7:D7)<3,"n/a",SUMPRODUCT(B7:D7,$B$13:$D$13))) -> 2345.3325
A8: Equity value — core only ($B) | B8: =IFERROR(Bear!F191/1000,"n/a") -> 214.71725 | C8: =IFERROR(Base!F191/1000,"n/a") -> 1231.5152 | D8: =IFERROR(Bull!F191/1000,"n/a") -> 3390.649 | E8: =IF(Inputs!$B$155>0,"check inputs",IF(COUNT(B8:D8)<3,"n/a",SUMPRODUCT(B8:D8,$B$13:$D$13))) -> 1517.0991
A9: Hybrid uplift vs. core | B9: =IFERROR(B7/B8-1,"n/a") -> -0.13086068 | C9: =IFERROR(C7/C8-1,"n/a") -> 0.16644067 | D9: =IFERROR(D7/D8-1,"n/a") -> 0.86446071 | E9: =IFERROR(E7/E8-1,"n/a") -> 0.54593222
A10: Funding status (hybrid) | B10: =Bear!G183 -> No raise needed | C10: =Base!G183 -> No raise needed | D10: =Bull!G183 -> No raise needed
A11: Public Benefit issuance steps (hybrid) | B11: =Bear!G188 -> 0 | C11: =Base!G188 -> 0 | D11: =Bull!G188 -> 3
A12: Exit value share of value — P/E / cash flow (hybrid) | B12: =TEXT(Bear!G172,"0%")&" / "&TEXT(Bear!G173,"0%") -> 98% / 96% | C12: =TEXT(Base!G172,"0%")&" / "&TEXT(Base!G173,"0%") -> 93% / 92% | D12: =TEXT(Bull!G172,"0%")&" / "&TEXT(Bull!G173,"0%") -> 95% / 94%
A13: Probability | B13: =Inputs!B114 -> 0.25 | C13: =Inputs!C114 -> 0.5 | D13: =Inputs!D114 -> 0.25 | E13: =SUM($B$13:$D$13) -> 1
A14: Bull case share of weighted hybrid value per share | E14: =IFERROR(D13*D5/E5,"n/a") -> 0.66067457
A16: Headline limitations (linked) | B16: Value
A17: Base hybrid value per share | B17: =C5 -> 80.084996
A18: Combined-stress (S6) hybrid value per share | B18: =S6!G189 -> unresolved
A19: Combined-stress funding status | B19: =S6!G183 -> Not meaningful: 2030 earnings or cash flow negative
A20: Flat-revenue stress (S1): cash at end 2030 and runway | B20: =TEXT(S1!G141/1000,"$0.0")&"B; "&IF(ISNUMBER(S1!G181),TEXT(S1!G181,"0.0")&" years of cash at 2030 burn","cash-positive") -> -$16.3B; 0.0 years of cash at 2030 burn
A21: Base: exit value share of value (P/E method / cash flow method) | B21: =C12 -> 93% / 92%
A22: Bull share of weighted value | B22: =E14 -> 0.66067457
A23: Both valuation methods use the same forecasts, so blending them is not independent confirmation. Most value sits in the post-2030 exit value.
A24: ="Assumed, not disclosed: state tax on "&TEXT(Inputs!$B$58,"0%")&" of income at "&TEXT(Inputs!$B$59,"0.0%")&" gives a mature combined rate of "&TEXT(Inputs!$B$55+Inputs!$B$58*Inputs!$B$59*(1-Inputs!$B$55),"0.00%")&". Covenant: $5B minimum liquidity from Q4 2026 (cash used as proxy)." -> Assumed, not disclosed: state tax on 72% of income at 6.0% gives a mature combined rate of 24.41%. Covenant: $5B minimum liquidity from Q4 2026 (cash used as proxy).
A25: 2030 snapshot | B25: Bear | C25: Base | D25: Bull
A26: Core revenue ($B) | B26: =IFERROR(Bear!G5/1000,"n/a") -> 148.52024 | C26: =IFERROR(Base!G5/1000,"n/a") -> 283.75346 | D26: =IFERROR(Bull!G5/1000,"n/a") -> 521.61772
A27: Hybrid total revenue ($B) | B27: =IFERROR(Bear!G105/1000,"n/a") -> 147.77764 | C27: =IFERROR(Base!G105/1000,"n/a") -> 322.06018 | D27: =IFERROR(Bull!G105/1000,"n/a") -> 808.50747
A28: Value-share revenue, gross ($B) | B28: =IFERROR(Bear!G29/1000,"n/a") -> 2.9704047 | C28: =IFERROR(Base!G29/1000,"n/a") -> 51.075623 | D28: =IFERROR(Bull!G29/1000,"n/a") -> 312.97064
A29: Core operating margin (after stock comp & depreciation) | B29: =Bear!G54 -> 0.067331259 | C29: =Base!G54 -> 0.2700658 | D29: =Bull!G54 -> 0.37810108
A30: Hybrid operating margin | B30: =Bear!G110 -> 0.048663764 | C30: =Base!G110 -> 0.28341328 | D30: =Bull!G110 -> 0.46476657
A31: Compute % of core revenue | B31: =Bear!G19 -> 0.5422674 | C31: =Base!G19 -> 0.38294973 | D31: =Bull!G19 -> 0.31735845
A32: Effective tax rate (hybrid) | B32: =Bear!G126 -> 0.244128 | C32: =Base!G126 -> 0.244128 | D32: =Bull!G126 -> 0.244128
A33: Value created for partners ($B) | B33: =IFERROR(Bear!G27/1000,"n/a") -> 29.704047 | C33: =IFERROR(Base!G27/1000,"n/a") -> 340.50416 | D33: =IFERROR(Bull!G27/1000,"n/a") -> 1564.8532
A34: Value created as % of $40T knowledge-work pool | B34: =Bear!G36 -> 0.00074260118 | C34: =Base!G36 -> 0.0085126039 | D34: =Bull!G36 -> 0.039121329
A36: Value-share break-even tests (per $1 of revenue moved, 2030 steady state) | B36: Bear | C36: Base | D36: Bull
A37: 1. Operating: contribution per $1 moved | B37: =Inputs!$B$122*Inputs!$B$123*(1-Inputs!$B$125-Inputs!$B$126-Inputs!$B$127)-Inputs!$B$124 -> -0.38 | C37: =Inputs!$C$122*Inputs!$C$123*(1-Inputs!$C$125-Inputs!$C$126-Inputs!$C$127)-Inputs!$C$124 -> 0.36 | D37: =Inputs!$D$122*Inputs!$D$123*(1-Inputs!$D$125-Inputs!$D$126-Inputs!$D$127)-Inputs!$D$124 -> 1.408
A38: 2. Cash: after tax, capex and its depreciation tax shield, per $1 moved (steady state) | B38: =(1-Bear!G126)*(Inputs!$B$122*Inputs!$B$123*(1-Inputs!$B$125-Inputs!$B$126-Inputs!$B$127)-Inputs!$B$124-CHOOSE(Inputs!$B$35,Inputs!$F$67*(Inputs!$B$122*Inputs!$B$123-Inputs!$B$124),Inputs!$B$36*Inputs!$B$122*Inputs!$B$123,0)) -> -0.283452 | C38: =(1-Base!G126)*(Inputs!$C$122*Inputs!$C$123*(1-Inputs!$C$125-Inputs!$C$126-Inputs!$C$127)-Inputs!$C$124-CHOOSE(Inputs!$B$35,Inputs!$F$67*(Inputs!$C$122*Inputs!$C$123-Inputs!$C$124),Inputs!$B$36*Inputs!$C$122*Inputs!$C$123,0)) -> 0.23809968 | D38: =(1-Bull!G126)*(Inputs!$D$122*Inputs!$D$123*(1-Inputs!$D$125-Inputs!$D$126-Inputs!$D$127)-Inputs!$D$124-CHOOSE(Inputs!$B$35,Inputs!$F$67*(Inputs!$D$122*Inputs!$D$123-Inputs!$D$124),Inputs!$B$36*Inputs!$D$122*Inputs!$D$123,0)) -> 0.98112186
A39: 3. Value: hybrid equity less core equity ($B) | B39: =IFERROR(Bear!G191/1000-Bear!F191/1000,"n/a") -> -28.098044 | C39: =IFERROR(Base!G191/1000-Base!F191/1000,"n/a") -> 204.97421 | D39: =IFERROR(Bull!G191/1000-Bull!F191/1000,"n/a") -> 2931.0828
A40: Minimum cut to pass operating test | B40: =IFERROR(Inputs!$B$124/(Inputs!$B$122*(1-Inputs!$B$125-Inputs!$B$126-Inputs!$B$127)),0) -> 0.41666667 | C40: =IFERROR(Inputs!$C$124/(Inputs!$C$122*(1-Inputs!$C$125-Inputs!$C$126-Inputs!$C$127)),0) -> 0.068181818 | D40: =IFERROR(Inputs!$D$124/(Inputs!$D$122*(1-Inputs!$D$125-Inputs!$D$126-Inputs!$D$127)),0) -> 0.024875622
A41: Minimum cut to pass cash test | B41: =IFERROR(CHOOSE(Inputs!$B$35,Inputs!$B$124*(1-Inputs!$F$67)/(Inputs!$B$122*((1-Inputs!$B$125-Inputs!$B$126-Inputs!$B$127)-Inputs!$F$67)),Inputs!$B$124/(Inputs!$B$122*((1-Inputs!$B$125-Inputs!$B$126-Inputs!$B$127)-Inputs!$B$36)),Inputs!$B$124/(Inputs!$B$122*(1-Inputs!$B$125-Inputs!$B$126-Inputs!$B$127))),"n/a") -> 0.475 | C41: =IFERROR(CHOOSE(Inputs!$B$35,Inputs!$C$124*(1-Inputs!$F$67)/(Inputs!$C$122*((1-Inputs!$C$125-Inputs!$C$126-Inputs!$C$127)-Inputs!$F$67)),Inputs!$C$124/(Inputs!$C$122*((1-Inputs!$C$125-Inputs!$C$126-Inputs!$C$127)-Inputs!$B$36)),Inputs!$C$124/(Inputs!$C$122*(1-Inputs!$C$125-Inputs!$C$126-Inputs!$C$127))),"n/a") -> 0.07125 | D41: =IFERROR(CHOOSE(Inputs!$B$35,Inputs!$D$124*(1-Inputs!$F$67)/(Inputs!$D$122*((1-Inputs!$D$125-Inputs!$D$126-Inputs!$D$127)-Inputs!$F$67)),Inputs!$D$124/(Inputs!$D$122*((1-Inputs!$D$125-Inputs!$D$126-Inputs!$D$127)-Inputs!$B$36)),Inputs!$D$124/(Inputs!$D$122*(1-Inputs!$D$125-Inputs!$D$126-Inputs!$D$127))),"n/a") -> 0.025537634
A42: Cut assumed | B42: =Inputs!$B$123 -> 0.1 | C42: =Inputs!$C$123 -> 0.15 | D42: =Inputs!$D$123 -> 0.2
A43: Test 2 assumes steady state, where depreciation equals capex, so the tax shield offsets tax on depreciation; the row below is the same test taken from the full 2030 build (includes growth timing and depreciation lags). Test 3 is the full model. All value-share inputs are hypothetical.
A44: 2b. Cash test from the full model: 2030 incremental economic cash flow per $1 moved | B44: =IFERROR((Bear!G132-Bear!G130-(Bear!G76-Bear!G74))/Bear!G25,"n/a") -> -0.28266682 | C44: =IFERROR((Base!G132-Base!G130-(Base!G76-Base!G74))/Base!G25,"n/a") -> 0.23100649 | D44: =IFERROR((Bull!G132-Bull!G130-(Bull!G76-Bull!G74))/Bull!G25,"n/a") -> 0.96375253
A45: Market check | B45: Reference | C45: Target
A46: Valuation ($B) | B46: =Inputs!$B$22/1000 -> 1500 | C46: =Inputs!$B$28/1000 -> 2000
A47: Implied price per share (economic shares, before Public Benefit steps) | B47: =IFERROR(B46*1000/Inputs!$B$18,0) -> 83.625744 | C47: =IFERROR(C46*1000/Inputs!$B$18,0) -> 111.50099
A48: Upside / (downside): weighted hybrid value | B48: =IFERROR($E$5/B47-1,"n/a") -> 0.50278451 | C48: =IFERROR($E$5/C47-1,"n/a") -> 0.12708838
A49: Upside / (downside): base hybrid value | B49: =IFERROR($C$5/B47-1,"n/a") -> -0.042340403 | C49: =IFERROR($C$5/C47-1,"n/a") -> -0.2817553
A50: Upside / (downside): base core-only value | B50: =IFERROR($C$6/B47-1,"n/a") -> -0.17898988 | C50: =IFERROR($C$6/C47-1,"n/a") -> -0.38424241
A52: Can the base case reach the target? | B52: Value
A53: Target valuation ($B) | B53: =C46 -> 2000
A54: Base hybrid equity value ($B) | B54: =C7 -> 1436.4894
A55: Gap to target ($B) | B55: =IFERROR(B53-B54,"n/a") -> 563.51061
A56: Value added by the value-share line, base case ($B) | B56: =IFERROR(C7-C8,"n/a") -> 204.97421
A57: Value-share adoption needed, as a multiple of base-case adoption | B57: =IF(NOT(ISNUMBER(B56)),"n/a",IF(B56<=0,"n/a",MAX(0,1+B55/B56))) -> 3.7491781
A58: Implied 2030 share of revenue base on value-share | B58: =IF(ISNUMBER(B57),Inputs!$C$121*B57,"n/a") -> 0.56237671
A59: Base-case 2030 share, for comparison | B59: =Inputs!$C$121 -> 0.15
A60: Solve is exact under current inputs? | B60: =IF(AND(Base!D67=0,Base!D123=0,Base!D62=0,Base!D118=0,Base!G90=0,Base!G146=0,Base!G109>0,Base!D53>0),"Yes","Approximate — verify") -> Yes
A61: Exact when tax losses are used up by end 2027 on both paths, no funding is needed and profits stay positive: value-share value then scales in proportion to adoption. Public Benefit steps affect per-share values only.
A63: Tax sensitivity: base case value per share | B63: Detailed (NOL + state) | C63: Flat 21% | D63: Flat 25% | E63: Flat 28%
A64: Hybrid | B64: =Base!G189 -> 80.084996 | C64: =T21!G189 -> 83.489848 | D64: =T25!G189 -> 79.388189 | E64: =T28!G189 -> 76.311946
A65: Core only | B65: =Base!F189 -> 68.657582 | C65: =T21!F189 -> 71.515063 | D65: =T25!F189 -> 68.055263 | E65: =T28!F189 -> 65.460413
A66: Flat rates ignore tax losses; they bracket the combined federal + state rate. The state allocation is an assumption, not company disclosure.
A68: Where the business is today (Q3 2026 actual, S-1/A) | B68: Value
A69: Quarterly revenue ($B) | B69: =Historicals!H5/1000 -> 16.956
A70: Operating margin | B70: =Historicals!H27 -> -0.03343949
A71: Operating margin before stock comp | B71: =Historicals!H28 -> 0.029665015
A72: Compute % of revenue | B72: =Historicals!H23 -> 0.581682
A73: H1 2026 free cash flow margin (reported, before stock comp) | B73: =Historicals!F61 -> 0.21165418
A74: Revenue added in Q2 2026 vs Q1 ($B) | B74: =Historicals!G31/1000 -> 6.824
A75: Revenue added in Q3 2026 vs Q2 ($B) | B75: =Historicals!H31/1000 -> 5.401
A77: Committed compute vs. the forecast (S-1/A) | B77: Value
A78: Aggregate committed spend ($B) | B78: =Inputs!$B$42/1000 -> 895.4
A79: expected before end 2030 ($B) | B79: =Inputs!$B$43/1000 -> 447.5
A80: in the dated table, Q4 2026-2030 ($B) | B80: =SUM(Inputs!B69:F69)/1000 -> 171.575
A81: short-term commitments ($B) | B81: =Inputs!$B$47/1000 -> 24
A82: undated remainder, timing assumed ($B) | B82: =Inputs!$B$70/1000 -> 251.925
A83: Base compute spending, Q4 2026-2030 ($B) | B83: =(Base!C10-Historicals!F36-Historicals!H6+SUM(Base!D10:G10))/1000 -> 326.36064
A84: Committed before 2030 above the Base forecast ($B) | B84: =B79-B83 -> 121.13936
A86: Commitment and compute stresses | B86: S8 central | C86: S8E earlier | D86: S8L later | E86: S9 haircut | F86: S10 normalized
A87: Value per share, hybrid | B87: =S8!G189 -> 71.357374 | C87: =S8E!G189 -> 79.150537 | D87: =S8L!G189 -> 47.336985 | E87: =S9!G189 -> 78.637337 | F87: =S10!G189 -> 87.526614
A88: Value per share, core only | B88: =S8!F189 -> 61.251912 | C88: =S8E!F189 -> 70.03404 | D88: =S8L!F189 -> 35.903132 | E88: =S9!F189 -> 67.207006 | F88: =S10!F189 -> 76.099274
A89: Equity value, hybrid ($B) | B89: =IFERROR(S8!G191/1000,"unresolved") -> 1279.9415 | C89: =IFERROR(S8E!G191/1000,"unresolved") -> 1419.7279 | D89: =IFERROR(S8L!G191/1000,"unresolved") -> 849.08635 | E89: =IFERROR(S9!G191/1000,"unresolved") -> 1410.5227 | F89: =IFERROR(S10!G191/1000,"unresolved") -> 1569.9701
A90: Compute spending Q4 2026-2030 ($B) | B90: =(S8!C10-Historicals!F36-Historicals!H6+SUM(S8!D10:G10))/1000 -> 447.5 | C90: =(S8E!C10-Historicals!F36-Historicals!H6+SUM(S8E!D10:G10))/1000 -> 460.70831 | D90: =(S8L!C10-Historicals!F36-Historicals!H6+SUM(S8L!D10:G10))/1000 -> 447.5 | E90: =(S9!C10-Historicals!F36-Historicals!H6+SUM(S9!D10:G10))/1000 -> 364.63193 | F90: =(S10!C10-Historicals!F36-Historicals!H6+SUM(S10!D10:G10))/1000 -> 301.32002
A91: 2030 compute % of core revenue | B91: =S8!G19 -> 0.40298847 | C91: =S8E!G19 -> 0.38294973 | D91: =S8L!G19 -> 0.5139673 | E91: =S9!G19 -> 0.38294973 | F91: =S10!G19 -> 0.35269104
A92: 2030 core operating margin | B92: =S8!G54 -> 0.25002706 | C92: =S8E!G54 -> 0.2700658 | D92: =S8L!G54 -> 0.13904824 | E92: =S9!G54 -> 0.2700658 | F92: =S10!G54 -> 0.30032449
A93: Exit value share of value, P/E method (hybrid) | B93: =S8!G172 -> 0.98350657 | C93: =S8E!G172 -> 0.99399737 | D93: =S8L!G172 -> 0.96471265 | E93: =S9!G172 -> 0.94918321 | F93: =S10!G172 -> 0.92883589
A94: Funding / validity status (hybrid) | B94: =S8!G183 -> No raise needed | C94: =S8E!G183 -> No raise needed | D94: =S8L!G183 -> No raise needed | E94: =S9!G183 -> No raise needed | F94: =S10!G183 -> No raise needed
A95: The floor treats committed spending as compute cost in the year incurred, with no extra revenue; it is a cost stress, not a forecast. Timing matters because the 2030 margin is capitalized into the exit value.
A96: Commitments continue after 2030. Their annual timing and relationship to ongoing compute costs remain uncertain; the exit valuation assumes the modeled 2030 earnings and cash flow are representative.

Sheet Change Log
A1: Change log
A2: Cell references point to the Base tab unless noted; the same rows exist on every case tab. Earlier versions are preserved as separate files.
A4: v1.3.3 (Nov 2, 2026): commitment interpretation and share bridge. No Bear, Base or Bull assumption changed | B4: Where
A5: Commitment floor rebuilt from the S-1/A dated contractual-obligations table ($320.0B; $171.6B through 2030), short-term commitments ($24.0B) and the undated pre-2030 remainder ($251.9B) allocated by floor weights | B5: Inputs!A69:H71; Base!C22:G22
A6: The floor now also applies to Q4 2026, so the amount removed before allocating 2027-2030 is the same amount charged in Q4 | B6: Base!C10, C22
A7: Floor weights are now case levers; S8E (earlier) and S8L (later) timing sensitivities added | B7: Inputs!B109:U112
A8: S9 renamed 'Contingent haircut': a proportional haircut, not an exclusion of identified contingent commitments | B8: Inputs!T108
A9: Forward compute base adjustment added (default 0); S10 removes Q3 compute above 45% of Q3 revenue from the forward base, keeping reported costs and cash | B9: Inputs!B113:U113; Base!D9
A10: Share bridge: ~91M post-June grants replaced by the Q3 net change in performance RSUs (78.4M), plus ~47M service-only RSUs granted after Sep 30. Economic shares 17,903M to 17,937M | B10: Inputs!B11, B51:B52
A11: Input checks added for commitment consistency, floor weights and the floor lever | B11: Inputs!A129:C155
A13: v1.3.2 (Nov 2, 2026): S-1/A actuals updated; Q4 forecasting basis refreshed; long-term scenario assumptions unchanged | B13: Where
A14: Q3 2026 actuals replace the implied quarter: revenue $16,956M, compute $9,863M (58%, incl. $5.0B short-term compute), operating loss $(567)M | B14: Historicals!H5:H31
A15: Q4 2026 personnel, stock comp, sales and other costs use Q3 ratios (previously Q2); Q4 compute keeps its lever (Base 45%) | B15: Base!C10:C14
A16: Q3 donation-matching charge $1,960M actual; cash roll-forward starts at the Sep 30 balance ($131,845M) with a Q3 cash bridge | B16: Historicals!A88:C97
A18: Checks | B18: Expected | C18: Result | D18: Status
A19: Q3 2026 revenue (S-1/A) | B19: 16,956 | C19: =Historicals!H5 -> 16956 | D19: =IF(C19=16956,"Pass","Review") -> Pass
A20: Commitment components less aggregate ($mm) | B20: rounding | C20: =Inputs!B71 -> -7 | D20: =IF(ABS(C20)<100,"Pass","Review") -> Pass
A21: S8 committed compute Q4 2026-2030 ($B) | B21: 447.5 | C21: =SUM(S8!C22:G22)/1000 -> 447.5 | D21: =IF(ABS(C21-447.5)<0.01,"Pass","Review") -> Pass
A22: S8 Q4 2026 compute equals the Q4 floor ($mm) | B22: equal | C22: =S8!C10-Historicals!F36-Historicals!H6-S8!C22 -> 0 | D22: =IF(ABS(C22)<0.01,"Pass","Review") -> Pass
A23: Base 2027-2030 compute equals its own schedule (floor off) | B23: 0 | C23: =SUM(Base!D10:G10)-SUM(Base!D9:G9) -> 0 | D23: =IF(ABS(C23)<0.001,"Pass","Review") -> Pass
A24: S10 leaves 2026 reported compute unchanged | B24: 0 | C24: =S10!C10-Base!C10 -> 0 | D24: =IF(ABS(C24)<0.001,"Pass","Review") -> Pass
A25: Opening cash Q4 2026 equals Sep 30 balance | B25: 131,845 | C25: =Base!C136 -> 131845 | D25: =IF(C25=131845,"Pass","Review") -> Pass
A26: Economic shares (mm) | B26: 17,937 | C26: =Inputs!B18 -> 17937.06 | D26: =IF(ABS(C26-17937.06)<0.1,"Pass","Review") -> Pass
A28: Earlier versions (summary)
A29: v1.3.1 (Oct 26, 2026): start-of-year payments discounted from the start of their year; funded-path interest on the funded balance; $5B operating cash buffer as the default threshold.
A30: v1.3: Q2 stock comp from the non-GAAP reconciliation; vintage depreciation; funding need from the lowest cash in each year; funded cash path; prepaid compute roll-forward; invalid valuations shown as 'unresolved'; S2 raises total compute 20%; extended input checks.
A31: v1.2: three cash measures (earnings, actual cash, economic cash); federal and state tax with NOLs; share bridge; stress tests S1-S7.

Sheet Historicals
A1: Historical financials from the S-1 ($ millions)
A2: Source: Anthropic, PBC Form S-1, filed Oct 26, 2026 (SEC EDGAR CIK 2130357). Blue = reported figure. Black = formula.
A4: Quarterly income statement | B4: Q1 2025 | C4: Q2 2025 | D4: Q3 2025 | E4: Q4 2025 | F4: Q1 2026 | G4: Q2 2026 | H4: Q3 2026
A5: Revenue | B5: 376 | C5: 787 | D5: 1382 | E5: 2040 | F5: 4731 | G5: 11555 | H5: 16956
A6: Compute and infrastructure | B6: 944 | C6: 1390 | D6: 2047 | E6: 2945 | F6: 3387 | G6: 5558 | H6: 9863
A7: Personnel (incl. stock comp) | B7: 218 | C7: 320 | D7: 489 | E7: 812 | F7: 1295 | G7: 1857 | H7: 1711
A8: Bartz settlement (one-time) | B8: 0 | C8: 0 | D8: 1500 | E8: 0 | F8: 0 | G8: 0 | H8: 0
A9: Sales, marketing, and partnerships | B9: 24 | C9: 96 | D9: 202 | E9: 246 | F9: 1033 | G9: 2135 | H9: 2361
A10: Other operating and administrative | B10: 125 | C10: 181 | D10: 233 | E10: 873 | F10: 683 | G10: 1031 | H10: 3588
A11: Total operating expenses | B11: =SUM(B6:B10) -> 1311 | C11: =SUM(C6:C10) -> 1987 | D11: =SUM(D6:D10) -> 4471 | E11: =SUM(E6:E10) -> 4876 | F11: =SUM(F6:F10) -> 6398 | G11: =SUM(G6:G10) -> 10581 | H11: =SUM(H6:H10) -> 17523
A12: Operating income (loss) | B12: =B5-B11 -> -935 | C12: =C5-C11 -> -1200 | D12: =D5-D11 -> -3089 | E12: =E5-E11 -> -2836 | F12: =F5-F11 -> -1667 | G12: =G5-G11 -> 974 | H12: =H5-H11 -> -567
A13: Interest income | B13: 51 | C13: 64 | D13: 124 | E13: 192 | F13: 349 | G13: 762 | H13: 1248
A14: Change in fair value of convertible notes etc. (non-cash) | B14: -5701 | C14: -5241 | D14: -9165 | E14: -14201 | F14: -12791 | G14: -59597 | H14: -21936
A15: Other income (expense), net | B15: 0 | C15: 0 | D15: -3 | E15: -5 | F15: -309 | G15: -8448 | H15: -1640
A16: Loss before income taxes | B16: =B12+B13+B14+B15 -> -6585 | C16: =C12+C13+C14+C15 -> -6377 | D16: =D12+D13+D14+D15 -> -12133 | E16: =E12+E13+E14+E15 -> -16850 | F16: =F12+F13+F14+F15 -> -14418 | G16: =G12+G13+G14+G15 -> -66309 | H16: =H12+H13+H14+H15 -> -22895
A17: Provision for income taxes | B17: 7 | C17: 0 | D17: 5 | E17: 8 | F17: 21 | G17: 0 | H17: 396
A18: Net income (loss) | B18: =B16-B17 -> -6592 | C18: =C16-C17 -> -6377 | D18: =D16-D17 -> -12138 | E18: =E16-E17 -> -16858 | F18: =F16-F17 -> -14439 | G18: =G16-G17 -> -66309 | H18: =H16-H17 -> -23291
A19: Stock-based compensation (non-GAAP reconciliation) | B19: 105 | C19: 181 | D19: 305 | E19: 574 | F19: 924 | G19: 1261 | H19: 1070
A20: Operating income before stock comp | B20: =B12+B19 -> -830 | C20: =C12+C19 -> -1019 | D20: =D12+D19 -> -2784 | E20: =E12+E19 -> -2262 | F20: =F12+F19 -> -743 | G20: =G12+G19 -> 2235 | H20: =H12+H19 -> 503
A22: Quarterly ratios
A23: Compute % of revenue | B23: =IFERROR(B6/B5,0) -> 2.5106383 | C23: =IFERROR(C6/C5,0) -> 1.7662008 | D23: =IFERROR(D6/D5,0) -> 1.4811867 | E23: =IFERROR(E6/E5,0) -> 1.4436275 | F23: =IFERROR(F6/F5,0) -> 0.7159163 | G23: =IFERROR(G6/G5,0) -> 0.48100389 | H23: =IFERROR(H6/H5,0) -> 0.581682
A24: Personnel % of revenue | B24: =IFERROR(B7/B5,0) -> 0.57978723 | C24: =IFERROR(C7/C5,0) -> 0.40660737 | D24: =IFERROR(D7/D5,0) -> 0.35383502 | E24: =IFERROR(E7/E5,0) -> 0.39803922 | F24: =IFERROR(F7/F5,0) -> 0.27372648 | G24: =IFERROR(G7/G5,0) -> 0.16070965 | H24: =IFERROR(H7/H5,0) -> 0.10090823
A25: Sales, marketing & partnerships % of revenue | B25: =IFERROR(B9/B5,0) -> 0.063829787 | C25: =IFERROR(C9/C5,0) -> 0.12198221 | D25: =IFERROR(D9/D5,0) -> 0.14616498 | E25: =IFERROR(E9/E5,0) -> 0.12058824 | F25: =IFERROR(F9/F5,0) -> 0.21834707 | G25: =IFERROR(G9/G5,0) -> 0.1847685 | H25: =IFERROR(H9/H5,0) -> 0.13924275
A26: Other opex % of revenue | B26: =IFERROR(B10/B5,0) -> 0.33244681 | C26: =IFERROR(C10/C5,0) -> 0.22998729 | D26: =IFERROR(D10/D5,0) -> 0.16859624 | E26: =IFERROR(E10/E5,0) -> 0.42794118 | F26: =IFERROR(F10/F5,0) -> 0.14436694 | G26: =IFERROR(G10/G5,0) -> 0.089225444 | H26: =IFERROR(H10/H5,0) -> 0.21160651
A27: Operating margin | B27: =IFERROR(B12/B5,0) -> -2.4867021 | C27: =IFERROR(C12/C5,0) -> -1.5247776 | D27: =IFERROR(D12/D5,0) -> -2.2351664 | E27: =IFERROR(E12/E5,0) -> -1.3901961 | F27: =IFERROR(F12/F5,0) -> -0.3523568 | G27: =IFERROR(G12/G5,0) -> 0.084292514 | H27: =IFERROR(H12/H5,0) -> -0.03343949
A28: Operating margin before stock comp | B28: =IFERROR(B20/B5,0) -> -2.2074468 | C28: =IFERROR(C20/C5,0) -> -1.2947903 | D28: =IFERROR(D20/D5,0) -> -2.0144718 | E28: =IFERROR(E20/E5,0) -> -1.1088235 | F28: =IFERROR(F20/F5,0) -> -0.15704925 | G28: =IFERROR(G20/G5,0) -> 0.19342276 | H28: =IFERROR(H20/H5,0) -> 0.029665015
A29: Stock comp % of revenue | B29: =IFERROR(B19/B5,0) -> 0.27925532 | C29: =IFERROR(C19/C5,0) -> 0.22998729 | D29: =IFERROR(D19/D5,0) -> 0.22069465 | E29: =IFERROR(E19/E5,0) -> 0.28137255 | F29: =IFERROR(F19/F5,0) -> 0.19530755 | G29: =IFERROR(G19/G5,0) -> 0.10913025 | H29: =IFERROR(H19/H5,0) -> 0.063104506
A30: Revenue growth vs prior quarter | C30: =IFERROR(C5/B5-1,0) -> 1.0930851 | D30: =IFERROR(D5/C5-1,0) -> 0.75603558 | E30: =IFERROR(E5/D5-1,0) -> 0.47612156 | F30: =IFERROR(F5/E5-1,0) -> 1.3191176 | G30: =IFERROR(G5/F5-1,0) -> 1.4424012 | H30: =IFERROR(H5/G5-1,0) -> 0.4674167 | I30: =IFERROR(I5/H5-1,0) -> -1
A31: Revenue added vs prior quarter ($mm) | C31: =C5-B5 -> 411 | D31: =D5-C5 -> 595 | E31: =E5-D5 -> 658 | F31: =F5-E5 -> 2691 | G31: =G5-F5 -> 6824 | H31: =H5-G5 -> 5401 | I31: =I5-H5 -> -16956
A32: Check: Q1+Q2 2026 revenue less H1 2026 (should be 0) | G32: =F5+G5-F35 -> 0
A33: Check: 2025 quarters less 2025 revenue (should be 0) | G33: =B5+C5+D5+E5-D35 -> 0
A34: Annual & half-year income statement | B34: 2023 | C34: 2024 | D34: 2025 | E34: H1 2025 | F34: H1 2026
A35: Revenue | B35: 41 | C35: 386 | D35: 4585 | E35: 1163 | F35: 16286
A36: Compute and infrastructure | B36: 433 | C36: 2522 | D36: 7326 | E36: 2334 | F36: 8945
A37: Personnel (incl. stock comp) | B37: 95 | C37: 454 | D37: 1839 | E37: 538 | F37: 3152
A38: Bartz settlement (one-time) | B38: 0 | C38: 0 | D38: 1500 | E38: 0 | F38: 0
A39: Sales, marketing, and partnerships | B39: 2 | C39: 43 | D39: 568 | E39: 120 | F39: 3168
A40: Other operating and administrative | B40: 62 | C40: 347 | D40: 1412 | E40: 306 | F40: 1714
A41: Total operating expenses | B41: =SUM(B36:B40) -> 592 | C41: =SUM(C36:C40) -> 3366 | D41: =SUM(D36:D40) -> 12645 | E41: =SUM(E36:E40) -> 3298 | F41: =SUM(F36:F40) -> 16979
A42: Operating income (loss) | B42: =B35-B41 -> -551 | C42: =C35-C41 -> -2980 | D42: =D35-D41 -> -8060 | E42: =E35-E41 -> -2135 | F42: =F35-F41 -> -693
A43: Interest income | B43: 69 | C43: 106 | D43: 431 | E43: 115 | F43: 1111
A44: Change in fair value of convertible notes etc. (non-cash) | B44: -1045 | C44: -5434 | D44: -34308 | E44: -10942 | F44: -72388
A45: Other income (expense), net | B45: -2 | C45: 0 | D45: -8 | E45: 0 | F45: -8757
A46: Loss before income taxes | B46: =B42+B43+B44+B45 -> -1529 | C46: =C42+C43+C44+C45 -> -8308 | D46: =D42+D43+D44+D45 -> -41945 | E46: =E42+E43+E44+E45 -> -12962 | F46: =F42+F43+F44+F45 -> -80727
A47: Provision for income taxes | B47: 2 | C47: 1 | D47: 20 | E47: 7 | F47: 21
A48: Net income (loss) | B48: =B46-B47 -> -1531 | C48: =C46-C47 -> -8309 | D48: =D46-D47 -> -41965 | E48: =E46-E47 -> -12969 | F48: =F46-F47 -> -80748
A49: Stock-based compensation (cash flow statement) | B49: 29 | C49: 192 | D49: 1158 | E49: 279 | F49: 2185 | G49: Quarterly stock comp (row 19) is from the non-GAAP reconciliation; this row is from the cash flow statement. They differ slightly.
A50: Consumption-based revenue | B50: 39 | C50: 288 | D50: 3796 | E50: 983 | F50: 13064
A51: Subscription-based revenue | B51: 2 | C51: 98 | D51: 789 | E51: 180 | F51: 3222
A52: Check: revenue split ties (should be 0) | B52: =B50+B51-B35 -> 0 | C52: =C50+C51-C35 -> 0 | D52: =D50+D51-D35 -> 0 | E52: =E50+E51-E35 -> 0 | F52: =F50+F51-F35 -> 0
A53: United States revenue | B53: 34 | C53: 263 | D53: 3362 | E53: 820 | F53: 11763
A54: International revenue | B54: 7 | C54: 123 | D54: 1223 | E54: 343 | F54: 4523
A55: Cloud marketplace share of revenue | C55: 0.32 | D55: 0.47 | F55: 0.48
A57: Cash flow | B57: 2023 | C57: 2024 | D57: 2025 | E57: H1 2025 | F57: H1 2026
A58: Net cash from operating activities | B58: -1627 | C58: -5692 | D58: -2637 | E58: -1513 | F58: 3929
A59: Purchases of property & equipment | B59: -2 | C59: -15 | D59: -131 | E59: -18 | F59: -482
A60: Free cash flow (reported basis) | B60: =B58+B59 -> -1629 | C60: =C58+C59 -> -5707 | D60: =D58+D59 -> -2768 | E60: =E58+E59 -> -1531 | F60: =F58+F59 -> 3447
A61: Free cash flow margin (before stock comp) | B61: =IFERROR(B60/B35,0) -> -39.731707 | C61: =IFERROR(C60/C35,0) -> -14.784974 | D61: =IFERROR(D60/D35,0) -> -0.60370774 | E61: =IFERROR(E60/E35,0) -> -1.316423 | F61: =IFERROR(F60/F35,0) -> 0.21165418
A62: Free cash flow less stock comp | B62: =B60-B49 -> -1658 | C62: =C60-C49 -> -5899 | D62: =D60-D49 -> -3926 | E62: =E60-E49 -> -1810 | F62: =F60-F49 -> 1262
A64: Q3 2026 derivation
A66: Q4 2024 revenue ($mm) | B66: 197
A67: Q3 2026 revenue as multiple of Q4 2024 | B67: 86
A68: Check: 86x statement less reported Q3 2026 revenue ($mm) | B68: =B66*B67-H5 -> -14
A69: Cash, equivalents & short-term investments, Jun 30, 2026 | B69: 131651
A71: H1 2026 cash flow bridge ($mm) | B71: H1 2026 | C71: Source / note
A72: Operating income (loss) | B72: =F42 -> -693 | C72: Income statement
A73: + Interest income | B73: =F43 -> 1111 | C73: Income statement
A74: - Income taxes | B74: =-F47 -> -21 | C74: Income statement
A75: - Capital spending | B75: =F59 -> -482 | C75: Cash flow statement
A76: Subtotal: model comparator: earnings minus capex (after stock comp) | B76: =SUM(B72:B75) -> -85 | C76: Basis v1.1 used for the H2 2026 cash build
A77: + Stock-based compensation (non-cash) | B77: =F49 -> 2185 | C77: Cash flow statement
A78: + Donation-matching charge (non-cash, share-settled) | B78: 126 | C78: Cash flow statement: donation matching program liability
A79: Subtotal: model liquidity basis (no D&A, no working capital) | B79: =B76+B77+B78 -> 2226 | C79: Basis used for the H2 2026 cash roll-forward in v1.2
A80: + Depreciation & amortization | B80: 97 | C80: Cash flow statement
A81: + Other financial items, net of non-cash portion | B81: =F45+8720 -> -37 | C81: Other expense of $(8,757)M less $8,720M non-cash recognition of other financial instruments
A82: + Other operating adjustments | B82: -7 | C82: Cash flow statement
A83: + Working capital changes | B83: =-4982+2094+2679-3+1380 -> 1168 | C83: Receivables, prepaids, payables, leases, deferred revenue
A84: Total: free cash flow (reported basis) | B84: =SUM(B79:B83) -> 3447 | C84: Should equal Free cash flow above
A85: Check: bridge vs reported (should be 0) | B85: =B84-F60 -> 0
A86: Memo: free cash flow less stock comp | B86: =B84-B77 -> 1262 | C86: Reported free cash flow less stock comp; differs from row 76 by donation, D&A, other items and working capital
A88: Q3 2026 cash flow, model liquidity basis ($mm) | B88: Q3 2026 | C88: Source / note
A89: Operating income (loss) | B89: =H12 -> -567 | C89: S-1/A quarterly income statement
A90: + Interest income | B90: =H13 -> 1248 | C90: S-1/A quarterly income statement
A91: - Income taxes | B91: =-H17 -> -396 | C91: S-1/A quarterly income statement
A92: - Capital spending | B92: =-(925-482) -> -443 | C92: S-1/A cash flow: nine months $925M less H1 $482M
A93: + Stock-based compensation (non-cash) | B93: =3255-2185 -> 1070 | C93: S-1/A cash flow: nine months $3,255M less H1 $2,185M
A94: + Donation-matching charge (non-cash, share-settled) | B94: =2086-126 -> 1960 | C94: S-1/A: $1,960M non-cash charitable contribution in Q3 (inside other operating & administrative)
A95: Subtotal: Q3 2026 on the model liquidity basis | B95: =SUM(B89:B94) -> 2872 | C95: Same basis as the H1 bridge above (no D&A, no working capital)
A96: Memo: nine-month 2026 net cash from operating activities | B96: 6569 | C96: S-1/A cash flow statement (includes working capital)
A97: Cash, equivalents & short-term investments, Sep 30, 2026 | B97: 131845 | C97: S-1/A balance sheet. Starting cash for the Q4 2026 roll-forward

Sheet Inputs
A1: Assumptions
A2: Blue = input. Yellow = key assumption you can change. Green = link to another tab. Black = formula. Input checks are at the bottom of this tab.
A4: Shared settings | B4: Value | C4: Note
A5: Q3 2026 revenue (reported, $mm) | B5: =Historicals!H5 -> 16956 | C5: S-1/A, Nov 2, 2026: $16,956M (the original S-1 said 86x Q4 2024)
A6: Cash, equivalents & short-term investments, Jun 30, 2026 ($mm) | B6: =Historicals!B69 -> 131651 | C6: S-1 balance sheet
A7: Initial Public Benefit Fund issuance (shares) | B7: 846840960 | C7: S-1: 846,840,960 Class N shares contributed to the Anthropic Public Benefit Fund (Oct 2026)
A8: Issuance as % of June 30 fully diluted shares | B8: 0.05 | C8: S-1: 5% of fully diluted shares as of June 30, 2026, assuming full conversion of the Amazon notes
A9: June 30, 2026 fully diluted shares (mm) | B9: =B7/B8/1000000 -> 16936.819 | C9: Derived. Assumes this count includes options and RSUs outstanding at June 30 (definition not stated in the S-1). Excludes the Fund issuance
A10: Count the Fund issuance in economic shares? (1 = yes) | B10: 1 | C10: Held by a wholly owned subsidiary, so not outstanding for accounting; may be donated or sold, so counted as economic dilution
A11: RSUs added after June 30, 2026, net (mm) | B11: =B51+B52 -> 125.4 | C11: Q3 net change in performance-condition RSUs + service-only RSUs granted after Sep 30 (see rows below). Partial overlap: their future expense is also inside forecast stock comp
A12: Count post-June RSUs in economic shares? (1 = yes) | B12: 1 | C12: Counted as granted awards. Partial overlap: their future expense is also inside forecast stock comp
A13: October 2026 donation-matching shares (mm) | B13: 28 | C13: S-1 Note 17: ~28.0M Class N shares issued to settle the Q3 2026 donation-matching obligation
A14: RSU shares withheld for taxes at IPO (mm) | B14: 0 | C14: Blank in S-1. Net settlement reduces shares but costs cash (see next rows)
A15: Primary IPO proceeds to company ($mm) | B15: 0 | C15: Blank in S-1. Update from price-range amendment
A16: New shares issued in IPO (mm) | B16: 0 | C16: Blank in S-1. Update from price-range amendment
A17: Cash paid for RSU tax withholding at IPO ($mm) | B17: 0 | C17: Blank in S-1. Paid from IPO proceeds per S-1 use of proceeds; separate from the tax deduction
A18: Economic shares at valuation date (mm) | B18: =B9+B10*B7/1000000+B12*B11+B13-B14+B16 -> 17937.06 | C18: June fully diluted + Fund issuance + post-June RSUs + donation shares - shares withheld + IPO shares
A19: Discount rate | B19: 0.12 | C19: Annual return required on the equity
A20: Interest yield on cash | B20: 0.025 | C20: Q2 2026 actual ~2.3% a year. Applied to opening cash each year; no interest on a negative balance
A21: Weight on P/E method (rest on cash flow method) | B21: 0.5 | C21: Both methods use the same forecasts, so the blend is not independent confirmation
A22: Reference IPO valuation ($mm) | B22: 1500000 | C22: Low end of reported $1.5T-$2T range; sets the Public Benefit step starting price
A23: Reference IPO price per share | B23: =B22/B18 -> 83.625744 | C23: Derived on economic shares
A24: Board issues maximum Public Benefit shares? (1 = yes) | B24: 1 | C24: S-1: discretionary. Model assumes maximum issuance (conservative)
A25: Public Benefit issuance per step (% of shares) | B25: 0.02 | C25: S-1: up to an additional 2% each time the price rises 50% above the prior step
A26: Share price rise per step | B26: 0.5 | C26: S-1: a step requires a close above the threshold on 90 of 120 trading days and a 10-day average above it
A27: Global knowledge-work value pool ($mm) | B27: 40000000 | C27: S-1: knowledge work was more than $40 trillion of economic value in 2025. Sanity check only
A28: Target valuation for the $2T test ($mm) | B28: 2000000 | C28: Used on Summary
A29: Operating cash buffer (shortfall threshold, $mm) | B29: 5000 | C29: Assumed buffer; cash below it is a shortfall. Separate from the $5B liquidity covenant, whose definition may differ from cash. $0 shown as a sensitivity
A30: Equity issuance discount if funding is needed | B30: 0.15 | C30: Illustrative modeling assumption, not observed terms. 0% and 30% shown alongside
A31: Equity issuance fees | B31: 0.03 | C31: Illustrative
A32: Depreciation life of owned capacity (years) | B32: 5 | C32: Straight-line depreciation on capital spending from 2027
A33: Working capital change, % of revenue increase | B33: 0 | C33: H1 2026 working capital was a $1.17B inflow; default 0
A34: Value-share days to collect | B34: 0 | C34: Default 0 reproduces v1.1. Raising it delays value-share cash
A35: Value-share capex basis (1, 2 or 3) | B35: 1 | C35: 1 = company capex rate x net new revenue (v1.1 method); 2 = % of gross value-share revenue; 3 = none (capacity bought via extra-compute charge)
A36: Value-share capex % of gross value-share revenue (basis 2) | B36: 0.05 | C36: Used only when basis = 2
A37: Q3 2026 donation-matching charge ($mm, non-cash) | B37: =Historicals!B94 -> 1960 | C37: S-1/A: $1,960M non-cash charitable contribution, inside other operating & administrative; settled in shares in October 2026
A38: Minimum-liquidity covenant ($mm) | B38: 5000 | C38: S-1: A&R Credit Agreement requires liquidity of at least $5.0B at each quarter end from Q4 2026. 'Liquidity' is not defined in the S-1; cash is used as a proxy and may differ
A39: Share of compute spending eligible for prepaid credits | B39: 1 | C39: Prepaid credits cannot exceed eligible compute charges in a year; unused balance carries forward
A40: Years over which prepaid credits are scheduled (from 2028) | B40: 3 | C40: Scheduled credits accumulate; actual credits are capped by eligible charges and the remaining balance
A41: Cash, equivalents & short-term investments, Sep 30, 2026 ($mm) | B41: =Historicals!B97 -> 131845 | C41: S-1/A balance sheet. The cash roll-forward starts here (Q4 2026 flows only)
A42: Aggregate committed spend ($mm) | B42: 895400 | C42: S-1/A: ~$895.4B of purchase commitments and leases (incl. not yet commenced), substantially all compute and infrastructure
A43: Committed spend expected before Dec 31, 2030 ($mm) | B43: 447500 | C43: S-1/A: ~$447.5B; substantially all of the rest falls in 2031-2045
A44: Committed spend due in the 12 months after Sep 30, 2026 ($mm) | B44: 69800 | C44: S-1/A: ~$69.8B
A45: Commitments subject to termination rights or contingencies ($mm) | B45: 213800 | C45: S-1/A as reported: ~$213.8B. Used by stress S9
A46: Share of short-term commitments falling in Q4 2026 | B46: 0.25 | C46: Short-term commitments run one year or less; an even spread over the 12 months is assumed
A47: Short-term commitments ($mm) | B47: =17400+6600 -> 24000 | C47: S-1/A: $17.4B cancelable within a year or with terms of one year or less at Sep 30, plus $6.6B short-term agreements entered after Sep 30. Not in the dated table
A48: Leases executed but not yet commenced ($mm) | B48: 451200 | C48: S-1/A: commence mainly 2026-2028; terms under 1 to 20 years, ~10 years on average. Not in the dated table
A49: Commitments entered after Sep 30, 2026 ($mm) | B49: 100200 | C49: S-1/A: mainly data center leases and hosting agreements. Not in the dated table
A50: Contingent amount within the next 12 months ($mm) | B50: 4300 | C50: S-1/A: of the $69.8B due in the next 12 months, ~$4.3B is subject to termination rights or conditions
A51: Q3 2026 net change in performance-condition RSUs (mm) | B51: =1128-1049.6 -> 78.4 | C51: Performance RSUs outstanding: 1,049.6M at Jun 30 (S-1) and 1,128.0M at Sep 30 (S-1/A). Reflects the ~91M granted after June 30 less ~12.6M implied forfeitures
A52: Service-only RSUs granted after Sep 30, 2026 (mm) | B52: 47 | C52: S-1/A Note 17: ~47M RSUs with a service condition only. Different terms from the ~91M, so treated as additional
A54: Taxes | B54: Value | C54: Note
A55: Federal tax rate | B55: 0.21 | C55: US federal statutory rate
A56: Federal NOL carryforward at Dec 31, 2025 ($mm) | B56: 8200 | C56: S-1 income tax note: $8.2B, does not expire
A57: Federal NOL usage limit (% of taxable income) | B57: 0.8 | C57: Post-2017 federal NOLs offset up to 80% of taxable income
A58: Share of taxable income subject to state tax | B58: 0.72 | C58: Assumption. Proxy: US share of H1 2026 revenue (72%). Not company disclosure
A59: Blended state tax rate on that income | B59: 0.06 | C59: Assumption, not company disclosure. California's 8.84% is not applied to all income
A60: State NOL carryforwards at Dec 31, 2025 ($mm) | B60: 4200 | C60: S-1 income tax note: $4.2B, begin to expire in 2033
A61: State NOLs suspended in 2026? (1 = yes) | B61: 1 | C61: California suspended NOL deductions for 2024-2026 above $1M income; applied to all state NOLs for simplicity
A62: IPO-related RSU tax deduction ($mm) | B62: 0 | C62: Likely large but not quantified in the S-1. Default 0
A63: Year of RSU deduction | B63: 2026 | C63: Applies to federal and state taxable income in that year
A65: Year-based settings | B65: 2026 | C65: 2027 | D65: 2028 | E65: 2029 | F65: 2030
A66: Legacy v1.1 tax rate ramp (tax method 0 only) | B66: 0 | C66: 0.1 | D66: 0.15 | E66: 0.21 | F66: 0.21
A67: Capital spending % of core revenue | B67: 0.03 | C67: 0.04 | D67: 0.05 | E67: 0.05 | F67: 0.05
A68: Other taxable income adjustments ($mm) | B68: 0 | C68: 0 | D68: 0 | E68: 0 | F68: 0
A69: Contractual obligations table: payments due ($mm; 2026 = Q4; G = after 2030) | B69: 5231 | C69: 29165 | D69: 44357 | E69: 47752 | F69: 45070 | G69: 148418 | H69: S-1/A p.174, as of Sep 30, 2026: operating leases, finance leases and purchase commitments ($319,993M). Excludes short-term, not-yet-commenced and post-Sep 30 commitments
A70: Committed before 2030 but not in the dated table ($mm) | B70: =$B$43-SUM(B69:F69)-$B$47 -> 251925 | H70: Mostly leases not yet commenced and post-Sep 30 commitments. No complete annual schedule is disclosed; timing comes from the floor weights on each case
A71: Check: dated table + short-term + not commenced + post-Sep 30 less aggregate ($mm) | B71: =SUM(B69:G69)+$B$47+$B$48+$B$49-$B$42 -> -7 | H71: Small residual from rounding in the filing
A72: Capex: H1 2026 was 3% of revenue; the S-1 says Anthropic plans its own data centers. Taxable income here is a proxy (operating income + interest + adjustments - RSU deduction), not a tax return.
A74: Scenario levers | B74: Bear | C74: Base | D74: Bull | E74: Why | G74: S1 Flat revenue | H74: S2 Compute +20% | I74: S3 Half growth | J74: S4 Lower multiples | K74: S5 Discount +2pts | L74: S6 Combined | M74: T21 Tax 21% | N74: T25 Tax 25% | O74: T28 Tax 28% | P74: S7 Funding test | Q74: S8 Commitment floor | R74: S8E Floor, earlier timing | S74: S8L Floor, later timing | T74: S9 Contingent haircut | U74: S10 Compute base normalized
A75: Q4 2026 revenue ($mm) | B75: 18500 | C75: 21000 | D75: 24000 | E75: Q3 actual $16.96B. Bear +9%, base +24%, bull +42% vs Q3. Unchanged from v1.3.1 | G75: =$C75 -> 21000 | H75: =$C75 -> 21000 | I75: =$C75 -> 21000 | J75: =$C75 -> 21000 | K75: =$C75 -> 21000 | L75: =$C75 -> 21000 | M75: =$C75 -> 21000 | N75: =$C75 -> 21000 | ... U75: =$C75 -> 21000
A76: Subscription share of revenue (2027-2030) | B76: 0.22 | C76: 0.2 | D76: 0.18 | E76: H1 2026 actual: 19.8% | G76: =$C76 -> 0.2 | H76: =$C76 -> 0.2 | I76: =$C76 -> 0.2 | J76: =$C76 -> 0.2 | K76: =$C76 -> 0.2 | L76: =$C76 -> 0.2 | M76: =$C76 -> 0.2 | N76: =$C76 -> 0.2 | ... U76: =$C76 -> 0.2
A77: Revenue growth 2027 | B77: 0.6 | C77: 1 | D77: 1.5 | E77: Full-year growth | G77: =0 -> 0 | H77: =$C77 -> 1 | I77: =$C77*0.5 -> 0.5 | J77: =$C77 -> 1 | K77: =$C77 -> 1 | L77: =$C77*0.5 -> 0.5 | M77: =$C77 -> 1 | N77: =$C77 -> 1 | O77: =$C77 -> 1 | P77: =$C77 -> 1 | Q77: =$C77 -> 1 | R77: =$C77 -> 1 | S77: =$C77 -> 1 | T77: =$C77 -> 1 | U77: =$C77 -> 1
A78: Revenue growth 2028 | B78: 0.3 | C78: 0.55 | D78: 0.8 | G78: =0 -> 0 | H78: =$C78 -> 0.55 | I78: =$C78*0.5 -> 0.275 | J78: =$C78 -> 0.55 | K78: =$C78 -> 0.55 | L78: =$C78*0.5 -> 0.275 | M78: =$C78 -> 0.55 | N78: =$C78 -> 0.55 | O78: =$C78 -> 0.55 | P78: =$C78 -> 0.55 | Q78: =$C78 -> 0.55 | R78: =$C78 -> 0.55 | S78: =$C78 -> 0.55 | T78: =$C78 -> 0.55 | U78: =$C78 -> 0.55
A79: Revenue growth 2029 | B79: 0.2 | C79: 0.35 | D79: 0.5 | G79: =0 -> 0 | H79: =$C79 -> 0.35 | I79: =$C79*0.5 -> 0.175 | J79: =$C79 -> 0.35 | K79: =$C79 -> 0.35 | L79: =$C79*0.5 -> 0.175 | M79: =$C79 -> 0.35 | N79: =$C79 -> 0.35 | O79: =$C79 -> 0.35 | P79: =$C79 -> 0.35 | Q79: =$C79 -> 0.35 | R79: =$C79 -> 0.35 | S79: =$C79 -> 0.35 | T79: =$C79 -> 0.35 | U79: =$C79 -> 0.35
A80: Revenue growth 2030 | B80: 0.15 | C80: 0.25 | D80: 0.35 | G80: =0 -> 0 | H80: =$C80 -> 0.25 | I80: =$C80*0.5 -> 0.125 | J80: =$C80 -> 0.25 | K80: =$C80 -> 0.25 | L80: =$C80*0.5 -> 0.125 | M80: =$C80 -> 0.25 | N80: =$C80 -> 0.25 | O80: =$C80 -> 0.25 | P80: =$C80 -> 0.25 | Q80: =$C80 -> 0.25 | R80: =$C80 -> 0.25 | S80: =$C80 -> 0.25 | T80: =$C80 -> 0.25 | U80: =$C80 -> 0.25
A81: Compute % of revenue, Q4 2026 | B81: 0.5 | C81: 0.45 | D81: 0.42 | E81: Q3 2026 actual: 58% (incl. $5.0B short-term compute); Q2: 48%. Unchanged from v1.3.1. Sets the 2026 compute base that later growth compounds on | G81: =$C81 -> 0.45 | H81: =$C81 -> 0.45 | I81: =$C81 -> 0.45 | J81: =$C81 -> 0.45 | K81: =$C81 -> 0.45 | L81: =$C81 -> 0.45 | M81: =$C81 -> 0.45 | N81: =$C81 -> 0.45 | ... U81: =$C81 -> 0.45
A82: Compute spend growth 2027 | B82: 0.6 | C82: 0.7 | D82: 0.9 | E82: Compute is bought 12-18 months ahead and largely fixed; it grows on its own schedule. Note: Bear grows compute at the same rate as revenue | G82: =$C82 -> 0.7 | H82: =(1+$C82)*1.2-1 -> 1.04 | I82: =$C82 -> 0.7 | J82: =$C82 -> 0.7 | K82: =$C82 -> 0.7 | L82: =(1+$C82)*1.2-1 -> 1.04 | M82: =$C82 -> 0.7 | N82: =$C82 -> 0.7 | O82: =$C82 -> 0.7 | P82: =$C82 -> 0.7 | Q82: =$C82 -> 0.7 | R82: =$C82 -> 0.7 | S82: =$C82 -> 0.7 | T82: =$C82 -> 0.7 | U82: =$C82 -> 0.7
A83: Compute spend growth 2028 | B83: 0.3 | C83: 0.45 | D83: 0.6 | G83: =$C83 -> 0.45 | H83: =$C83 -> 0.45 | I83: =$C83 -> 0.45 | J83: =$C83 -> 0.45 | K83: =$C83 -> 0.45 | L83: =$C83 -> 0.45 | M83: =$C83 -> 0.45 | N83: =$C83 -> 0.45 | ... U83: =$C83 -> 0.45
A84: Compute spend growth 2029 | B84: 0.2 | C84: 0.3 | D84: 0.45 | G84: =$C84 -> 0.3 | H84: =$C84 -> 0.3 | I84: =$C84 -> 0.3 | J84: =$C84 -> 0.3 | K84: =$C84 -> 0.3 | L84: =$C84 -> 0.3 | M84: =$C84 -> 0.3 | N84: =$C84 -> 0.3 | ... U84: =$C84 -> 0.3
A85: Compute spend growth 2030 | B85: 0.15 | C85: 0.2 | D85: 0.3 | G85: =$C85 -> 0.2 | H85: =$C85 -> 0.2 | I85: =$C85 -> 0.2 | J85: =$C85 -> 0.2 | K85: =$C85 -> 0.2 | L85: =$C85 -> 0.2 | M85: =$C85 -> 0.2 | N85: =$C85 -> 0.2 | ... U85: =$C85 -> 0.2
A86: Personnel % of revenue 2027 | B86: 0.16 | C86: 0.14 | D86: 0.13 | E86: Q2 2026 actual: 16% | G86: =$C86 -> 0.14 | H86: =$C86 -> 0.14 | I86: =$C86 -> 0.14 | J86: =$C86 -> 0.14 | K86: =$C86 -> 0.14 | L86: =$C86 -> 0.14 | M86: =$C86 -> 0.14 | N86: =$C86 -> 0.14 | ... U86: =$C86 -> 0.14
A87: Personnel % of revenue 2028 | B87: 0.15 | C87: 0.13 | D87: 0.12 | G87: =$C87 -> 0.13 | H87: =$C87 -> 0.13 | I87: =$C87 -> 0.13 | J87: =$C87 -> 0.13 | K87: =$C87 -> 0.13 | L87: =$C87 -> 0.13 | M87: =$C87 -> 0.13 | N87: =$C87 -> 0.13 | ... U87: =$C87 -> 0.13
A88: Personnel % of revenue 2029 | B88: 0.14 | C88: 0.12 | D88: 0.11 | G88: =$C88 -> 0.12 | H88: =$C88 -> 0.12 | I88: =$C88 -> 0.12 | J88: =$C88 -> 0.12 | K88: =$C88 -> 0.12 | L88: =$C88 -> 0.12 | M88: =$C88 -> 0.12 | N88: =$C88 -> 0.12 | ... U88: =$C88 -> 0.12
A89: Personnel % of revenue 2030 | B89: 0.13 | C89: 0.11 | D89: 0.1 | G89: =$C89 -> 0.11 | H89: =$C89 -> 0.11 | I89: =$C89 -> 0.11 | J89: =$C89 -> 0.11 | K89: =$C89 -> 0.11 | L89: =$C89 -> 0.11 | M89: =$C89 -> 0.11 | N89: =$C89 -> 0.11 | ... U89: =$C89 -> 0.11
A90: Stock comp % of revenue (inside personnel) 2027 | B90: 0.1 | C90: 0.09 | D90: 0.08 | E90: Q2 2026 actual: 11% | G90: =$C90 -> 0.09 | H90: =$C90 -> 0.09 | I90: =$C90 -> 0.09 | J90: =$C90 -> 0.09 | K90: =$C90 -> 0.09 | L90: =$C90 -> 0.09 | M90: =$C90 -> 0.09 | N90: =$C90 -> 0.09 | ... U90: =$C90 -> 0.09
A91: Stock comp % of revenue (inside personnel) 2028 | B91: 0.09 | C91: 0.08 | D91: 0.07 | G91: =$C91 -> 0.08 | H91: =$C91 -> 0.08 | I91: =$C91 -> 0.08 | J91: =$C91 -> 0.08 | K91: =$C91 -> 0.08 | L91: =$C91 -> 0.08 | M91: =$C91 -> 0.08 | N91: =$C91 -> 0.08 | ... U91: =$C91 -> 0.08
A92: Stock comp % of revenue (inside personnel) 2029 | B92: 0.08 | C92: 0.07 | D92: 0.06 | G92: =$C92 -> 0.07 | H92: =$C92 -> 0.07 | I92: =$C92 -> 0.07 | J92: =$C92 -> 0.07 | K92: =$C92 -> 0.07 | L92: =$C92 -> 0.07 | M92: =$C92 -> 0.07 | N92: =$C92 -> 0.07 | ... U92: =$C92 -> 0.07
A93: Stock comp % of revenue (inside personnel) 2030 | B93: 0.07 | C93: 0.06 | D93: 0.05 | G93: =$C93 -> 0.06 | H93: =$C93 -> 0.06 | I93: =$C93 -> 0.06 | J93: =$C93 -> 0.06 | K93: =$C93 -> 0.06 | L93: =$C93 -> 0.06 | M93: =$C93 -> 0.06 | N93: =$C93 -> 0.06 | ... U93: =$C93 -> 0.06
A94: Sales, marketing & partner fees % of revenue 2027 | B94: 0.18 | C94: 0.17 | D94: 0.16 | E94: Q2 2026 actual: 18% | G94: =$C94 -> 0.17 | H94: =$C94 -> 0.17 | I94: =$C94 -> 0.17 | J94: =$C94 -> 0.17 | K94: =$C94 -> 0.17 | L94: =$C94 -> 0.17 | M94: =$C94 -> 0.17 | N94: =$C94 -> 0.17 | ... U94: =$C94 -> 0.17
A95: Sales, marketing & partner fees % of revenue 2028 | B95: 0.17 | C95: 0.16 | D95: 0.15 | G95: =$C95 -> 0.16 | H95: =$C95 -> 0.16 | I95: =$C95 -> 0.16 | J95: =$C95 -> 0.16 | K95: =$C95 -> 0.16 | L95: =$C95 -> 0.16 | M95: =$C95 -> 0.16 | N95: =$C95 -> 0.16 | ... U95: =$C95 -> 0.16
A96: Sales, marketing & partner fees % of revenue 2029 | B96: 0.16 | C96: 0.15 | D96: 0.14 | G96: =$C96 -> 0.15 | H96: =$C96 -> 0.15 | I96: =$C96 -> 0.15 | J96: =$C96 -> 0.15 | K96: =$C96 -> 0.15 | L96: =$C96 -> 0.15 | M96: =$C96 -> 0.15 | N96: =$C96 -> 0.15 | ... U96: =$C96 -> 0.15
A97: Sales, marketing & partner fees % of revenue 2030 | B97: 0.16 | C97: 0.15 | D97: 0.13 | G97: =$C97 -> 0.15 | H97: =$C97 -> 0.15 | I97: =$C97 -> 0.15 | J97: =$C97 -> 0.15 | K97: =$C97 -> 0.15 | L97: =$C97 -> 0.15 | M97: =$C97 -> 0.15 | N97: =$C97 -> 0.15 | ... U97: =$C97 -> 0.15
A98: Other opex % of revenue 2027 | B98: 0.09 | C98: 0.08 | D98: 0.07 | E98: Q2 2026 actual: 9% | G98: =$C98 -> 0.08 | H98: =$C98 -> 0.08 | I98: =$C98 -> 0.08 | J98: =$C98 -> 0.08 | K98: =$C98 -> 0.08 | L98: =$C98 -> 0.08 | M98: =$C98 -> 0.08 | N98: =$C98 -> 0.08 | ... U98: =$C98 -> 0.08
A99: Other opex % of revenue 2028 | B99: 0.08 | C99: 0.07 | D99: 0.06 | G99: =$C99 -> 0.07 | H99: =$C99 -> 0.07 | I99: =$C99 -> 0.07 | J99: =$C99 -> 0.07 | K99: =$C99 -> 0.07 | L99: =$C99 -> 0.07 | M99: =$C99 -> 0.07 | N99: =$C99 -> 0.07 | ... U99: =$C99 -> 0.07
A100: Other opex % of revenue 2029 | B100: 0.07 | C100: 0.06 | D100: 0.05 | G100: =$C100 -> 0.06 | H100: =$C100 -> 0.06 | I100: =$C100 -> 0.06 | J100: =$C100 -> 0.06 | K100: =$C100 -> 0.06 | L100: =$C100 -> 0.06 | M100: =$C100 -> 0.06 | N100: =$C100 -> 0.06 | ... U100: =$C100 -> 0.06
A101: Other opex % of revenue 2030 | B101: 0.07 | C101: 0.06 | D101: 0.05 | G101: =$C101 -> 0.06 | H101: =$C101 -> 0.06 | I101: =$C101 -> 0.06 | J101: =$C101 -> 0.06 | K101: =$C101 -> 0.06 | L101: =$C101 -> 0.06 | M101: =$C101 -> 0.06 | N101: =$C101 -> 0.06 | ... U101: =$C101 -> 0.06
A102: Exit P/E on 2030 after-tax operating earnings | B102: 20 | C102: 30 | D102: 35 | E102: Earnings after stock comp, depreciation and tax | G102: =$C102 -> 30 | H102: =$C102 -> 30 | I102: =$C102 -> 30 | J102: =$C102*0.75 -> 22.5 | K102: =$C102 -> 30 | L102: =$C102*0.75 -> 22.5 | M102: =$C102 -> 30 | N102: =$C102 -> 30 | O102: =$C102 -> 30 | P102: =$C102 -> 30 | Q102: =$C102 -> 30 | R102: =$C102 -> 30 | S102: =$C102 -> 30 | T102: =$C102 -> 30 | U102: =$C102 -> 30
A103: Exit multiple of 2030 economic cash flow | B103: 18 | C103: 28 | D103: 32 | E103: Used in the cash flow method | G103: =$C103 -> 28 | H103: =$C103 -> 28 | I103: =$C103 -> 28 | J103: =$C103*0.75 -> 21 | K103: =$C103 -> 28 | L103: =$C103*0.75 -> 21 | M103: =$C103 -> 28 | N103: =$C103 -> 28 | O103: =$C103 -> 28 | P103: =$C103 -> 28 | Q103: =$C103 -> 28 | R103: =$C103 -> 28 | S103: =$C103 -> 28 | T103: =$C103 -> 28 | U103: =$C103 -> 28
A104: Discount rate add-on (points) | B104: 0 | C104: 0 | D104: 0 | E104: Added to the shared discount rate | G104: =$C104 -> 0 | H104: =$C104 -> 0 | I104: =$C104 -> 0 | J104: =$C104 -> 0 | K104: =0.02 -> 0.02 | L104: =0.02 -> 0.02 | M104: =$C104 -> 0 | N104: =$C104 -> 0 | O104: =$C104 -> 0 | P104: =$C104 -> 0 | Q104: =$C104 -> 0 | R104: =$C104 -> 0 | S104: =$C104 -> 0 | T104: =$C104 -> 0 | U104: =$C104 -> 0
...

Sheet Bear
A1: Bear — projections, cash and valuation ($ millions except per share)
A2: 2026E = H1 2026 actual + Q3 2026 actual (S-1/A) + assumed Q4. Compute is forecast as cash spending (hosting, leases and owned capacity all treated as paid when expensed); the S-1 gives no payment schedule.
A4: Core business: income statement | B4: 2025A | C4: 2026E | D4: 2027E | E4: 2028E | F4: 2029E | G4: 2030E
A5: Revenue | B5: =Historicals!D35 -> 4585 | C5: =Historicals!F35+(Inputs!$B$5+Inputs!$B$75) -> 51742 | D5: =C5*(1+Inputs!$B$77) -> 82787.2 | E5: =D5*(1+Inputs!$B$78) -> 107623.36 | F5: =E5*(1+Inputs!$B$79) -> 129148.03 | G5: =F5*(1+Inputs!$B$80) -> 148520.24
A6: Growth | C6: =IFERROR(C5/B5-1,0) -> 10.28506 | D6: =IFERROR(D5/C5-1,0) -> 0.6 | E6: =IFERROR(E5/D5-1,0) -> 0.3 | F6: =IFERROR(F5/E5-1,0) -> 0.2 | G6: =IFERROR(G5/F5-1,0) -> 0.15
A7: Subscription revenue | B7: =Historicals!D51 -> 789 | C7: =Historicals!F51+(Inputs!$B$5+Inputs!$B$75)*Historicals!F51/Historicals!F35 -> 10236.567 | D7: =D5*Inputs!$B$76 -> 18213.184 | E7: =E5*Inputs!$B$76 -> 23677.139 | F7: =F5*Inputs!$B$76 -> 28412.567 | G7: =G5*Inputs!$B$76 -> 32674.452
A8: Consumption revenue | B8: =B5-B7 -> 3796 | C8: =C5-C7 -> 41505.433 | D8: =D5-D7 -> 64574.016 | E8: =E5-E7 -> 83946.221 | F8: =F5-F7 -> 100735.46 | G8: =G5-G7 -> 115845.78
A9: Compute on its own growth schedule (before any commitment floor) | C9: =Historicals!F36+Historicals!H6+Inputs!$B$75*Inputs!$B$81 -> 28058 | D9: =(C9-Inputs!$B$113)*(1+Inputs!$B$82) -> 44892.8 | E9: =D9*(1+Inputs!$B$83) -> 58360.64 | F9: =E9*(1+Inputs!$B$84) -> 70032.768 | G9: =F9*(1+Inputs!$B$85) -> 80537.683
A10: Compute and infrastructure | B10: =Historicals!D36 -> 7326 | C10: =Historicals!F36+Historicals!H6+MAX(Inputs!$B$75*Inputs!$B$81,Inputs!$B$108*C22) -> 28058 | D10: =MAX(D9,Inputs!$B$108*D22) -> 44892.8 | E10: =MAX(E9,Inputs!$B$108*E22) -> 58360.64 | F10: =MAX(F9,Inputs!$B$108*F22) -> 70032.768 | G10: =MAX(G9,Inputs!$B$108*G22) -> 80537.683
A11: Personnel (incl. stock comp) | B11: =Historicals!D37 -> 1839 | C11: =Historicals!F37+Historicals!H7+Inputs!$B$75*Historicals!H24 -> 6729.8023 | D11: =D5*Inputs!$B$86 -> 13245.952 | E11: =E5*Inputs!$B$87 -> 16143.504 | F11: =F5*Inputs!$B$88 -> 18080.724 | G11: =G5*Inputs!$B$89 -> 19307.631
A12: of which stock comp | B12: =Historicals!D49 -> 1158 | C12: =Historicals!F49+Historicals!H19+Inputs!$B$75*Historicals!H29 -> 4422.4334 | D12: =D5*Inputs!$B$90 -> 8278.72 | E12: =E5*Inputs!$B$91 -> 9686.1024 | F12: =F5*Inputs!$B$92 -> 10331.843 | G12: =G5*Inputs!$B$93 -> 10396.417
A13: Sales, marketing & partner fees | B13: =Historicals!D39 -> 568 | C13: =Historicals!F39+Historicals!H9+Inputs!$B$75*Historicals!H25 -> 8104.9908 | D13: =D5*Inputs!$B$94 -> 14901.696 | E13: =E5*Inputs!$B$95 -> 18295.971 | F13: =F5*Inputs!$B$96 -> 20663.685 | G13: =G5*Inputs!$B$97 -> 23763.238
A14: Other operating & administrative | B14: =Historicals!D40 -> 1412 | C14: =Historicals!F40+Historicals!H10-Inputs!$B$37+Inputs!$B$75*(Historicals!H10-Inputs!$B$37)/Historicals!H5 -> 5118.2444 | D14: =D5*Inputs!$B$98 -> 7450.848 | E14: =E5*Inputs!$B$99 -> 8609.8688 | F14: =F5*Inputs!$B$100 -> 9040.3622 | G14: =G5*Inputs!$B$101 -> 10396.417
A15: One-time items (2025 Bartz settlement; 2026 Q3 donation-matching charge) | B15: =Historicals!D38 -> 1500 | C15: =Inputs!$B$37 -> 1960 | D15: 0 | E15: 0 | F15: 0 | G15: 0
A16: Total operating expenses | B16: =B10+B11+B13+B14+B15 -> 12645 | C16: =C10+C11+C13+C14+C15 -> 49971.038 | D16: =D10+D11+D13+D14+D15 -> 80491.296 | E16: =E10+E11+E13+E14+E15 -> 101409.98 | F16: =F10+F11+F13+F14+F15 -> 117817.54 | G16: =G10+G11+G13+G14+G15 -> 134004.97
A17: Operating income before depreciation of new owned capacity | B17: =B5-B16 -> -8060 | C17: =C5-C16 -> 1770.9625 | D17: =D5-D16 -> 2295.904 | E17: =E5-E16 -> 6213.376 | F17: =F5-F16 -> 11330.492 | G17: =G5-G16 -> 14515.268
A18: Margin | B18: =IFERROR(B17/B5,0) -> -1.7579062 | C18: =IFERROR(C17/C5,0) -> 0.034226789 | D18: =IFERROR(D17/D5,0) -> 0.027732596 | E18: =IFERROR(E17/E5,0) -> 0.057732596 | F18: =IFERROR(F17/F5,0) -> 0.087732596 | G18: =IFERROR(G17/G5,0) -> 0.097732596
A19: Compute % of revenue | B19: =IFERROR(B10/B5,0) -> 1.597819 | C19: =IFERROR(C10/C5,0) -> 0.5422674 | D19: =IFERROR(D10/D5,0) -> 0.5422674 | E19: =IFERROR(E10/E5,0) -> 0.5422674 | F19: =IFERROR(F10/F5,0) -> 0.5422674 | G19: =IFERROR(G10/G5,0) -> 0.5422674
A20: Non-cash donation-matching charges (incl. in costs above) | C20: =Historicals!$B$78+Inputs!$B$37 -> 2086 | D20: 0 | E20: 0 | F20: 0 | G20: 0
A21: Discount factor to end 2026 | D21: =1/(1+Inputs!$B$19+Inputs!$B$104)^1 -> 0.89285714 | E21: =1/(1+Inputs!$B$19+Inputs!$B$104)^2 -> 0.79719388 | F21: =1/(1+Inputs!$B$19+Inputs!$B$104)^3 -> 0.71178025 | G21: =1/(1+Inputs!$B$19+Inputs!$B$104)^4 -> 0.63551808
A22: Committed compute floor ($mm; dated table + short-term + undated remainder by floor weights; 2026 = Q4) | C22: =Inputs!B$69+Inputs!$B$47*Inputs!$B$46 -> 11231 | D22: =Inputs!C$69+Inputs!$B$47*(1-Inputs!$B$46)+Inputs!$B$70*Inputs!$B$109 -> 97550 | E22: =Inputs!D$69+Inputs!$B$70*Inputs!$B$110 -> 107338.25 | F22: =Inputs!E$69+Inputs!$B$70*Inputs!$B$111 -> 117031.38 | G22: =Inputs!F$69+Inputs!$B$70*Inputs!$B$112 -> 114349.38
A23: Third business line: value-share partnerships (hypothetical)
A24: Share of core revenue base under value-share | C24: 0 | D24: =Inputs!$B$118 -> 0.005 | E24: =Inputs!$B$119 -> 0.015 | F24: =Inputs!$B$120 -> 0.03 | G24: =Inputs!$B$121 -> 0.05
A25: Revenue base moved to value-share | C25: =C5*C24 -> 0 | D25: =D5*D24 -> 413.936 | E25: =E5*E24 -> 1614.3504 | F25: =F5*F24 -> 3874.441 | G25: =G5*G24 -> 7426.0118
A26: Value created per $1 of Claude spend | C26: =Inputs!$B$122 -> 4 | D26: =Inputs!$B$122 -> 4 | E26: =Inputs!$B$122 -> 4 | F26: =Inputs!$B$122 -> 4 | G26: =Inputs!$B$122 -> 4
A27: Economic value created for partners | C27: =C25*C26 -> 0 | D27: =D25*D26 -> 1655.744 | E27: =E25*E26 -> 6457.4016 | F27: =F25*F26 -> 15497.764 | G27: =G25*G26 -> 29704.047
A28: Anthropic's cut | C28: =Inputs!$B$123 -> 0.1 | D28: =Inputs!$B$123 -> 0.1 | E28: =Inputs!$B$123 -> 0.1 | F28: =Inputs!$B$123 -> 0.1 | G28: =Inputs!$B$123 -> 0.1
A29: Value-share revenue (gross) | C29: =C27*C28 -> 0 | D29: =D27*D28 -> 165.5744 | E29: =E27*E28 -> 645.74016 | F29: =F27*F28 -> 1549.7764 | G29: =G27*G28 -> 2970.4047
A30: Token revenue given up | C30: =C25*Inputs!$B$124 -> 0 | D30: =D25*Inputs!$B$124 -> 206.968 | E30: =E25*Inputs!$B$124 -> 807.1752 | F30: =F25*Inputs!$B$124 -> 1937.2205 | G30: =G25*Inputs!$B$124 -> 3713.0059
A31: Net new revenue | C31: =C29-C30 -> 0 | D31: =D29-D30 -> -41.3936 | E31: =E29-E30 -> -161.43504 | F31: =F29-F30 -> -387.4441 | G31: =G29-G30 -> -742.60118
A32: Delivery cost | C32: =C29*Inputs!$B$125 -> 0 | D32: =D29*Inputs!$B$125 -> 49.67232 | E32: =E29*Inputs!$B$125 -> 193.72205 | F32: =F29*Inputs!$B$125 -> 464.93292 | G32: =G29*Inputs!$B$125 -> 891.12142
A33: Extra compute | C33: =C29*Inputs!$B$126 -> 0 | D33: =D29*Inputs!$B$126 -> 41.3936 | E33: =E29*Inputs!$B$126 -> 161.43504 | F33: =F29*Inputs!$B$126 -> 387.4441 | G33: =G29*Inputs!$B$126 -> 742.60118
A34: Selling, partner fees & overhead | C34: =C29*Inputs!$B$127 -> 0 | D34: =D29*Inputs!$B$127 -> 24.83616 | E34: =E29*Inputs!$B$127 -> 96.861024 | F34: =F29*Inputs!$B$127 -> 232.46646 | G34: =G29*Inputs!$B$127 -> 445.56071
A35: Value-share operating contribution | C35: =C29-C30-C32-C33-C34 -> 0 | D35: =D29-D30-D32-D33-D34 -> -157.29568 | E35: =E29-E30-E32-E33-E34 -> -613.45315 | F35: =F29-F30-F32-F33-F34 -> -1472.2876 | G35: =G29-G30-G32-G33-G34 -> -2821.8845
A36: Value created as % of $40T knowledge-work pool | C36: =IFERROR(C27/Inputs!$B$27,0) -> 0 | D36: =IFERROR(D27/Inputs!$B$27,0) -> 4.13936e-05 | E36: =IFERROR(E27/Inputs!$B$27,0) -> 0.00016143504 | F36: =IFERROR(F27/Inputs!$B$27,0) -> 0.0003874441 | G36: =IFERROR(G27/Inputs!$B$27,0) -> 0.00074260118
A37: Value-share capital spending (per selected basis) | C37: =CHOOSE(Inputs!$B$35,C31*Inputs!B$67,C29*Inputs!$B$36,0) -> 0 | D37: =CHOOSE(Inputs!$B$35,D31*Inputs!C$67,D29*Inputs!$B$36,0) -> -1.655744 | E37: =CHOOSE(Inputs!$B$35,E31*Inputs!D$67,E29*Inputs!$B$36,0) -> -8.071752 | F37: =CHOOSE(Inputs!$B$35,F31*Inputs!E$67,F29*Inputs!$B$36,0) -> -19.372205 | G37: =CHOOSE(Inputs!$B$35,G31*Inputs!F$67,G29*Inputs!$B$36,0) -> -37.130059
A38: Value-share collection timing (working capital) | C38: 0 | D38: =-(D29-C29)*Inputs!$B$34/365 -> 0 | E38: =-(E29-D29)*Inputs!$B$34/365 -> 0 | F38: =-(F29-E29)*Inputs!$B$34/365 -> 0 | G38: =-(G29-F29)*Inputs!$B$34/365 -> 0
A40: Prepaid compute roll-forward (cash paid ahead of use)
A41: Prepaid balance, opening | C41: 0 | D41: =C46 -> 0 | E41: =D46 -> 0 | F41: =E46 -> 0 | G41: =F46 -> 0
A42: Prepayment paid (start of year) | C42: 0 | D42: =Inputs!$B$107 -> 0 | E42: 0 | F42: 0 | G42: 0
A43: Scheduled credits available (cumulative scheduled less used) | C43: =MAX(0,0) -> 0 | D43: =MAX(0,0) -> 0 | E43: =MAX(0,$D$42/Inputs!$B$40*MIN(1,Inputs!$B$40)-SUM($C45:D45)) -> 0 | F43: =MAX(0,$D$42/Inputs!$B$40*MIN(2,Inputs!$B$40)-SUM($C45:E45)) -> 0 | G43: =MAX(0,$D$42/Inputs!$B$40*MIN(3,Inputs!$B$40)-SUM($C45:F45)) -> 0
A44: Eligible compute charges this year | C44: =C10*Inputs!$B$39 -> 28058 | D44: =D10*Inputs!$B$39 -> 44892.8 | E44: =E10*Inputs!$B$39 -> 58360.64 | F44: =F10*Inputs!$B$39 -> 70032.768 | G44: =G10*Inputs!$B$39 -> 80537.683
A45: Credits used (capped by balance, schedule and eligible charges) | C45: =MAX(0,MIN(C41+C42,C43,C44)) -> 0 | D45: =MAX(0,MIN(D41+D42,D43,D44)) -> 0 | E45: =MAX(0,MIN(E41+E42,E43,E44)) -> 0 | F45: =MAX(0,MIN(F41+F42,F43,F44)) -> 0 | G45: =MAX(0,MIN(G41+G42,G43,G44)) -> 0
A46: Prepaid balance, closing | C46: =C41+C42-C45 -> 0 | D46: =D41+D42-D45 -> 0 | E46: =E41+E42-E45 -> 0 | F46: =F41+F42-F45 -> 0 | G46: =G41+G42-G45 -> 0
A48: Core business (tokens + subscriptions): earnings, taxes, cash
A49: Revenue | C49: =C5 -> 51742 | D49: =D5 -> 82787.2 | E49: =E5 -> 107623.36 | F49: =F5 -> 129148.03 | G49: =G5 -> 148520.24
A50: Operating income before depreciation of new owned capacity | C50: =C17 -> 1770.9625 | D50: =D17 -> 2295.904 | E50: =E17 -> 6213.376 | F50: =F17 -> 11330.492 | G50: =G17 -> 14515.268
A51: Capital spending | C51: =C5*Inputs!B$67 -> 1552.26 | D51: =D5*Inputs!C$67 -> 3311.488 | E51: =E5*Inputs!D$67 -> 5381.168 | F51: =F5*Inputs!E$67 -> 6457.4016 | G51: =G5*Inputs!F$67 -> 7426.0118
A52: Depreciation of owned capacity bought from 2027 | C52: 0 | D52: =SUMPRODUCT($D51:D51,--((4-COLUMN($D51:D51))<Inputs!$B$32))/Inputs!$B$32 -> 662.2976 | E52: =SUMPRODUCT($D51:E51,--((5-COLUMN($D51:E51))<Inputs!$B$32))/Inputs!$B$32 -> 1738.5312 | F52: =SUMPRODUCT($D51:F51,--((6-COLUMN($D51:F51))<Inputs!$B$32))/Inputs!$B$32 -> 3030.0115 | G52: =SUMPRODUCT($D51:G51,--((7-COLUMN($D51:G51))<Inputs!$B$32))/Inputs!$B$32 -> 4515.2139
A53: Operating income (earnings basis, after stock comp) | C53: =C50-C52 -> 1770.9625 | D53: =D50-D52 -> 1633.6064 | E53: =E50-E52 -> 4474.8448 | F53: =F50-F52 -> 8300.4806 | G53: =G50-G52 -> 10000.054
A54: Operating margin | C54: =IFERROR(C53/C49,0) -> 0.034226789 | D54: =IFERROR(D53/D49,0) -> 0.019732596 | E54: =IFERROR(E53/E49,0) -> 0.04157875 | F54: =IFERROR(F53/F49,0) -> 0.064271058 | G54: =IFERROR(G53/G49,0) -> 0.067331259
A55: Interest income (on opening cash) | C55: =Historicals!F43+Historicals!H13+C80*Inputs!$B$20/4 -> 3183.0312 | D55: =MAX(0,D80-D81)*Inputs!$B$20 -> 3406.1019 | E55: =MAX(0,E80-E81)*Inputs!$B$20 -> 3667.5411 | F55: =MAX(0,F80-F81)*Inputs!$B$20 -> 3975.1452 | G55: =MAX(0,G80-G81)*Inputs!$B$20 -> 4379.7266
A56: Other taxable income adjustments | C56: =Inputs!B$68 -> 0 | D56: =Inputs!C$68 -> 0 | E56: =Inputs!D$68 -> 0 | F56: =Inputs!E$68 -> 0 | G56: =Inputs!F$68 -> 0
A57: IPO RSU tax deduction | C57: =IF(Inputs!$B$63=2026,Inputs!$B$62,0) -> 0 | D57: =IF(Inputs!$B$63=2027,Inputs!$B$62,0) -> 0 | E57: =IF(Inputs!$B$63=2028,Inputs!$B$62,0) -> 0 | F57: =IF(Inputs!$B$63=2029,Inputs!$B$62,0) -> 0 | G57: =IF(Inputs!$B$63=2030,Inputs!$B$62,0) -> 0
A58: Taxable income proxy | C58: =C53+C55+C56-C57 -> 4953.9937 | D58: =D53+D55+D56-D57 -> 5039.7083 | E58: =E53+E55+E56-E57 -> 8142.3859 | F58: =F53+F55+F56-F57 -> 12275.626 | G58: =G53+G55+G56-G57 -> 14379.781
A59: State taxable base (apportioned) | C59: =C58*Inputs!$B$58 -> 3566.8755 | D59: =D58*Inputs!$B$58 -> 3628.59 | E59: =E58*Inputs!$B$58 -> 5862.5179 | F59: =F58*Inputs!$B$58 -> 8838.4506 | G59: =G58*Inputs!$B$58 -> 10353.442
A60: State NOL, opening | C60: =Inputs!$B$60 -> 4200 | D60: =C62 -> 4200 | E60: =D62 -> 571.41004 | F60: =E62 -> 0 | G60: =F62 -> 0
A61: State NOL used | C61: =IF(AND(2026=2026,Inputs!$B$61=1),0,MIN(C60,MAX(0,C59))) -> 0 | D61: =IF(AND(2027=2026,Inputs!$B$61=1),0,MIN(D60,MAX(0,D59))) -> 3628.59 | E61: =IF(AND(2028=2026,Inputs!$B$61=1),0,MIN(E60,MAX(0,E59))) -> 571.41004 | F61: =IF(AND(2029=2026,Inputs!$B$61=1),0,MIN(F60,MAX(0,F59))) -> 0 | G61: =IF(AND(2030=2026,Inputs!$B$61=1),0,MIN(G60,MAX(0,G59))) -> 0
A62: State NOL, closing | C62: =C60-C61+MAX(0,-C59) -> 4200 | D62: =D60-D61+MAX(0,-D59) -> 571.41004 | E62: =E60-E61+MAX(0,-E59) -> 0 | F62: =F60-F61+MAX(0,-F59) -> 0 | G62: =G60-G61+MAX(0,-G59) -> 0
A63: State tax | C63: =MAX(0,C59-C61)*Inputs!$B$59 -> 214.01253 | D63: =MAX(0,D59-D61)*Inputs!$B$59 -> 0 | E63: =MAX(0,E59-E61)*Inputs!$B$59 -> 317.46647 | F63: =MAX(0,F59-F61)*Inputs!$B$59 -> 530.30704 | G63: =MAX(0,G59-G61)*Inputs!$B$59 -> 621.20654
A64: Federal taxable income before NOL (after state tax) | C64: =C58-C63 -> 4739.9812 | D64: =D58-D63 -> 5039.7083 | E64: =E58-E63 -> 7824.9195 | F64: =F58-F63 -> 11745.319 | G64: =G58-G63 -> 13758.575
A65: Federal NOL, opening | C65: =Inputs!$B$56 -> 8200 | D65: =C67 -> 4408.015 | E65: =D67 -> 376.2484 | F65: =E67 -> 0 | G65: =F67 -> 0
A66: Federal NOL used (80% limit) | C66: =MIN(C65,Inputs!$B$57*MAX(0,C64)) -> 3791.985 | D66: =MIN(D65,Inputs!$B$57*MAX(0,D64)) -> 4031.7666 | E66: =MIN(E65,Inputs!$B$57*MAX(0,E64)) -> 376.2484 | F66: =MIN(F65,Inputs!$B$57*MAX(0,F64)) -> 0 | G66: =MIN(G65,Inputs!$B$57*MAX(0,G64)) -> 0
A67: Federal NOL, closing | C67: =C65-C66+MAX(0,-C64) -> 4408.015 | D67: =D65-D66+MAX(0,-D64) -> 376.2484 | E67: =E65-E66+MAX(0,-E64) -> 0 | F67: =F65-F66+MAX(0,-F64) -> 0 | G67: =G65-G66+MAX(0,-G64) -> 0
A68: Federal tax | C68: =MAX(0,C64-C66)*Inputs!$B$55 -> 199.07921 | D68: =MAX(0,D64-D66)*Inputs!$B$55 -> 211.66775 | E68: =MAX(0,E64-E66)*Inputs!$B$55 -> 1564.2209 | F68: =MAX(0,F64-F66)*Inputs!$B$55 -> 2466.517 | G68: =MAX(0,G64-G66)*Inputs!$B$55 -> 2889.3006
A69: Cash taxes (selected method) | C69: =IF(Inputs!$B$105=0,MAX(0,C53+C55)*Inputs!B$66,IF(Inputs!$B$105=2,MAX(0,C58)*Inputs!$B$106,C63+C68)) -> 413.09174 | D69: =IF(Inputs!$B$105=0,MAX(0,D53+D55)*Inputs!C$66,IF(Inputs!$B$105=2,MAX(0,D58)*Inputs!$B$106,D63+D68)) -> 211.66775 | E69: =IF(Inputs!$B$105=0,MAX(0,E53+E55)*Inputs!D$66,IF(Inputs!$B$105=2,MAX(0,E58)*Inputs!$B$106,E63+E68)) -> 1881.6874 | F69: =IF(Inputs!$B$105=0,MAX(0,F53+F55)*Inputs!E$66,IF(Inputs!$B$105=2,MAX(0,F58)*Inputs!$B$106,F63+F68)) -> 2996.824 | G69: =IF(Inputs!$B$105=0,MAX(0,G53+G55)*Inputs!F$66,IF(Inputs!$B$105=2,MAX(0,G58)*Inputs!$B$106,G63+G68)) -> 3510.5072
A70: Effective tax rate on taxable income | C70: =IF(C58>0,MIN(1,C69/C58),0) -> 0.0833856 | D70: =IF(D58>0,MIN(1,D69/D58),0) -> 0.042 | E70: =IF(E58>0,MIN(1,E69/E58),0) -> 0.23109779 | F70: =IF(F58>0,MIN(1,F69/F58),0) -> 0.244128 | G70: =IF(G58>0,MIN(1,G69/G58),0) -> 0.244128
A71: Net income excl. non-cash fair value items | C71: =C53+C55-C69 -> 4540.902 | D71: =D53+D55-D69 -> 4828.0405 | E71: =E53+E55-E69 -> 6260.6985 | F71: =F53+F55-F69 -> 9278.8019 | G71: =G53+G55-G69 -> 10869.274
A72: Non-cash stock comp & donation charges (added back for liquidity) | C72: =C12+C20 -> 6508.4334 | D72: =D12+D20 -> 8278.72 | E72: =E12+E20 -> 9686.1024 | F72: =F12+F20 -> 10331.843 | G72: =G12+G20 -> 10396.417
A73: Working capital | C73: 0 | D73: =-(D5-C5)*Inputs!$B$33 -> 0 | E73: =-(E5-D5)*Inputs!$B$33 -> 0 | F73: =-(F5-E5)*Inputs!$B$33 -> 0 | G73: =-(G5-F5)*Inputs!$B$33 -> 0
A74: Compute prepayment timing (non-recurring; excluded from exit value) | C74: =-C$42+C$45 -> 0 | D74: =-D$42+D$45 -> 0 | E74: =-E$42+E$45 -> 0 | F74: =-F$42+F$45 -> 0 | G74: =-G$42+G$45 -> 0
A75: Actual cash flow (liquidity basis) | C75: =C53+C72+C52+C55-C69-C51+C73+C74 -> 9497.0754 | D75: =D53+D72+D52+D55-D69-D51+D73+D74 -> 10457.57 | E75: =E53+E72+E52+E55-E69-E51+E73+E74 -> 12304.164 | F75: =F53+F72+F52+F55-F69-F51+F73+F74 -> 16183.254 | G75: =G53+G72+G52+G55-G69-G51+G73+G74 -> 18354.892
A76: Economic operating cash flow (valuation basis: after stock comp, excl. interest) | C76: =C53+C52-(C69-C55*C70)-C51+C73+C74 -> 71.029721 | D76: =D53+D52-(D69-D55*D70)-D51+D73+D74 -> -1084.1955 | E76: =E53+E52-(E69-E55*E70)-E51+E73+E74 -> -201.91874 | F76: =F53+F52-(F69-F55*F70)-F51+F73+F74 -> 2846.7108 | G76: =G53+G52-(G69-G55*G70)-G51+G73+G74 -> 4647.9632
A77: Economic cash flow margin | C77: =IFERROR(C76/C49,0) -> 0.0013727672 | D77: =IFERROR(D76/D49,0) -> -0.013096173 | E77: =IFERROR(E76/E49,0) -> -0.0018761609 | F77: =IFERROR(F76/F49,0) -> 0.022042232 | G77: =IFERROR(G76/G49,0) -> 0.031295151
A79: Cash roll-forward | C79: Q4 2026 | D79: 2027E | E79: 2028E | F79: 2029E | G79: 2030E
A80: Opening cash | C80: =Inputs!$B$41 -> 131845 | D80: =C85 -> 136244.08 | E80: =D85 -> 146701.65 | F80: =E85 -> 159005.81 | G80: =F85 -> 175189.06
A81: of which paid at start of year (prepayment) | C81: =C$42 -> 0 | D81: =D$42 -> 0 | E81: =E$42 -> 0 | F81: =F$42 -> 0 | G81: =G$42 -> 0
A82: Cash flow in period (Q4 only for 2026) | B82: 2026: full-year cash flow less H1 and Q3 actual on the same basis | C82: =C75-Historicals!$B$79-Historicals!$B$95 -> 4399.0754 | D82: =D75 -> 10457.57 | E82: =E75 -> 12304.164 | F82: =F75 -> 16183.254 | G82: =G75 -> 18354.892
A83: RSU tax withholding paid | C83: =-Inputs!$B$17 -> 0 | D83: 0 | E83: 0 | F83: 0 | G83: 0
A84: Primary IPO proceeds | C84: =Inputs!$B$15 -> 0 | D84: 0 | E84: 0 | F84: 0 | G84: 0
A85: Closing cash | C85: =C80+C82+C83+C84 -> 136244.08 | D85: =D80+D82+D83+D84 -> 146701.65 | E85: =E80+E82+E83+E84 -> 159005.81 | F85: =F80+F82+F83+F84 -> 175189.06 | G85: =G80+G82+G83+G84 -> 193543.96
A86: Lowest cash in the year (start-of-year payments or year end) | C86: =MIN(C80-C81,C85) -> 131845 | D86: =MIN(D80-D81,D85) -> 136244.08 | E86: =MIN(E80-E81,E85) -> 146701.65 | F86: =MIN(F80-F81,F85) -> 159005.81 | G86: =MIN(G80-G81,G85) -> 175189.06
A87: Lowest cash above the shortfall threshold | C87: =C86-Inputs!$B$29 -> 126845 | D87: =D86-Inputs!$B$29 -> 131244.08 | E87: =E86-Inputs!$B$29 -> 141701.65 | F87: =F86-Inputs!$B$29 -> 154005.81 | G87: =G86-Inputs!$B$29 -> 170189.06
A88: Year-end cash vs $5B covenant (cash proxy) | C88: =IF(C85<Inputs!$B$38,"Below","OK") -> OK | D88: =IF(D85<Inputs!$B$38,"Below","OK") -> OK | E88: =IF(E85<Inputs!$B$38,"Below","OK") -> OK | F88: =IF(F85<Inputs!$B$38,"Below","OK") -> OK | G88: =IF(G85<Inputs!$B$38,"Below","OK") -> OK
A89: Funding status | C89: =IF(C87<0,"Shortfall","OK") -> OK | D89: =IF(D87<0,"Shortfall","OK") -> OK | E89: =IF(E87<0,"Shortfall","OK") -> OK | F89: =IF(F87<0,"Shortfall","OK") -> OK | G89: =IF(G87<0,"Shortfall","OK") -> OK
A90: Peak funding need (intra-year) | G90: =MAX(0,-MIN(C87:G87)) -> 0
A91: Sensitivity: peak funding need with a $0 buffer | G91: =MAX(0,-MIN(C86:G86)) -> 0
A92: Funded cash path (illustrative equity raise) | C92: Q4 2026 | D92: 2027E | E92: 2028E | F92: 2029E | G92: 2030E
A93: Financing year (start of the first shortfall year; proceeds arrive with the payment) | G93: =IF(G90=0,"none",IFERROR(2025+MATCH(1,INDEX(--(C87:G87<0),0),0),"none")) -> none
A94: Net proceeds needed (covers peak need) | G94: =G90 -> 0
A95: Issuance fees | G95: =G94/(1-Inputs!$B$31)*Inputs!$B$31 -> 0
A96: Gross amount raised | G96: =G94+G95 -> 0
A97: Net proceeds received in year | C97: =IF(AND(ISNUMBER($G$93),$G$93=2026),$G$94,0) -> 0 | D97: =IF(AND(ISNUMBER($G$93),$G$93=2027),$G$94,0) -> 0 | E97: =IF(AND(ISNUMBER($G$93),$G$93=2028),$G$94,0) -> 0 | F97: =IF(AND(ISNUMBER($G$93),$G$93=2029),$G$94,0) -> 0 | G97: =IF(AND(ISNUMBER($G$93),$G$93=2030),$G$94,0) -> 0
A98: Interest change vs. unfunded path (funded balance after start-of-year payments) | C98: =C97*Inputs!$B$20/4 -> 0 | D98: =MAX(0,C100-D81+D97)*Inputs!$B$20-D55 -> 0 | E98: =MAX(0,D100-E81+E97)*Inputs!$B$20-E55 -> 0 | F98: =MAX(0,E100-F81+F97)*Inputs!$B$20-F55 -> 0 | G98: =MAX(0,F100-G81+G97)*Inputs!$B$20-G55 -> 0
A99: Extra tax on that interest | C99: =C98*C70 -> 0 | D99: =D98*D70 -> 0 | E99: =E98*E70 -> 0 | F99: =F98*F70 -> 0 | G99: =G98*G70 -> 0
A100: Closing cash — funded | C100: =C85+SUM($C97:C97)+SUM($C98:C98)-SUM($C99:C99) -> 136244.08 | D100: =D85+SUM($C97:D97)+SUM($C98:D98)-SUM($C99:D99) -> 146701.65 | E100: =E85+SUM($C97:E97)+SUM($C98:E98)-SUM($C99:E99) -> 159005.81 | F100: =F85+SUM($C97:F97)+SUM($C98:F98)-SUM($C99:F99) -> 175189.06 | G100: =G85+SUM($C97:G97)+SUM($C98:G98)-SUM($C99:G99) -> 193543.96
A101: Lowest cash in the year — funded | C101: =MIN(C80-C81+0+C97,C100) -> 131845 | D101: =MIN(D80-D81+SUM($C97:C97)+SUM($C98:C98)-SUM($C99:C99)+D97,D100) -> 136244.08 | E101: =MIN(E80-E81+SUM($C97:D97)+SUM($C98:D98)-SUM($C99:D99)+E97,E100) -> 146701.65 | F101: =MIN(F80-F81+SUM($C97:E97)+SUM($C98:E98)-SUM($C99:E99)+F97,F100) -> 159005.81 | G101: =MIN(G80-G81+SUM($C97:F97)+SUM($C98:F98)-SUM($C99:F99)+G97,G100) -> 175189.06
A102: Funded path stays above threshold? | C102: =IF(C101-Inputs!$B$29<-0.5,"No","Yes") -> Yes | D102: =IF(D101-Inputs!$B$29<-0.5,"No","Yes") -> Yes | E102: =IF(E101-Inputs!$B$29<-0.5,"No","Yes") -> Yes | F102: =IF(F101-Inputs!$B$29<-0.5,"No","Yes") -> Yes | G102: =IF(G101-Inputs!$B$29<-0.5,"No","Yes") -> Yes
A104: Hybrid company (core + value-share): earnings, taxes, cash
A105: Revenue | C105: =C5+C31 -> 51742 | D105: =D5+D31 -> 82745.806 | E105: =E5+E31 -> 107461.92 | F105: =F5+F31 -> 128760.59 | G105: =G5+G31 -> 147777.64
...

Sheet Base
A1: Base — projections, cash and valuation ($ millions except per share)
A2: 2026E = H1 2026 actual + Q3 2026 actual (S-1/A) + assumed Q4. Compute is forecast as cash spending (hosting, leases and owned capacity all treated as paid when expensed); the S-1 gives no payment schedule.
A4: Core business: income statement | B4: 2025A | C4: 2026E | D4: 2027E | E4: 2028E | F4: 2029E | G4: 2030E
A5: Revenue | B5: =Historicals!D35 -> 4585 | C5: =Historicals!F35+(Inputs!$B$5+Inputs!$C$75) -> 54242 | D5: =C5*(1+Inputs!$C$77) -> 108484 | E5: =D5*(1+Inputs!$C$78) -> 168150.2 | F5: =E5*(1+Inputs!$C$79) -> 227002.77 | G5: =F5*(1+Inputs!$C$80) -> 283753.46
A6: Growth | C6: =IFERROR(C5/B5-1,0) -> 10.830316 | D6: =IFERROR(D5/C5-1,0) -> 1 | E6: =IFERROR(E5/D5-1,0) -> 0.55 | F6: =IFERROR(F5/E5-1,0) -> 0.35 | G6: =IFERROR(G5/F5-1,0) -> 0.25
A7: Subscription revenue | B7: =Historicals!D51 -> 789 | C7: =Historicals!F51+(Inputs!$B$5+Inputs!$C$75)*Historicals!F51/Historicals!F35 -> 10731.163 | D7: =D5*Inputs!$C$76 -> 21696.8 | E7: =E5*Inputs!$C$76 -> 33630.04 | F7: =F5*Inputs!$C$76 -> 45400.554 | G7: =G5*Inputs!$C$76 -> 56750.692
A8: Consumption revenue | B8: =B5-B7 -> 3796 | C8: =C5-C7 -> 43510.837 | D8: =D5-D7 -> 86787.2 | E8: =E5-E7 -> 134520.16 | F8: =F5-F7 -> 181602.22 | G8: =G5-G7 -> 227002.77
A9: Compute on its own growth schedule (before any commitment floor) | C9: =Historicals!F36+Historicals!H6+Inputs!$C$75*Inputs!$C$81 -> 28258 | D9: =(C9-Inputs!$C$113)*(1+Inputs!$C$82) -> 48038.6 | E9: =D9*(1+Inputs!$C$83) -> 69655.97 | F9: =E9*(1+Inputs!$C$84) -> 90552.761 | G9: =F9*(1+Inputs!$C$85) -> 108663.31
A10: Compute and infrastructure | B10: =Historicals!D36 -> 7326 | C10: =Historicals!F36+Historicals!H6+MAX(Inputs!$C$75*Inputs!$C$81,Inputs!$C$108*C22) -> 28258 | D10: =MAX(D9,Inputs!$C$108*D22) -> 48038.6 | E10: =MAX(E9,Inputs!$C$108*E22) -> 69655.97 | F10: =MAX(F9,Inputs!$C$108*F22) -> 90552.761 | G10: =MAX(G9,Inputs!$C$108*G22) -> 108663.31
A11: Personnel (incl. stock comp) | B11: =Historicals!D37 -> 1839 | C11: =Historicals!F37+Historicals!H7+Inputs!$C$75*Historicals!H24 -> 6982.0729 | D11: =D5*Inputs!$C$86 -> 15187.76 | E11: =E5*Inputs!$C$87 -> 21859.526 | F11: =F5*Inputs!$C$88 -> 27240.332 | G11: =G5*Inputs!$C$89 -> 31212.881
A12: of which stock comp | B12: =Historicals!D49 -> 1158 | C12: =Historicals!F49+Historicals!H19+Inputs!$C$75*Historicals!H29 -> 4580.1946 | D12: =D5*Inputs!$C$90 -> 9763.56 | E12: =E5*Inputs!$C$91 -> 13452.016 | F12: =F5*Inputs!$C$92 -> 15890.194 | G12: =G5*Inputs!$C$93 -> 17025.208
A13: Sales, marketing & partner fees | B13: =Historicals!D39 -> 568 | C13: =Historicals!F39+Historicals!H9+Inputs!$C$75*Historicals!H25 -> 8453.0977 | D13: =D5*Inputs!$C$94 -> 18442.28 | E13: =E5*Inputs!$C$95 -> 26904.032 | F13: =F5*Inputs!$C$96 -> 34050.416 | G13: =G5*Inputs!$C$97 -> 42563.019
A14: Other operating & administrative | B14: =Historicals!D40 -> 1412 | C14: =Historicals!F40+Historicals!H10-Inputs!$B$37+Inputs!$C$75*(Historicals!H10-Inputs!$B$37)/Historicals!H5 -> 5358.2774 | D14: =D5*Inputs!$C$98 -> 8678.72 | E14: =E5*Inputs!$C$99 -> 11770.514 | F14: =F5*Inputs!$C$100 -> 13620.166 | G14: =G5*Inputs!$C$101 -> 17025.208
A15: One-time items (2025 Bartz settlement; 2026 Q3 donation-matching charge) | B15: =Historicals!D38 -> 1500 | C15: =Inputs!$B$37 -> 1960 | D15: 0 | E15: 0 | F15: 0 | G15: 0
A16: Total operating expenses | B16: =B10+B11+B13+B14+B15 -> 12645 | C16: =C10+C11+C13+C14+C15 -> 51011.448 | D16: =D10+D11+D13+D14+D15 -> 90347.36 | E16: =E10+E11+E13+E14+E15 -> 130190.04 | F16: =F10+F11+F13+F14+F15 -> 165463.68 | G16: =G10+G11+G13+G14+G15 -> 199464.42
A17: Operating income before depreciation of new owned capacity | B17: =B5-B16 -> -8060 | C17: =C5-C16 -> 3230.552 | D17: =D5-D16 -> 18136.64 | E17: =E5-E16 -> 37960.158 | F17: =F5-F16 -> 61539.095 | G17: =G5-G16 -> 84289.041
A18: Margin | B18: =IFERROR(B17/B5,0) -> -1.7579062 | C18: =IFERROR(C17/C5,0) -> 0.059558129 | D18: =IFERROR(D17/D5,0) -> 0.16718263 | E18: =IFERROR(E17/E5,0) -> 0.22575149 | F18: =IFERROR(F17/F5,0) -> 0.27109403 | G18: =IFERROR(G17/G5,0) -> 0.29705027
A19: Compute % of revenue | B19: =IFERROR(B10/B5,0) -> 1.597819 | C19: =IFERROR(C10/C5,0) -> 0.52096162 | D19: =IFERROR(D10/D5,0) -> 0.44281737 | E19: =IFERROR(E10/E5,0) -> 0.41424851 | F19: =IFERROR(F10/F5,0) -> 0.39890597 | G19: =IFERROR(G10/G5,0) -> 0.38294973
A20: Non-cash donation-matching charges (incl. in costs above) | C20: =Historicals!$B$78+Inputs!$B$37 -> 2086 | D20: 0 | E20: 0 | F20: 0 | G20: 0
A21: Discount factor to end 2026 | D21: =1/(1+Inputs!$B$19+Inputs!$C$104)^1 -> 0.89285714 | E21: =1/(1+Inputs!$B$19+Inputs!$C$104)^2 -> 0.79719388 | F21: =1/(1+Inputs!$B$19+Inputs!$C$104)^3 -> 0.71178025 | G21: =1/(1+Inputs!$B$19+Inputs!$C$104)^4 -> 0.63551808
A22: Committed compute floor ($mm; dated table + short-term + undated remainder by floor weights; 2026 = Q4) | C22: =Inputs!B$69+Inputs!$B$47*Inputs!$B$46 -> 11231 | D22: =Inputs!C$69+Inputs!$B$47*(1-Inputs!$B$46)+Inputs!$B$70*Inputs!$C$109 -> 97550 | E22: =Inputs!D$69+Inputs!$B$70*Inputs!$C$110 -> 107338.25 | F22: =Inputs!E$69+Inputs!$B$70*Inputs!$C$111 -> 117031.38 | G22: =Inputs!F$69+Inputs!$B$70*Inputs!$C$112 -> 114349.38
A23: Third business line: value-share partnerships (hypothetical)
A24: Share of core revenue base under value-share | C24: 0 | D24: =Inputs!$C$118 -> 0.02 | E24: =Inputs!$C$119 -> 0.05 | F24: =Inputs!$C$120 -> 0.1 | G24: =Inputs!$C$121 -> 0.15
A25: Revenue base moved to value-share | C25: =C5*C24 -> 0 | D25: =D5*D24 -> 2169.68 | E25: =E5*E24 -> 8407.51 | F25: =F5*F24 -> 22700.277 | G25: =G5*G24 -> 42563.019
A26: Value created per $1 of Claude spend | C26: =Inputs!$C$122 -> 8 | D26: =Inputs!$C$122 -> 8 | E26: =Inputs!$C$122 -> 8 | F26: =Inputs!$C$122 -> 8 | G26: =Inputs!$C$122 -> 8
A27: Economic value created for partners | C27: =C25*C26 -> 0 | D27: =D25*D26 -> 17357.44 | E27: =E25*E26 -> 67260.08 | F27: =F25*F26 -> 181602.22 | G27: =G25*G26 -> 340504.16
A28: Anthropic's cut | C28: =Inputs!$C$123 -> 0.15 | D28: =Inputs!$C$123 -> 0.15 | E28: =Inputs!$C$123 -> 0.15 | F28: =Inputs!$C$123 -> 0.15 | G28: =Inputs!$C$123 -> 0.15
A29: Value-share revenue (gross) | C29: =C27*C28 -> 0 | D29: =D27*D28 -> 2603.616 | E29: =E27*E28 -> 10089.012 | F29: =F27*F28 -> 27240.332 | G29: =G27*G28 -> 51075.623
A30: Token revenue given up | C30: =C25*Inputs!$C$124 -> 0 | D30: =D25*Inputs!$C$124 -> 650.904 | E30: =E25*Inputs!$C$124 -> 2522.253 | F30: =F25*Inputs!$C$124 -> 6810.0831 | G30: =G25*Inputs!$C$124 -> 12768.906
A31: Net new revenue | C31: =C29-C30 -> 0 | D31: =D29-D30 -> 1952.712 | E31: =E29-E30 -> 7566.759 | F31: =F29-F30 -> 20430.249 | G31: =G29-G30 -> 38306.717
A32: Delivery cost | C32: =C29*Inputs!$C$125 -> 0 | D32: =D29*Inputs!$C$125 -> 520.7232 | E32: =E29*Inputs!$C$125 -> 2017.8024 | F32: =F29*Inputs!$C$125 -> 5448.0665 | G32: =G29*Inputs!$C$125 -> 10215.125
A33: Extra compute | C33: =C29*Inputs!$C$126 -> 0 | D33: =D29*Inputs!$C$126 -> 390.5424 | E33: =E29*Inputs!$C$126 -> 1513.3518 | F33: =F29*Inputs!$C$126 -> 4086.0499 | G33: =G29*Inputs!$C$126 -> 7661.3435
A34: Selling, partner fees & overhead | C34: =C29*Inputs!$C$127 -> 0 | D34: =D29*Inputs!$C$127 -> 260.3616 | E34: =E29*Inputs!$C$127 -> 1008.9012 | F34: =F29*Inputs!$C$127 -> 2724.0332 | G34: =G29*Inputs!$C$127 -> 5107.5623
A35: Value-share operating contribution | C35: =C29-C30-C32-C33-C34 -> 0 | D35: =D29-D30-D32-D33-D34 -> 781.0848 | E35: =E29-E30-E32-E33-E34 -> 3026.7036 | F35: =F29-F30-F32-F33-F34 -> 8172.0997 | G35: =G29-G30-G32-G33-G34 -> 15322.687
A36: Value created as % of $40T knowledge-work pool | C36: =IFERROR(C27/Inputs!$B$27,0) -> 0 | D36: =IFERROR(D27/Inputs!$B$27,0) -> 0.000433936 | E36: =IFERROR(E27/Inputs!$B$27,0) -> 0.001681502 | F36: =IFERROR(F27/Inputs!$B$27,0) -> 0.0045400554 | G36: =IFERROR(G27/Inputs!$B$27,0) -> 0.0085126039
A37: Value-share capital spending (per selected basis) | C37: =CHOOSE(Inputs!$B$35,C31*Inputs!B$67,C29*Inputs!$B$36,0) -> 0 | D37: =CHOOSE(Inputs!$B$35,D31*Inputs!C$67,D29*Inputs!$B$36,0) -> 78.10848 | E37: =CHOOSE(Inputs!$B$35,E31*Inputs!D$67,E29*Inputs!$B$36,0) -> 378.33795 | F37: =CHOOSE(Inputs!$B$35,F31*Inputs!E$67,F29*Inputs!$B$36,0) -> 1021.5125 | G37: =CHOOSE(Inputs!$B$35,G31*Inputs!F$67,G29*Inputs!$B$36,0) -> 1915.3359
A38: Value-share collection timing (working capital) | C38: 0 | D38: =-(D29-C29)*Inputs!$B$34/365 -> 0 | E38: =-(E29-D29)*Inputs!$B$34/365 -> 0 | F38: =-(F29-E29)*Inputs!$B$34/365 -> 0 | G38: =-(G29-F29)*Inputs!$B$34/365 -> 0
A40: Prepaid compute roll-forward (cash paid ahead of use)
A41: Prepaid balance, opening | C41: 0 | D41: =C46 -> 0 | E41: =D46 -> 0 | F41: =E46 -> 0 | G41: =F46 -> 0
A42: Prepayment paid (start of year) | C42: 0 | D42: =Inputs!$C$107 -> 0 | E42: 0 | F42: 0 | G42: 0
A43: Scheduled credits available (cumulative scheduled less used) | C43: =MAX(0,0) -> 0 | D43: =MAX(0,0) -> 0 | E43: =MAX(0,$D$42/Inputs!$B$40*MIN(1,Inputs!$B$40)-SUM($C45:D45)) -> 0 | F43: =MAX(0,$D$42/Inputs!$B$40*MIN(2,Inputs!$B$40)-SUM($C45:E45)) -> 0 | G43: =MAX(0,$D$42/Inputs!$B$40*MIN(3,Inputs!$B$40)-SUM($C45:F45)) -> 0
A44: Eligible compute charges this year | C44: =C10*Inputs!$B$39 -> 28258 | D44: =D10*Inputs!$B$39 -> 48038.6 | E44: =E10*Inputs!$B$39 -> 69655.97 | F44: =F10*Inputs!$B$39 -> 90552.761 | G44: =G10*Inputs!$B$39 -> 108663.31
A45: Credits used (capped by balance, schedule and eligible charges) | C45: =MAX(0,MIN(C41+C42,C43,C44)) -> 0 | D45: =MAX(0,MIN(D41+D42,D43,D44)) -> 0 | E45: =MAX(0,MIN(E41+E42,E43,E44)) -> 0 | F45: =MAX(0,MIN(F41+F42,F43,F44)) -> 0 | G45: =MAX(0,MIN(G41+G42,G43,G44)) -> 0
A46: Prepaid balance, closing | C46: =C41+C42-C45 -> 0 | D46: =D41+D42-D45 -> 0 | E46: =E41+E42-E45 -> 0 | F46: =F41+F42-F45 -> 0 | G46: =G41+G42-G45 -> 0
A48: Core business (tokens + subscriptions): earnings, taxes, cash
A49: Revenue | C49: =C5 -> 54242 | D49: =D5 -> 108484 | E49: =E5 -> 168150.2 | F49: =F5 -> 227002.77 | G49: =G5 -> 283753.46
A50: Operating income before depreciation of new owned capacity | C50: =C17 -> 3230.552 | D50: =D17 -> 18136.64 | E50: =E17 -> 37960.158 | F50: =F17 -> 61539.095 | G50: =G17 -> 84289.041
A51: Capital spending | C51: =C5*Inputs!B$67 -> 1627.26 | D51: =D5*Inputs!C$67 -> 4339.36 | E51: =E5*Inputs!D$67 -> 8407.51 | F51: =F5*Inputs!E$67 -> 11350.138 | G51: =G5*Inputs!F$67 -> 14187.673
A52: Depreciation of owned capacity bought from 2027 | C52: 0 | D52: =SUMPRODUCT($D51:D51,--((4-COLUMN($D51:D51))<Inputs!$B$32))/Inputs!$B$32 -> 867.872 | E52: =SUMPRODUCT($D51:E51,--((5-COLUMN($D51:E51))<Inputs!$B$32))/Inputs!$B$32 -> 2549.374 | F52: =SUMPRODUCT($D51:F51,--((6-COLUMN($D51:F51))<Inputs!$B$32))/Inputs!$B$32 -> 4819.4017 | G52: =SUMPRODUCT($D51:G51,--((7-COLUMN($D51:G51))<Inputs!$B$32))/Inputs!$B$32 -> 7656.9363
A53: Operating income (earnings basis, after stock comp) | C53: =C50-C52 -> 3230.552 | D53: =D50-D52 -> 17268.768 | E53: =E50-E52 -> 35410.784 | F53: =F50-F52 -> 56719.693 | G53: =G50-G52 -> 76632.105
A54: Operating margin | C54: =IFERROR(C53/C49,0) -> 0.059558129 | D54: =IFERROR(D53/D49,0) -> 0.15918263 | E54: =IFERROR(E53/E49,0) -> 0.2105902 | F54: =IFERROR(F53/F49,0) -> 0.24986344 | G54: =IFERROR(G53/G49,0) -> 0.2700658
A55: Interest income (on opening cash) | C55: =Historicals!F43+Historicals!H13+C80*Inputs!$B$20/4 -> 3183.0312 | D55: =MAX(0,D80-D81)*Inputs!$B$20 -> 3441.6179 | E55: =MAX(0,E80-E81)*Inputs!$B$20 -> 4012.5334 | F55: =MAX(0,F80-F81)*Inputs!$B$20 -> 4947.3549 | G55: =MAX(0,G80-G81)*Inputs!$B$20 -> 6346.6512
A56: Other taxable income adjustments | C56: =Inputs!B$68 -> 0 | D56: =Inputs!C$68 -> 0 | E56: =Inputs!D$68 -> 0 | F56: =Inputs!E$68 -> 0 | G56: =Inputs!F$68 -> 0
A57: IPO RSU tax deduction | C57: =IF(Inputs!$B$63=2026,Inputs!$B$62,0) -> 0 | D57: =IF(Inputs!$B$63=2027,Inputs!$B$62,0) -> 0 | E57: =IF(Inputs!$B$63=2028,Inputs!$B$62,0) -> 0 | F57: =IF(Inputs!$B$63=2029,Inputs!$B$62,0) -> 0 | G57: =IF(Inputs!$B$63=2030,Inputs!$B$62,0) -> 0
A58: Taxable income proxy | C58: =C53+C55+C56-C57 -> 6413.5833 | D58: =D53+D55+D56-D57 -> 20710.386 | E58: =E53+E55+E56-E57 -> 39423.317 | F58: =F53+F55+F56-F57 -> 61667.048 | G58: =G53+G55+G56-G57 -> 82978.756
A59: State taxable base (apportioned) | C59: =C58*Inputs!$B$58 -> 4617.78 | D59: =D58*Inputs!$B$58 -> 14911.478 | E59: =E58*Inputs!$B$58 -> 28384.789 | F59: =F58*Inputs!$B$58 -> 44400.275 | G59: =G58*Inputs!$B$58 -> 59744.704
A60: State NOL, opening | C60: =Inputs!$B$60 -> 4200 | D60: =C62 -> 4200 | E60: =D62 -> 0 | F60: =E62 -> 0 | G60: =F62 -> 0
A61: State NOL used | C61: =IF(AND(2026=2026,Inputs!$B$61=1),0,MIN(C60,MAX(0,C59))) -> 0 | D61: =IF(AND(2027=2026,Inputs!$B$61=1),0,MIN(D60,MAX(0,D59))) -> 4200 | E61: =IF(AND(2028=2026,Inputs!$B$61=1),0,MIN(E60,MAX(0,E59))) -> 0 | F61: =IF(AND(2029=2026,Inputs!$B$61=1),0,MIN(F60,MAX(0,F59))) -> 0 | G61: =IF(AND(2030=2026,Inputs!$B$61=1),0,MIN(G60,MAX(0,G59))) -> 0
A62: State NOL, closing | C62: =C60-C61+MAX(0,-C59) -> 4200 | D62: =D60-D61+MAX(0,-D59) -> 0 | E62: =E60-E61+MAX(0,-E59) -> 0 | F62: =F60-F61+MAX(0,-F59) -> 0 | G62: =G60-G61+MAX(0,-G59) -> 0
A63: State tax | C63: =MAX(0,C59-C61)*Inputs!$B$59 -> 277.0668 | D63: =MAX(0,D59-D61)*Inputs!$B$59 -> 642.68867 | E63: =MAX(0,E59-E61)*Inputs!$B$59 -> 1703.0873 | F63: =MAX(0,F59-F61)*Inputs!$B$59 -> 2664.0165 | G63: =MAX(0,G59-G61)*Inputs!$B$59 -> 3584.6823
A64: Federal taxable income before NOL (after state tax) | C64: =C58-C63 -> 6136.5165 | D64: =D58-D63 -> 20067.697 | E64: =E58-E63 -> 37720.23 | F64: =F58-F63 -> 59003.032 | G64: =G58-G63 -> 79394.074
A65: Federal NOL, opening | C65: =Inputs!$B$56 -> 8200 | D65: =C67 -> 3290.7868 | E65: =D67 -> 0 | F65: =E67 -> 0 | G65: =F67 -> 0
A66: Federal NOL used (80% limit) | C66: =MIN(C65,Inputs!$B$57*MAX(0,C64)) -> 4909.2132 | D66: =MIN(D65,Inputs!$B$57*MAX(0,D64)) -> 3290.7868 | E66: =MIN(E65,Inputs!$B$57*MAX(0,E64)) -> 0 | F66: =MIN(F65,Inputs!$B$57*MAX(0,F64)) -> 0 | G66: =MIN(G65,Inputs!$B$57*MAX(0,G64)) -> 0
A67: Federal NOL, closing | C67: =C65-C66+MAX(0,-C64) -> 3290.7868 | D67: =D65-D66+MAX(0,-D64) -> 0 | E67: =E65-E66+MAX(0,-E64) -> 0 | F67: =F65-F66+MAX(0,-F64) -> 0 | G67: =G65-G66+MAX(0,-G64) -> 0
A68: Federal tax | C68: =MAX(0,C64-C66)*Inputs!$B$55 -> 257.73369 | D68: =MAX(0,D64-D66)*Inputs!$B$55 -> 3523.1512 | E68: =MAX(0,E64-E66)*Inputs!$B$55 -> 7921.2483 | F68: =MAX(0,F64-F66)*Inputs!$B$55 -> 12390.637 | G68: =MAX(0,G64-G66)*Inputs!$B$55 -> 16672.756
A69: Cash taxes (selected method) | C69: =IF(Inputs!$C$105=0,MAX(0,C53+C55)*Inputs!B$66,IF(Inputs!$C$105=2,MAX(0,C58)*Inputs!$C$106,C63+C68)) -> 534.80049 | D69: =IF(Inputs!$C$105=0,MAX(0,D53+D55)*Inputs!C$66,IF(Inputs!$C$105=2,MAX(0,D58)*Inputs!$C$106,D63+D68)) -> 4165.8399 | E69: =IF(Inputs!$C$105=0,MAX(0,E53+E55)*Inputs!D$66,IF(Inputs!$C$105=2,MAX(0,E58)*Inputs!$C$106,E63+E68)) -> 9624.3356 | F69: =IF(Inputs!$C$105=0,MAX(0,F53+F55)*Inputs!E$66,IF(Inputs!$C$105=2,MAX(0,F58)*Inputs!$C$106,F63+F68)) -> 15054.653 | G69: =IF(Inputs!$C$105=0,MAX(0,G53+G55)*Inputs!F$66,IF(Inputs!$C$105=2,MAX(0,G58)*Inputs!$C$106,G63+G68)) -> 20257.438
A70: Effective tax rate on taxable income | C70: =IF(C58>0,MIN(1,C69/C58),0) -> 0.0833856 | D70: =IF(D58>0,MIN(1,D69/D58),0) -> 0.20114738 | E70: =IF(E58>0,MIN(1,E69/E58),0) -> 0.244128 | F70: =IF(F58>0,MIN(1,F69/F58),0) -> 0.244128 | G70: =IF(G58>0,MIN(1,G69/G58),0) -> 0.244128
A71: Net income excl. non-cash fair value items | C71: =C53+C55-C69 -> 5878.7828 | D71: =D53+D55-D69 -> 16544.546 | E71: =E53+E55-E69 -> 29798.982 | F71: =F53+F55-F69 -> 46612.395 | G71: =G53+G55-G69 -> 62721.318
A72: Non-cash stock comp & donation charges (added back for liquidity) | C72: =C12+C20 -> 6666.1946 | D72: =D12+D20 -> 9763.56 | E72: =E12+E20 -> 13452.016 | F72: =F12+F20 -> 15890.194 | G72: =G12+G20 -> 17025.208
A73: Working capital | C73: 0 | D73: =-(D5-C5)*Inputs!$B$33 -> 0 | E73: =-(E5-D5)*Inputs!$B$33 -> 0 | F73: =-(F5-E5)*Inputs!$B$33 -> 0 | G73: =-(G5-F5)*Inputs!$B$33 -> 0
A74: Compute prepayment timing (non-recurring; excluded from exit value) | C74: =-C$42+C$45 -> 0 | D74: =-D$42+D$45 -> 0 | E74: =-E$42+E$45 -> 0 | F74: =-F$42+F$45 -> 0 | G74: =-G$42+G$45 -> 0
A75: Actual cash flow (liquidity basis) | C75: =C53+C72+C52+C55-C69-C51+C73+C74 -> 10917.717 | D75: =D53+D72+D52+D55-D69-D51+D73+D74 -> 22836.618 | E75: =E53+E72+E52+E55-E69-E51+E73+E74 -> 37392.862 | F75: =F53+F72+F52+F55-F69-F51+F73+F74 -> 55971.852 | G75: =G53+G72+G52+G55-G69-G51+G73+G74 -> 73215.789
A76: Economic operating cash flow (valuation basis: after stock comp, excl. interest) | C76: =C53+C52-(C69-C55*C70)-C51+C73+C74 -> 1333.9105 | D76: =D53+D52-(D69-D55*D70)-D51+D73+D74 -> 10323.713 | E76: =E53+E52-(E69-E55*E70)-E51+E73+E74 -> 20907.884 | F76: =F53+F52-(F69-F55*F70)-F51+F73+F74 -> 36342.091 | G76: =G53+G52-(G69-G55*G70)-G51+G73+G74 -> 51393.326
A77: Economic cash flow margin | C77: =IFERROR(C76/C49,0) -> 0.024591838 | D77: =IFERROR(D76/D49,0) -> 0.095163458 | E77: =IFERROR(E76/E49,0) -> 0.12434052 | F77: =IFERROR(F76/F49,0) -> 0.16009536 | G77: =IFERROR(G76/G49,0) -> 0.18111964
A79: Cash roll-forward | C79: Q4 2026 | D79: 2027E | E79: 2028E | F79: 2029E | G79: 2030E
A80: Opening cash | C80: =Inputs!$B$41 -> 131845 | D80: =C85 -> 137664.72 | E80: =D85 -> 160501.34 | F80: =E85 -> 197894.2 | G80: =F85 -> 253866.05
A81: of which paid at start of year (prepayment) | C81: =C$42 -> 0 | D81: =D$42 -> 0 | E81: =E$42 -> 0 | F81: =F$42 -> 0 | G81: =G$42 -> 0
A82: Cash flow in period (Q4 only for 2026) | B82: 2026: full-year cash flow less H1 and Q3 actual on the same basis | C82: =C75-Historicals!$B$79-Historicals!$B$95 -> 5819.7174 | D82: =D75 -> 22836.618 | E82: =E75 -> 37392.862 | F82: =F75 -> 55971.852 | G82: =G75 -> 73215.789
A83: RSU tax withholding paid | C83: =-Inputs!$B$17 -> 0 | D83: 0 | E83: 0 | F83: 0 | G83: 0
A84: Primary IPO proceeds | C84: =Inputs!$B$15 -> 0 | D84: 0 | E84: 0 | F84: 0 | G84: 0
A85: Closing cash | C85: =C80+C82+C83+C84 -> 137664.72 | D85: =D80+D82+D83+D84 -> 160501.34 | E85: =E80+E82+E83+E84 -> 197894.2 | F85: =F80+F82+F83+F84 -> 253866.05 | G85: =G80+G82+G83+G84 -> 327081.84
A86: Lowest cash in the year (start-of-year payments or year end) | C86: =MIN(C80-C81,C85) -> 131845 | D86: =MIN(D80-D81,D85) -> 137664.72 | E86: =MIN(E80-E81,E85) -> 160501.34 | F86: =MIN(F80-F81,F85) -> 197894.2 | G86: =MIN(G80-G81,G85) -> 253866.05
A87: Lowest cash above the shortfall threshold | C87: =C86-Inputs!$B$29 -> 126845 | D87: =D86-Inputs!$B$29 -> 132664.72 | E87: =E86-Inputs!$B$29 -> 155501.34 | F87: =F86-Inputs!$B$29 -> 192894.2 | G87: =G86-Inputs!$B$29 -> 248866.05
A88: Year-end cash vs $5B covenant (cash proxy) | C88: =IF(C85<Inputs!$B$38,"Below","OK") -> OK | D88: =IF(D85<Inputs!$B$38,"Below","OK") -> OK | E88: =IF(E85<Inputs!$B$38,"Below","OK") -> OK | F88: =IF(F85<Inputs!$B$38,"Below","OK") -> OK | G88: =IF(G85<Inputs!$B$38,"Below","OK") -> OK
A89: Funding status | C89: =IF(C87<0,"Shortfall","OK") -> OK | D89: =IF(D87<0,"Shortfall","OK") -> OK | E89: =IF(E87<0,"Shortfall","OK") -> OK | F89: =IF(F87<0,"Shortfall","OK") -> OK | G89: =IF(G87<0,"Shortfall","OK") -> OK
A90: Peak funding need (intra-year) | G90: =MAX(0,-MIN(C87:G87)) -> 0
A91: Sensitivity: peak funding need with a $0 buffer | G91: =MAX(0,-MIN(C86:G86)) -> 0
A92: Funded cash path (illustrative equity raise) | C92: Q4 2026 | D92: 2027E | E92: 2028E | F92: 2029E | G92: 2030E
A93: Financing year (start of the first shortfall year; proceeds arrive with the payment) | G93: =IF(G90=0,"none",IFERROR(2025+MATCH(1,INDEX(--(C87:G87<0),0),0),"none")) -> none
A94: Net proceeds needed (covers peak need) | G94: =G90 -> 0
A95: Issuance fees | G95: =G94/(1-Inputs!$B$31)*Inputs!$B$31 -> 0
A96: Gross amount raised | G96: =G94+G95 -> 0
A97: Net proceeds received in year | C97: =IF(AND(ISNUMBER($G$93),$G$93=2026),$G$94,0) -> 0 | D97: =IF(AND(ISNUMBER($G$93),$G$93=2027),$G$94,0) -> 0 | E97: =IF(AND(ISNUMBER($G$93),$G$93=2028),$G$94,0) -> 0 | F97: =IF(AND(ISNUMBER($G$93),$G$93=2029),$G$94,0) -> 0 | G97: =IF(AND(ISNUMBER($G$93),$G$93=2030),$G$94,0) -> 0
A98: Interest change vs. unfunded path (funded balance after start-of-year payments) | C98: =C97*Inputs!$B$20/4 -> 0 | D98: =MAX(0,C100-D81+D97)*Inputs!$B$20-D55 -> 0 | E98: =MAX(0,D100-E81+E97)*Inputs!$B$20-E55 -> 0 | F98: =MAX(0,E100-F81+F97)*Inputs!$B$20-F55 -> 0 | G98: =MAX(0,F100-G81+G97)*Inputs!$B$20-G55 -> 0
A99: Extra tax on that interest | C99: =C98*C70 -> 0 | D99: =D98*D70 -> 0 | E99: =E98*E70 -> 0 | F99: =F98*F70 -> 0 | G99: =G98*G70 -> 0
A100: Closing cash — funded | C100: =C85+SUM($C97:C97)+SUM($C98:C98)-SUM($C99:C99) -> 137664.72 | D100: =D85+SUM($C97:D97)+SUM($C98:D98)-SUM($C99:D99) -> 160501.34 | E100: =E85+SUM($C97:E97)+SUM($C98:E98)-SUM($C99:E99) -> 197894.2 | F100: =F85+SUM($C97:F97)+SUM($C98:F98)-SUM($C99:F99) -> 253866.05 | G100: =G85+SUM($C97:G97)+SUM($C98:G98)-SUM($C99:G99) -> 327081.84
A101: Lowest cash in the year — funded | C101: =MIN(C80-C81+0+C97,C100) -> 131845 | D101: =MIN(D80-D81+SUM($C97:C97)+SUM($C98:C98)-SUM($C99:C99)+D97,D100) -> 137664.72 | E101: =MIN(E80-E81+SUM($C97:D97)+SUM($C98:D98)-SUM($C99:D99)+E97,E100) -> 160501.34 | F101: =MIN(F80-F81+SUM($C97:E97)+SUM($C98:E98)-SUM($C99:E99)+F97,F100) -> 197894.2 | G101: =MIN(G80-G81+SUM($C97:F97)+SUM($C98:F98)-SUM($C99:F99)+G97,G100) -> 253866.05
A102: Funded path stays above threshold? | C102: =IF(C101-Inputs!$B$29<-0.5,"No","Yes") -> Yes | D102: =IF(D101-Inputs!$B$29<-0.5,"No","Yes") -> Yes | E102: =IF(E101-Inputs!$B$29<-0.5,"No","Yes") -> Yes | F102: =IF(F101-Inputs!$B$29<-0.5,"No","Yes") -> Yes | G102: =IF(G101-Inputs!$B$29<-0.5,"No","Yes") -> Yes
A104: Hybrid company (core + value-share): earnings, taxes, cash
A105: Revenue | C105: =C5+C31 -> 54242 | D105: =D5+D31 -> 110436.71 | E105: =E5+E31 -> 175716.96 | F105: =F5+F31 -> 247433.02 | G105: =G5+G31 -> 322060.18
...

Sheet Bull
A1: Bull — projections, cash and valuation ($ millions except per share)
A2: 2026E = H1 2026 actual + Q3 2026 actual (S-1/A) + assumed Q4. Compute is forecast as cash spending (hosting, leases and owned capacity all treated as paid when expensed); the S-1 gives no payment schedule.
A4: Core business: income statement | B4: 2025A | C4: 2026E | D4: 2027E | E4: 2028E | F4: 2029E | G4: 2030E
A5: Revenue | B5: =Historicals!D35 -> 4585 | C5: =Historicals!F35+(Inputs!$B$5+Inputs!$D$75) -> 57242 | D5: =C5*(1+Inputs!$D$77) -> 143105 | E5: =D5*(1+Inputs!$D$78) -> 257589 | F5: =E5*(1+Inputs!$D$79) -> 386383.5 | G5: =F5*(1+Inputs!$D$80) -> 521617.72
A6: Growth | C6: =IFERROR(C5/B5-1,0) -> 11.484624 | D6: =IFERROR(D5/C5-1,0) -> 1.5 | E6: =IFERROR(E5/D5-1,0) -> 0.8 | F6: =IFERROR(F5/E5-1,0) -> 0.5 | G6: =IFERROR(G5/F5-1,0) -> 0.35
A7: Subscription revenue | B7: =Historicals!D51 -> 789 | C7: =Historicals!F51+(Inputs!$B$5+Inputs!$D$75)*Historicals!F51/Historicals!F35 -> 11324.679 | D7: =D5*Inputs!$D$76 -> 25758.9 | E7: =E5*Inputs!$D$76 -> 46366.02 | F7: =F5*Inputs!$D$76 -> 69549.03 | G7: =G5*Inputs!$D$76 -> 93891.19
A8: Consumption revenue | B8: =B5-B7 -> 3796 | C8: =C5-C7 -> 45917.321 | D8: =D5-D7 -> 117346.1 | E8: =E5-E7 -> 211222.98 | F8: =F5-F7 -> 316834.47 | G8: =G5-G7 -> 427726.53
A9: Compute on its own growth schedule (before any commitment floor) | C9: =Historicals!F36+Historicals!H6+Inputs!$D$75*Inputs!$D$81 -> 28888 | D9: =(C9-Inputs!$D$113)*(1+Inputs!$D$82) -> 54887.2 | E9: =D9*(1+Inputs!$D$83) -> 87819.52 | F9: =E9*(1+Inputs!$D$84) -> 127338.3 | G9: =F9*(1+Inputs!$D$85) -> 165539.8
A10: Compute and infrastructure | B10: =Historicals!D36 -> 7326 | C10: =Historicals!F36+Historicals!H6+MAX(Inputs!$D$75*Inputs!$D$81,Inputs!$D$108*C22) -> 28888 | D10: =MAX(D9,Inputs!$D$108*D22) -> 54887.2 | E10: =MAX(E9,Inputs!$D$108*E22) -> 87819.52 | F10: =MAX(F9,Inputs!$D$108*F22) -> 127338.3 | G10: =MAX(G9,Inputs!$D$108*G22) -> 165539.8
A11: Personnel (incl. stock comp) | B11: =Historicals!D37 -> 1839 | C11: =Historicals!F37+Historicals!H7+Inputs!$D$75*Historicals!H24 -> 7284.7976 | D11: =D5*Inputs!$D$86 -> 18603.65 | E11: =E5*Inputs!$D$87 -> 30910.68 | F11: =F5*Inputs!$D$88 -> 42502.185 | G11: =G5*Inputs!$D$89 -> 52161.772
A12: of which stock comp | B12: =Historicals!D49 -> 1158 | C12: =Historicals!F49+Historicals!H19+Inputs!$D$75*Historicals!H29 -> 4769.5081 | D12: =D5*Inputs!$D$90 -> 11448.4 | E12: =E5*Inputs!$D$91 -> 18031.23 | F12: =F5*Inputs!$D$92 -> 23183.01 | G12: =G5*Inputs!$D$93 -> 26080.886
A13: Sales, marketing & partner fees | B13: =Historicals!D39 -> 568 | C13: =Historicals!F39+Historicals!H9+Inputs!$D$75*Historicals!H25 -> 8870.8259 | D13: =D5*Inputs!$D$94 -> 22896.8 | E13: =E5*Inputs!$D$95 -> 38638.35 | F13: =F5*Inputs!$D$96 -> 54093.69 | G13: =G5*Inputs!$D$97 -> 67810.304
A14: Other operating & administrative | B14: =Historicals!D40 -> 1412 | C14: =Historicals!F40+Historicals!H10-Inputs!$B$37+Inputs!$D$75*(Historicals!H10-Inputs!$B$37)/Historicals!H5 -> 5646.3171 | D14: =D5*Inputs!$D$98 -> 10017.35 | E14: =E5*Inputs!$D$99 -> 15455.34 | F14: =F5*Inputs!$D$100 -> 19319.175 | G14: =G5*Inputs!$D$101 -> 26080.886
A15: One-time items (2025 Bartz settlement; 2026 Q3 donation-matching charge) | B15: =Historicals!D38 -> 1500 | C15: =Inputs!$B$37 -> 1960 | D15: 0 | E15: 0 | F15: 0 | G15: 0
A16: Total operating expenses | B16: =B10+B11+B13+B14+B15 -> 12645 | C16: =C10+C11+C13+C14+C15 -> 52649.941 | D16: =D10+D11+D13+D14+D15 -> 106405 | E16: =E10+E11+E13+E14+E15 -> 172823.89 | F16: =F10+F11+F13+F14+F15 -> 243253.35 | G16: =G10+G11+G13+G14+G15 -> 311592.76
A17: Operating income before depreciation of new owned capacity | B17: =B5-B16 -> -8060 | C17: =C5-C16 -> 4592.0594 | D17: =D5-D16 -> 36700 | E17: =E5-E16 -> 84765.11 | F17: =F5-F16 -> 143130.15 | G17: =G5-G16 -> 210024.97
A18: Margin | B18: =IFERROR(B17/B5,0) -> -1.7579062 | C18: =IFERROR(C17/C5,0) -> 0.080221855 | D18: =IFERROR(D17/D5,0) -> 0.25645505 | E18: =IFERROR(E17/E5,0) -> 0.32907116 | F18: =IFERROR(F17/F5,0) -> 0.37043545 | G18: =IFERROR(G17/G5,0) -> 0.40264155
A19: Compute % of revenue | B19: =IFERROR(B10/B5,0) -> 1.597819 | C19: =IFERROR(C10/C5,0) -> 0.50466441 | D19: =IFERROR(D10/D5,0) -> 0.38354495 | E19: =IFERROR(E10/E5,0) -> 0.34092884 | F19: =IFERROR(F10/F5,0) -> 0.32956455 | G19: =IFERROR(G10/G5,0) -> 0.31735845
A20: Non-cash donation-matching charges (incl. in costs above) | C20: =Historicals!$B$78+Inputs!$B$37 -> 2086 | D20: 0 | E20: 0 | F20: 0 | G20: 0
A21: Discount factor to end 2026 | D21: =1/(1+Inputs!$B$19+Inputs!$D$104)^1 -> 0.89285714 | E21: =1/(1+Inputs!$B$19+Inputs!$D$104)^2 -> 0.79719388 | F21: =1/(1+Inputs!$B$19+Inputs!$D$104)^3 -> 0.71178025 | G21: =1/(1+Inputs!$B$19+Inputs!$D$104)^4 -> 0.63551808
A22: Committed compute floor ($mm; dated table + short-term + undated remainder by floor weights; 2026 = Q4) | C22: =Inputs!B$69+Inputs!$B$47*Inputs!$B$46 -> 11231 | D22: =Inputs!C$69+Inputs!$B$47*(1-Inputs!$B$46)+Inputs!$B$70*Inputs!$D$109 -> 97550 | E22: =Inputs!D$69+Inputs!$B$70*Inputs!$D$110 -> 107338.25 | F22: =Inputs!E$69+Inputs!$B$70*Inputs!$D$111 -> 117031.38 | G22: =Inputs!F$69+Inputs!$B$70*Inputs!$D$112 -> 114349.38
A23: Third business line: value-share partnerships (hypothetical)
A24: Share of core revenue base under value-share | C24: 0 | D24: =Inputs!$D$118 -> 0.04 | E24: =Inputs!$D$119 -> 0.1 | F24: =Inputs!$D$120 -> 0.18 | G24: =Inputs!$D$121 -> 0.25
A25: Revenue base moved to value-share | C25: =C5*C24 -> 0 | D25: =D5*D24 -> 5724.2 | E25: =E5*E24 -> 25758.9 | F25: =F5*F24 -> 69549.03 | G25: =G5*G24 -> 130404.43
A26: Value created per $1 of Claude spend | C26: =Inputs!$D$122 -> 12 | D26: =Inputs!$D$122 -> 12 | E26: =Inputs!$D$122 -> 12 | F26: =Inputs!$D$122 -> 12 | G26: =Inputs!$D$122 -> 12
A27: Economic value created for partners | C27: =C25*C26 -> 0 | D27: =D25*D26 -> 68690.4 | E27: =E25*E26 -> 309106.8 | F27: =F25*F26 -> 834588.36 | G27: =G25*G26 -> 1564853.2
A28: Anthropic's cut | C28: =Inputs!$D$123 -> 0.2 | D28: =Inputs!$D$123 -> 0.2 | E28: =Inputs!$D$123 -> 0.2 | F28: =Inputs!$D$123 -> 0.2 | G28: =Inputs!$D$123 -> 0.2
A29: Value-share revenue (gross) | C29: =C27*C28 -> 0 | D29: =D27*D28 -> 13738.08 | E29: =E27*E28 -> 61821.36 | F29: =F27*F28 -> 166917.67 | G29: =G27*G28 -> 312970.64
A30: Token revenue given up | C30: =C25*Inputs!$D$124 -> 0 | D30: =D25*Inputs!$D$124 -> 1144.84 | E30: =E25*Inputs!$D$124 -> 5151.78 | F30: =F25*Inputs!$D$124 -> 13909.806 | G30: =G25*Inputs!$D$124 -> 26080.886
A31: Net new revenue | C31: =C29-C30 -> 0 | D31: =D29-D30 -> 12593.24 | E31: =E29-E30 -> 56669.58 | F31: =F29-F30 -> 153007.87 | G31: =G29-G30 -> 286889.75
A32: Delivery cost | C32: =C29*Inputs!$D$125 -> 0 | D32: =D29*Inputs!$D$125 -> 2060.712 | E32: =E29*Inputs!$D$125 -> 9273.204 | F32: =F29*Inputs!$D$125 -> 25037.651 | G32: =G29*Inputs!$D$125 -> 46945.595
A33: Extra compute | C33: =C29*Inputs!$D$126 -> 0 | D33: =D29*Inputs!$D$126 -> 1373.808 | E33: =E29*Inputs!$D$126 -> 6182.136 | F33: =F29*Inputs!$D$126 -> 16691.767 | G33: =G29*Inputs!$D$126 -> 31297.064
A34: Selling, partner fees & overhead | C34: =C29*Inputs!$D$127 -> 0 | D34: =D29*Inputs!$D$127 -> 1099.0464 | E34: =E29*Inputs!$D$127 -> 4945.7088 | F34: =F29*Inputs!$D$127 -> 13353.414 | G34: =G29*Inputs!$D$127 -> 25037.651
A35: Value-share operating contribution | C35: =C29-C30-C32-C33-C34 -> 0 | D35: =D29-D30-D32-D33-D34 -> 8059.6736 | E35: =E29-E30-E32-E33-E34 -> 36268.531 | F35: =F29-F30-F32-F33-F34 -> 97925.034 | G35: =G29-G30-G32-G33-G34 -> 183609.44
A36: Value created as % of $40T knowledge-work pool | C36: =IFERROR(C27/Inputs!$B$27,0) -> 0 | D36: =IFERROR(D27/Inputs!$B$27,0) -> 0.00171726 | E36: =IFERROR(E27/Inputs!$B$27,0) -> 0.00772767 | F36: =IFERROR(F27/Inputs!$B$27,0) -> 0.020864709 | G36: =IFERROR(G27/Inputs!$B$27,0) -> 0.039121329
A37: Value-share capital spending (per selected basis) | C37: =CHOOSE(Inputs!$B$35,C31*Inputs!B$67,C29*Inputs!$B$36,0) -> 0 | D37: =CHOOSE(Inputs!$B$35,D31*Inputs!C$67,D29*Inputs!$B$36,0) -> 503.7296 | E37: =CHOOSE(Inputs!$B$35,E31*Inputs!D$67,E29*Inputs!$B$36,0) -> 2833.479 | F37: =CHOOSE(Inputs!$B$35,F31*Inputs!E$67,F29*Inputs!$B$36,0) -> 7650.3933 | G37: =CHOOSE(Inputs!$B$35,G31*Inputs!F$67,G29*Inputs!$B$36,0) -> 14344.487
A38: Value-share collection timing (working capital) | C38: 0 | D38: =-(D29-C29)*Inputs!$B$34/365 -> 0 | E38: =-(E29-D29)*Inputs!$B$34/365 -> 0 | F38: =-(F29-E29)*Inputs!$B$34/365 -> 0 | G38: =-(G29-F29)*Inputs!$B$34/365 -> 0
A40: Prepaid compute roll-forward (cash paid ahead of use)
A41: Prepaid balance, opening | C41: 0 | D41: =C46 -> 0 | E41: =D46 -> 0 | F41: =E46 -> 0 | G41: =F46 -> 0
A42: Prepayment paid (start of year) | C42: 0 | D42: =Inputs!$D$107 -> 0 | E42: 0 | F42: 0 | G42: 0
A43: Scheduled credits available (cumulative scheduled less used) | C43: =MAX(0,0) -> 0 | D43: =MAX(0,0) -> 0 | E43: =MAX(0,$D$42/Inputs!$B$40*MIN(1,Inputs!$B$40)-SUM($C45:D45)) -> 0 | F43: =MAX(0,$D$42/Inputs!$B$40*MIN(2,Inputs!$B$40)-SUM($C45:E45)) -> 0 | G43: =MAX(0,$D$42/Inputs!$B$40*MIN(3,Inputs!$B$40)-SUM($C45:F45)) -> 0
A44: Eligible compute charges this year | C44: =C10*Inputs!$B$39 -> 28888 | D44: =D10*Inputs!$B$39 -> 54887.2 | E44: =E10*Inputs!$B$39 -> 87819.52 | F44: =F10*Inputs!$B$39 -> 127338.3 | G44: =G10*Inputs!$B$39 -> 165539.8
A45: Credits used (capped by balance, schedule and eligible charges) | C45: =MAX(0,MIN(C41+C42,C43,C44)) -> 0 | D45: =MAX(0,MIN(D41+D42,D43,D44)) -> 0 | E45: =MAX(0,MIN(E41+E42,E43,E44)) -> 0 | F45: =MAX(0,MIN(F41+F42,F43,F44)) -> 0 | G45: =MAX(0,MIN(G41+G42,G43,G44)) -> 0
A46: Prepaid balance, closing | C46: =C41+C42-C45 -> 0 | D46: =D41+D42-D45 -> 0 | E46: =E41+E42-E45 -> 0 | F46: =F41+F42-F45 -> 0 | G46: =G41+G42-G45 -> 0
A48: Core business (tokens + subscriptions): earnings, taxes, cash
A49: Revenue | C49: =C5 -> 57242 | D49: =D5 -> 143105 | E49: =E5 -> 257589 | F49: =F5 -> 386383.5 | G49: =G5 -> 521617.72
A50: Operating income before depreciation of new owned capacity | C50: =C17 -> 4592.0594 | D50: =D17 -> 36700 | E50: =E17 -> 84765.11 | F50: =F17 -> 143130.15 | G50: =G17 -> 210024.97
A51: Capital spending | C51: =C5*Inputs!B$67 -> 1717.26 | D51: =D5*Inputs!C$67 -> 5724.2 | E51: =E5*Inputs!D$67 -> 12879.45 | F51: =F5*Inputs!E$67 -> 19319.175 | G51: =G5*Inputs!F$67 -> 26080.886
A52: Depreciation of owned capacity bought from 2027 | C52: 0 | D52: =SUMPRODUCT($D51:D51,--((4-COLUMN($D51:D51))<Inputs!$B$32))/Inputs!$B$32 -> 1144.84 | E52: =SUMPRODUCT($D51:E51,--((5-COLUMN($D51:E51))<Inputs!$B$32))/Inputs!$B$32 -> 3720.73 | F52: =SUMPRODUCT($D51:F51,--((6-COLUMN($D51:F51))<Inputs!$B$32))/Inputs!$B$32 -> 7584.565 | G52: =SUMPRODUCT($D51:G51,--((7-COLUMN($D51:G51))<Inputs!$B$32))/Inputs!$B$32 -> 12800.742
A53: Operating income (earnings basis, after stock comp) | C53: =C50-C52 -> 4592.0594 | D53: =D50-D52 -> 35555.16 | E53: =E50-E52 -> 81044.38 | F53: =F50-F52 -> 135545.58 | G53: =G50-G52 -> 197224.22
A54: Operating margin | C54: =IFERROR(C53/C49,0) -> 0.080221855 | D54: =IFERROR(D53/D49,0) -> 0.24845505 | E54: =IFERROR(E53/E49,0) -> 0.31462671 | F54: =IFERROR(F53/F49,0) -> 0.35080582 | G54: =IFERROR(G53/G49,0) -> 0.37810108
A55: Interest income (on opening cash) | C55: =Historicals!F43+Historicals!H13+C80*Inputs!$B$20/4 -> 3183.0312 | D55: =MAX(0,D80-D81)*Inputs!$B$20 -> 3475.3002 | E55: =MAX(0,E80-E81)*Inputs!$B$20 -> 4401.3593 | F55: =MAX(0,F80-F81)*Inputs!$B$20 -> 6237.8231 | G55: =MAX(0,G80-G81)*Inputs!$B$20 -> 9203.2858
A56: Other taxable income adjustments | C56: =Inputs!B$68 -> 0 | D56: =Inputs!C$68 -> 0 | E56: =Inputs!D$68 -> 0 | F56: =Inputs!E$68 -> 0 | G56: =Inputs!F$68 -> 0
A57: IPO RSU tax deduction | C57: =IF(Inputs!$B$63=2026,Inputs!$B$62,0) -> 0 | D57: =IF(Inputs!$B$63=2027,Inputs!$B$62,0) -> 0 | E57: =IF(Inputs!$B$63=2028,Inputs!$B$62,0) -> 0 | F57: =IF(Inputs!$B$63=2029,Inputs!$B$62,0) -> 0 | G57: =IF(Inputs!$B$63=2030,Inputs!$B$62,0) -> 0
A58: Taxable income proxy | C58: =C53+C55+C56-C57 -> 7775.0907 | D58: =D53+D55+D56-D57 -> 39030.46 | E58: =E53+E55+E56-E57 -> 85445.739 | F58: =F53+F55+F56-F57 -> 141783.4 | G58: =G53+G55+G56-G57 -> 206427.51
A59: State taxable base (apportioned) | C59: =C58*Inputs!$B$58 -> 5598.0653 | D59: =D58*Inputs!$B$58 -> 28101.931 | E59: =E58*Inputs!$B$58 -> 61520.932 | F59: =F58*Inputs!$B$58 -> 102084.05 | G59: =G58*Inputs!$B$58 -> 148627.81
A60: State NOL, opening | C60: =Inputs!$B$60 -> 4200 | D60: =C62 -> 4200 | E60: =D62 -> 0 | F60: =E62 -> 0 | G60: =F62 -> 0
A61: State NOL used | C61: =IF(AND(2026=2026,Inputs!$B$61=1),0,MIN(C60,MAX(0,C59))) -> 0 | D61: =IF(AND(2027=2026,Inputs!$B$61=1),0,MIN(D60,MAX(0,D59))) -> 4200 | E61: =IF(AND(2028=2026,Inputs!$B$61=1),0,MIN(E60,MAX(0,E59))) -> 0 | F61: =IF(AND(2029=2026,Inputs!$B$61=1),0,MIN(F60,MAX(0,F59))) -> 0 | G61: =IF(AND(2030=2026,Inputs!$B$61=1),0,MIN(G60,MAX(0,G59))) -> 0
A62: State NOL, closing | C62: =C60-C61+MAX(0,-C59) -> 4200 | D62: =D60-D61+MAX(0,-D59) -> 0 | E62: =E60-E61+MAX(0,-E59) -> 0 | F62: =F60-F61+MAX(0,-F59) -> 0 | G62: =G60-G61+MAX(0,-G59) -> 0
A63: State tax | C63: =MAX(0,C59-C61)*Inputs!$B$59 -> 335.88392 | D63: =MAX(0,D59-D61)*Inputs!$B$59 -> 1434.1159 | E63: =MAX(0,E59-E61)*Inputs!$B$59 -> 3691.2559 | F63: =MAX(0,F59-F61)*Inputs!$B$59 -> 6125.0431 | G63: =MAX(0,G59-G61)*Inputs!$B$59 -> 8917.6684
A64: Federal taxable income before NOL (after state tax) | C64: =C58-C63 -> 7439.2068 | D64: =D58-D63 -> 37596.344 | E64: =E58-E63 -> 81754.483 | F64: =F58-F63 -> 135658.36 | G64: =G58-G63 -> 197509.84
A65: Federal NOL, opening | C65: =Inputs!$B$56 -> 8200 | D65: =C67 -> 2248.6346 | E65: =D67 -> 0 | F65: =E67 -> 0 | G65: =F67 -> 0
A66: Federal NOL used (80% limit) | C66: =MIN(C65,Inputs!$B$57*MAX(0,C64)) -> 5951.3654 | D66: =MIN(D65,Inputs!$B$57*MAX(0,D64)) -> 2248.6346 | E66: =MIN(E65,Inputs!$B$57*MAX(0,E64)) -> 0 | F66: =MIN(F65,Inputs!$B$57*MAX(0,F64)) -> 0 | G66: =MIN(G65,Inputs!$B$57*MAX(0,G64)) -> 0
A67: Federal NOL, closing | C67: =C65-C66+MAX(0,-C64) -> 2248.6346 | D67: =D65-D66+MAX(0,-D64) -> 0 | E67: =E65-E66+MAX(0,-E64) -> 0 | F67: =F65-F66+MAX(0,-F64) -> 0 | G67: =G65-G66+MAX(0,-G64) -> 0
A68: Federal tax | C68: =MAX(0,C64-C66)*Inputs!$B$55 -> 312.44668 | D68: =MAX(0,D64-D66)*Inputs!$B$55 -> 7423.019 | E68: =MAX(0,E64-E66)*Inputs!$B$55 -> 17168.442 | F68: =MAX(0,F64-F66)*Inputs!$B$55 -> 28488.256 | G68: =MAX(0,G64-G66)*Inputs!$B$55 -> 41477.067
A69: Cash taxes (selected method) | C69: =IF(Inputs!$D$105=0,MAX(0,C53+C55)*Inputs!B$66,IF(Inputs!$D$105=2,MAX(0,C58)*Inputs!$D$106,C63+C68)) -> 648.3306 | D69: =IF(Inputs!$D$105=0,MAX(0,D53+D55)*Inputs!C$66,IF(Inputs!$D$105=2,MAX(0,D58)*Inputs!$D$106,D63+D68)) -> 8857.1349 | E69: =IF(Inputs!$D$105=0,MAX(0,E53+E55)*Inputs!D$66,IF(Inputs!$D$105=2,MAX(0,E58)*Inputs!$D$106,E63+E68)) -> 20859.697 | F69: =IF(Inputs!$D$105=0,MAX(0,F53+F55)*Inputs!E$66,IF(Inputs!$D$105=2,MAX(0,F58)*Inputs!$D$106,F63+F68)) -> 34613.299 | G69: =IF(Inputs!$D$105=0,MAX(0,G53+G55)*Inputs!F$66,IF(Inputs!$D$105=2,MAX(0,G58)*Inputs!$D$106,G63+G68)) -> 50394.735
A70: Effective tax rate on taxable income | C70: =IF(C58>0,MIN(1,C69/C58),0) -> 0.0833856 | D70: =IF(D58>0,MIN(1,D69/D58),0) -> 0.22692879 | E70: =IF(E58>0,MIN(1,E69/E58),0) -> 0.244128 | F70: =IF(F58>0,MIN(1,F69/F58),0) -> 0.244128 | G70: =IF(G58>0,MIN(1,G69/G58),0) -> 0.244128
A71: Net income excl. non-cash fair value items | C71: =C53+C55-C69 -> 7126.7601 | D71: =D53+D55-D69 -> 30173.325 | E71: =E53+E55-E69 -> 64586.042 | F71: =F53+F55-F69 -> 107170.11 | G71: =G53+G55-G69 -> 156032.78
A72: Non-cash stock comp & donation charges (added back for liquidity) | C72: =C12+C20 -> 6855.5081 | D72: =D12+D20 -> 11448.4 | E72: =E12+E20 -> 18031.23 | F72: =F12+F20 -> 23183.01 | G72: =G12+G20 -> 26080.886
A73: Working capital | C73: 0 | D73: =-(D5-C5)*Inputs!$B$33 -> 0 | E73: =-(E5-D5)*Inputs!$B$33 -> 0 | F73: =-(F5-E5)*Inputs!$B$33 -> 0 | G73: =-(G5-F5)*Inputs!$B$33 -> 0
A74: Compute prepayment timing (non-recurring; excluded from exit value) | C74: =-C$42+C$45 -> 0 | D74: =-D$42+D$45 -> 0 | E74: =-E$42+E$45 -> 0 | F74: =-F$42+F$45 -> 0 | G74: =-G$42+G$45 -> 0
A75: Actual cash flow (liquidity basis) | C75: =C53+C72+C52+C55-C69-C51+C73+C74 -> 12265.008 | D75: =D53+D72+D52+D55-D69-D51+D73+D74 -> 37042.365 | E75: =E53+E72+E52+E55-E69-E51+E73+E74 -> 73458.552 | F75: =F53+F72+F52+F55-F69-F51+F73+F74 -> 118618.51 | G75: =G53+G72+G52+G55-G69-G51+G73+G74 -> 168833.52
A76: Economic operating cash flow (valuation basis: after stock comp, excl. interest) | C76: =C53+C52-(C69-C55*C70)-C51+C73+C74 -> 2491.8878 | D76: =D53+D52-(D69-D55*D70)-D51+D73+D74 -> 22907.311 | E76: =E53+E52-(E69-E55*E70)-E51+E73+E74 -> 52100.458 | F76: =F53+F52-(F69-F55*F70)-F51+F73+F74 -> 90720.499 | G76: =G53+G52-(G69-G55*G70)-G51+G73+G74 -> 135796.13
A77: Economic cash flow margin | C77: =IFERROR(C76/C49,0) -> 0.043532508 | D77: =IFERROR(D76/D49,0) -> 0.16007345 | E77: =IFERROR(E76/E49,0) -> 0.20226197 | F77: =IFERROR(F76/F49,0) -> 0.23479393 | G77: =IFERROR(G76/G49,0) -> 0.26033649
A79: Cash roll-forward | C79: Q4 2026 | D79: 2027E | E79: 2028E | F79: 2029E | G79: 2030E
A80: Opening cash | C80: =Inputs!$B$41 -> 131845 | D80: =C85 -> 139012.01 | E80: =D85 -> 176054.37 | F80: =E85 -> 249512.93 | G80: =F85 -> 368131.43
A81: of which paid at start of year (prepayment) | C81: =C$42 -> 0 | D81: =D$42 -> 0 | E81: =E$42 -> 0 | F81: =F$42 -> 0 | G81: =G$42 -> 0
A82: Cash flow in period (Q4 only for 2026) | B82: 2026: full-year cash flow less H1 and Q3 actual on the same basis | C82: =C75-Historicals!$B$79-Historicals!$B$95 -> 7167.0082 | D82: =D75 -> 37042.365 | E82: =E75 -> 73458.552 | F82: =F75 -> 118618.51 | G82: =G75 -> 168833.52
A83: RSU tax withholding paid | C83: =-Inputs!$B$17 -> 0 | D83: 0 | E83: 0 | F83: 0 | G83: 0
A84: Primary IPO proceeds | C84: =Inputs!$B$15 -> 0 | D84: 0 | E84: 0 | F84: 0 | G84: 0
A85: Closing cash | C85: =C80+C82+C83+C84 -> 139012.01 | D85: =D80+D82+D83+D84 -> 176054.37 | E85: =E80+E82+E83+E84 -> 249512.93 | F85: =F80+F82+F83+F84 -> 368131.43 | G85: =G80+G82+G83+G84 -> 536964.95
A86: Lowest cash in the year (start-of-year payments or year end) | C86: =MIN(C80-C81,C85) -> 131845 | D86: =MIN(D80-D81,D85) -> 139012.01 | E86: =MIN(E80-E81,E85) -> 176054.37 | F86: =MIN(F80-F81,F85) -> 249512.93 | G86: =MIN(G80-G81,G85) -> 368131.43
A87: Lowest cash above the shortfall threshold | C87: =C86-Inputs!$B$29 -> 126845 | D87: =D86-Inputs!$B$29 -> 134012.01 | E87: =E86-Inputs!$B$29 -> 171054.37 | F87: =F86-Inputs!$B$29 -> 244512.93 | G87: =G86-Inputs!$B$29 -> 363131.43
A88: Year-end cash vs $5B covenant (cash proxy) | C88: =IF(C85<Inputs!$B$38,"Below","OK") -> OK | D88: =IF(D85<Inputs!$B$38,"Below","OK") -> OK | E88: =IF(E85<Inputs!$B$38,"Below","OK") -> OK | F88: =IF(F85<Inputs!$B$38,"Below","OK") -> OK | G88: =IF(G85<Inputs!$B$38,"Below","OK") -> OK
A89: Funding status | C89: =IF(C87<0,"Shortfall","OK") -> OK | D89: =IF(D87<0,"Shortfall","OK") -> OK | E89: =IF(E87<0,"Shortfall","OK") -> OK | F89: =IF(F87<0,"Shortfall","OK") -> OK | G89: =IF(G87<0,"Shortfall","OK") -> OK
A90: Peak funding need (intra-year) | G90: =MAX(0,-MIN(C87:G87)) -> 0
A91: Sensitivity: peak funding need with a $0 buffer | G91: =MAX(0,-MIN(C86:G86)) -> 0
A92: Funded cash path (illustrative equity raise) | C92: Q4 2026 | D92: 2027E | E92: 2028E | F92: 2029E | G92: 2030E
A93: Financing year (start of the first shortfall year; proceeds arrive with the payment) | G93: =IF(G90=0,"none",IFERROR(2025+MATCH(1,INDEX(--(C87:G87<0),0),0),"none")) -> none
A94: Net proceeds needed (covers peak need) | G94: =G90 -> 0
A95: Issuance fees | G95: =G94/(1-Inputs!$B$31)*Inputs!$B$31 -> 0
A96: Gross amount raised | G96: =G94+G95 -> 0
A97: Net proceeds received in year | C97: =IF(AND(ISNUMBER($G$93),$G$93=2026),$G$94,0) -> 0 | D97: =IF(AND(ISNUMBER($G$93),$G$93=2027),$G$94,0) -> 0 | E97: =IF(AND(ISNUMBER($G$93),$G$93=2028),$G$94,0) -> 0 | F97: =IF(AND(ISNUMBER($G$93),$G$93=2029),$G$94,0) -> 0 | G97: =IF(AND(ISNUMBER($G$93),$G$93=2030),$G$94,0) -> 0
A98: Interest change vs. unfunded path (funded balance after start-of-year payments) | C98: =C97*Inputs!$B$20/4 -> 0 | D98: =MAX(0,C100-D81+D97)*Inputs!$B$20-D55 -> 0 | E98: =MAX(0,D100-E81+E97)*Inputs!$B$20-E55 -> 0 | F98: =MAX(0,E100-F81+F97)*Inputs!$B$20-F55 -> 0 | G98: =MAX(0,F100-G81+G97)*Inputs!$B$20-G55 -> 0
A99: Extra tax on that interest | C99: =C98*C70 -> 0 | D99: =D98*D70 -> 0 | E99: =E98*E70 -> 0 | F99: =F98*F70 -> 0 | G99: =G98*G70 -> 0
A100: Closing cash — funded | C100: =C85+SUM($C97:C97)+SUM($C98:C98)-SUM($C99:C99) -> 139012.01 | D100: =D85+SUM($C97:D97)+SUM($C98:D98)-SUM($C99:D99) -> 176054.37 | E100: =E85+SUM($C97:E97)+SUM($C98:E98)-SUM($C99:E99) -> 249512.93 | F100: =F85+SUM($C97:F97)+SUM($C98:F98)-SUM($C99:F99) -> 368131.43 | G100: =G85+SUM($C97:G97)+SUM($C98:G98)-SUM($C99:G99) -> 536964.95
A101: Lowest cash in the year — funded | C101: =MIN(C80-C81+0+C97,C100) -> 131845 | D101: =MIN(D80-D81+SUM($C97:C97)+SUM($C98:C98)-SUM($C99:C99)+D97,D100) -> 139012.01 | E101: =MIN(E80-E81+SUM($C97:D97)+SUM($C98:D98)-SUM($C99:D99)+E97,E100) -> 176054.37 | F101: =MIN(F80-F81+SUM($C97:E97)+SUM($C98:E98)-SUM($C99:E99)+F97,F100) -> 249512.93 | G101: =MIN(G80-G81+SUM($C97:F97)+SUM($C98:F98)-SUM($C99:F99)+G97,G100) -> 368131.43
A102: Funded path stays above threshold? | C102: =IF(C101-Inputs!$B$29<-0.5,"No","Yes") -> Yes | D102: =IF(D101-Inputs!$B$29<-0.5,"No","Yes") -> Yes | E102: =IF(E101-Inputs!$B$29<-0.5,"No","Yes") -> Yes | F102: =IF(F101-Inputs!$B$29<-0.5,"No","Yes") -> Yes | G102: =IF(G101-Inputs!$B$29<-0.5,"No","Yes") -> Yes
A104: Hybrid company (core + value-share): earnings, taxes, cash
A105: Revenue | C105: =C5+C31 -> 57242 | D105: =D5+D31 -> 155698.24 | E105: =E5+E31 -> 314258.58 | F105: =F5+F31 -> 539391.37 | G105: =G5+G31 -> 808507.47
...

Sheet S1
A1: S1 Flat revenue — projections, cash and valuation ($ millions except per share)
A2: 2026E = H1 2026 actual + Q3 2026 actual (S-1/A) + assumed Q4. Compute is forecast as cash spending (hosting, leases and owned capacity all treated as paid when expensed); the S-1 gives no payment schedule.
A4: Core business: income statement | B4: 2025A | C4: 2026E | D4: 2027E | E4: 2028E | F4: 2029E | G4: 2030E
A5: Revenue | B5: =Historicals!D35 -> 4585 | C5: =Historicals!F35+(Inputs!$B$5+Inputs!$G$75) -> 54242 | D5: =C5*(1+Inputs!$G$77) -> 54242 | E5: =D5*(1+Inputs!$G$78) -> 54242 | F5: =E5*(1+Inputs!$G$79) -> 54242 | G5: =F5*(1+Inputs!$G$80) -> 54242
A6: Growth | C6: =IFERROR(C5/B5-1,0) -> 10.830316 | D6: =IFERROR(D5/C5-1,0) -> 0 | E6: =IFERROR(E5/D5-1,0) -> 0 | F6: =IFERROR(F5/E5-1,0) -> 0 | G6: =IFERROR(G5/F5-1,0) -> 0
A7: Subscription revenue | B7: =Historicals!D51 -> 789 | C7: =Historicals!F51+(Inputs!$B$5+Inputs!$G$75)*Historicals!F51/Historicals!F35 -> 10731.163 | D7: =D5*Inputs!$G$76 -> 10848.4 | E7: =E5*Inputs!$G$76 -> 10848.4 | F7: =F5*Inputs!$G$76 -> 10848.4 | G7: =G5*Inputs!$G$76 -> 10848.4
A8: Consumption revenue | B8: =B5-B7 -> 3796 | C8: =C5-C7 -> 43510.837 | D8: =D5-D7 -> 43393.6 | E8: =E5-E7 -> 43393.6 | F8: =F5-F7 -> 43393.6 | G8: =G5-G7 -> 43393.6
A9: Compute on its own growth schedule (before any commitment floor) | C9: =Historicals!F36+Historicals!H6+Inputs!$G$75*Inputs!$G$81 -> 28258 | D9: =(C9-Inputs!$G$113)*(1+Inputs!$G$82) -> 48038.6 | E9: =D9*(1+Inputs!$G$83) -> 69655.97 | F9: =E9*(1+Inputs!$G$84) -> 90552.761 | G9: =F9*(1+Inputs!$G$85) -> 108663.31
A10: Compute and infrastructure | B10: =Historicals!D36 -> 7326 | C10: =Historicals!F36+Historicals!H6+MAX(Inputs!$G$75*Inputs!$G$81,Inputs!$G$108*C22) -> 28258 | D10: =MAX(D9,Inputs!$G$108*D22) -> 48038.6 | E10: =MAX(E9,Inputs!$G$108*E22) -> 69655.97 | F10: =MAX(F9,Inputs!$G$108*F22) -> 90552.761 | G10: =MAX(G9,Inputs!$G$108*G22) -> 108663.31
A11: Personnel (incl. stock comp) | B11: =Historicals!D37 -> 1839 | C11: =Historicals!F37+Historicals!H7+Inputs!$G$75*Historicals!H24 -> 6982.0729 | D11: =D5*Inputs!$G$86 -> 7593.88 | E11: =E5*Inputs!$G$87 -> 7051.46 | F11: =F5*Inputs!$G$88 -> 6509.04 | G11: =G5*Inputs!$G$89 -> 5966.62
A12: of which stock comp | B12: =Historicals!D49 -> 1158 | C12: =Historicals!F49+Historicals!H19+Inputs!$G$75*Historicals!H29 -> 4580.1946 | D12: =D5*Inputs!$G$90 -> 4881.78 | E12: =E5*Inputs!$G$91 -> 4339.36 | F12: =F5*Inputs!$G$92 -> 3796.94 | G12: =G5*Inputs!$G$93 -> 3254.52
A13: Sales, marketing & partner fees | B13: =Historicals!D39 -> 568 | C13: =Historicals!F39+Historicals!H9+Inputs!$G$75*Historicals!H25 -> 8453.0977 | D13: =D5*Inputs!$G$94 -> 9221.14 | E13: =E5*Inputs!$G$95 -> 8678.72 | F13: =F5*Inputs!$G$96 -> 8136.3 | G13: =G5*Inputs!$G$97 -> 8136.3
A14: Other operating & administrative | B14: =Historicals!D40 -> 1412 | C14: =Historicals!F40+Historicals!H10-Inputs!$B$37+Inputs!$G$75*(Historicals!H10-Inputs!$B$37)/Historicals!H5 -> 5358.2774 | D14: =D5*Inputs!$G$98 -> 4339.36 | E14: =E5*Inputs!$G$99 -> 3796.94 | F14: =F5*Inputs!$G$100 -> 3254.52 | G14: =G5*Inputs!$G$101 -> 3254.52
A15: One-time items (2025 Bartz settlement; 2026 Q3 donation-matching charge) | B15: =Historicals!D38 -> 1500 | C15: =Inputs!$B$37 -> 1960 | D15: 0 | E15: 0 | F15: 0 | G15: 0
A16: Total operating expenses | B16: =B10+B11+B13+B14+B15 -> 12645 | C16: =C10+C11+C13+C14+C15 -> 51011.448 | D16: =D10+D11+D13+D14+D15 -> 69192.98 | E16: =E10+E11+E13+E14+E15 -> 89183.09 | F16: =F10+F11+F13+F14+F15 -> 108452.62 | G16: =G10+G11+G13+G14+G15 -> 126020.75
A17: Operating income before depreciation of new owned capacity | B17: =B5-B16 -> -8060 | C17: =C5-C16 -> 3230.552 | D17: =D5-D16 -> -14950.98 | E17: =E5-E16 -> -34941.09 | F17: =F5-F16 -> -54210.621 | G17: =G5-G16 -> -71778.753
A18: Margin | B18: =IFERROR(B17/B5,0) -> -1.7579062 | C18: =IFERROR(C17/C5,0) -> 0.059558129 | D18: =IFERROR(D17/D5,0) -> -0.27563475 | E18: =IFERROR(E17/E5,0) -> -0.64417038 | F18: =IFERROR(F17/F5,0) -> -0.9994215 | G18: =IFERROR(G17/G5,0) -> -1.3233058
A19: Compute % of revenue | B19: =IFERROR(B10/B5,0) -> 1.597819 | C19: =IFERROR(C10/C5,0) -> 0.52096162 | D19: =IFERROR(D10/D5,0) -> 0.88563475 | E19: =IFERROR(E10/E5,0) -> 1.2841704 | F19: =IFERROR(F10/F5,0) -> 1.6694215 | G19: =IFERROR(G10/G5,0) -> 2.0033058
A20: Non-cash donation-matching charges (incl. in costs above) | C20: =Historicals!$B$78+Inputs!$B$37 -> 2086 | D20: 0 | E20: 0 | F20: 0 | G20: 0
A21: Discount factor to end 2026 | D21: =1/(1+Inputs!$B$19+Inputs!$G$104)^1 -> 0.89285714 | E21: =1/(1+Inputs!$B$19+Inputs!$G$104)^2 -> 0.79719388 | F21: =1/(1+Inputs!$B$19+Inputs!$G$104)^3 -> 0.71178025 | G21: =1/(1+Inputs!$B$19+Inputs!$G$104)^4 -> 0.63551808
A22: Committed compute floor ($mm; dated table + short-term + undated remainder by floor weights; 2026 = Q4) | C22: =Inputs!B$69+Inputs!$B$47*Inputs!$B$46 -> 11231 | D22: =Inputs!C$69+Inputs!$B$47*(1-Inputs!$B$46)+Inputs!$B$70*Inputs!$G$109 -> 97550 | E22: =Inputs!D$69+Inputs!$B$70*Inputs!$G$110 -> 107338.25 | F22: =Inputs!E$69+Inputs!$B$70*Inputs!$G$111 -> 117031.38 | G22: =Inputs!F$69+Inputs!$B$70*Inputs!$G$112 -> 114349.38
A23: Third business line: value-share partnerships (hypothetical)
A24: Share of core revenue base under value-share | C24: 0 | D24: =Inputs!$C$118 -> 0.02 | E24: =Inputs!$C$119 -> 0.05 | F24: =Inputs!$C$120 -> 0.1 | G24: =Inputs!$C$121 -> 0.15
A25: Revenue base moved to value-share | C25: =C5*C24 -> 0 | D25: =D5*D24 -> 1084.84 | E25: =E5*E24 -> 2712.1 | F25: =F5*F24 -> 5424.2 | G25: =G5*G24 -> 8136.3
A26: Value created per $1 of Claude spend | C26: =Inputs!$C$122 -> 8 | D26: =Inputs!$C$122 -> 8 | E26: =Inputs!$C$122 -> 8 | F26: =Inputs!$C$122 -> 8 | G26: =Inputs!$C$122 -> 8
A27: Economic value created for partners | C27: =C25*C26 -> 0 | D27: =D25*D26 -> 8678.72 | E27: =E25*E26 -> 21696.8 | F27: =F25*F26 -> 43393.6 | G27: =G25*G26 -> 65090.4
A28: Anthropic's cut | C28: =Inputs!$C$123 -> 0.15 | D28: =Inputs!$C$123 -> 0.15 | E28: =Inputs!$C$123 -> 0.15 | F28: =Inputs!$C$123 -> 0.15 | G28: =Inputs!$C$123 -> 0.15
A29: Value-share revenue (gross) | C29: =C27*C28 -> 0 | D29: =D27*D28 -> 1301.808 | E29: =E27*E28 -> 3254.52 | F29: =F27*F28 -> 6509.04 | G29: =G27*G28 -> 9763.56
A30: Token revenue given up | C30: =C25*Inputs!$C$124 -> 0 | D30: =D25*Inputs!$C$124 -> 325.452 | E30: =E25*Inputs!$C$124 -> 813.63 | F30: =F25*Inputs!$C$124 -> 1627.26 | G30: =G25*Inputs!$C$124 -> 2440.89
A31: Net new revenue | C31: =C29-C30 -> 0 | D31: =D29-D30 -> 976.356 | E31: =E29-E30 -> 2440.89 | F31: =F29-F30 -> 4881.78 | G31: =G29-G30 -> 7322.67
A32: Delivery cost | C32: =C29*Inputs!$C$125 -> 0 | D32: =D29*Inputs!$C$125 -> 260.3616 | E32: =E29*Inputs!$C$125 -> 650.904 | F32: =F29*Inputs!$C$125 -> 1301.808 | G32: =G29*Inputs!$C$125 -> 1952.712
A33: Extra compute | C33: =C29*Inputs!$C$126 -> 0 | D33: =D29*Inputs!$C$126 -> 195.2712 | E33: =E29*Inputs!$C$126 -> 488.178 | F33: =F29*Inputs!$C$126 -> 976.356 | G33: =G29*Inputs!$C$126 -> 1464.534
A34: Selling, partner fees & overhead | C34: =C29*Inputs!$C$127 -> 0 | D34: =D29*Inputs!$C$127 -> 130.1808 | E34: =E29*Inputs!$C$127 -> 325.452 | F34: =F29*Inputs!$C$127 -> 650.904 | G34: =G29*Inputs!$C$127 -> 976.356
A35: Value-share operating contribution | C35: =C29-C30-C32-C33-C34 -> 0 | D35: =D29-D30-D32-D33-D34 -> 390.5424 | E35: =E29-E30-E32-E33-E34 -> 976.356 | F35: =F29-F30-F32-F33-F34 -> 1952.712 | G35: =G29-G30-G32-G33-G34 -> 2929.068
A36: Value created as % of $40T knowledge-work pool | C36: =IFERROR(C27/Inputs!$B$27,0) -> 0 | D36: =IFERROR(D27/Inputs!$B$27,0) -> 0.000216968 | E36: =IFERROR(E27/Inputs!$B$27,0) -> 0.00054242 | F36: =IFERROR(F27/Inputs!$B$27,0) -> 0.00108484 | G36: =IFERROR(G27/Inputs!$B$27,0) -> 0.00162726
A37: Value-share capital spending (per selected basis) | C37: =CHOOSE(Inputs!$B$35,C31*Inputs!B$67,C29*Inputs!$B$36,0) -> 0 | D37: =CHOOSE(Inputs!$B$35,D31*Inputs!C$67,D29*Inputs!$B$36,0) -> 39.05424 | E37: =CHOOSE(Inputs!$B$35,E31*Inputs!D$67,E29*Inputs!$B$36,0) -> 122.0445 | F37: =CHOOSE(Inputs!$B$35,F31*Inputs!E$67,F29*Inputs!$B$36,0) -> 244.089 | G37: =CHOOSE(Inputs!$B$35,G31*Inputs!F$67,G29*Inputs!$B$36,0) -> 366.1335
A38: Value-share collection timing (working capital) | C38: 0 | D38: =-(D29-C29)*Inputs!$B$34/365 -> 0 | E38: =-(E29-D29)*Inputs!$B$34/365 -> 0 | F38: =-(F29-E29)*Inputs!$B$34/365 -> 0 | G38: =-(G29-F29)*Inputs!$B$34/365 -> 0
A40: Prepaid compute roll-forward (cash paid ahead of use)
A41: Prepaid balance, opening | C41: 0 | D41: =C46 -> 0 | E41: =D46 -> 0 | F41: =E46 -> 0 | G41: =F46 -> 0
A42: Prepayment paid (start of year) | C42: 0 | D42: =Inputs!$G$107 -> 0 | E42: 0 | F42: 0 | G42: 0
A43: Scheduled credits available (cumulative scheduled less used) | C43: =MAX(0,0) -> 0 | D43: =MAX(0,0) -> 0 | E43: =MAX(0,$D$42/Inputs!$B$40*MIN(1,Inputs!$B$40)-SUM($C45:D45)) -> 0 | F43: =MAX(0,$D$42/Inputs!$B$40*MIN(2,Inputs!$B$40)-SUM($C45:E45)) -> 0 | G43: =MAX(0,$D$42/Inputs!$B$40*MIN(3,Inputs!$B$40)-SUM($C45:F45)) -> 0
A44: Eligible compute charges this year | C44: =C10*Inputs!$B$39 -> 28258 | D44: =D10*Inputs!$B$39 -> 48038.6 | E44: =E10*Inputs!$B$39 -> 69655.97 | F44: =F10*Inputs!$B$39 -> 90552.761 | G44: =G10*Inputs!$B$39 -> 108663.31
A45: Credits used (capped by balance, schedule and eligible charges) | C45: =MAX(0,MIN(C41+C42,C43,C44)) -> 0 | D45: =MAX(0,MIN(D41+D42,D43,D44)) -> 0 | E45: =MAX(0,MIN(E41+E42,E43,E44)) -> 0 | F45: =MAX(0,MIN(F41+F42,F43,F44)) -> 0 | G45: =MAX(0,MIN(G41+G42,G43,G44)) -> 0
A46: Prepaid balance, closing | C46: =C41+C42-C45 -> 0 | D46: =D41+D42-D45 -> 0 | E46: =E41+E42-E45 -> 0 | F46: =F41+F42-F45 -> 0 | G46: =G41+G42-G45 -> 0
A48: Core business (tokens + subscriptions): earnings, taxes, cash
A49: Revenue | C49: =C5 -> 54242 | D49: =D5 -> 54242 | E49: =E5 -> 54242 | F49: =F5 -> 54242 | G49: =G5 -> 54242
A50: Operating income before depreciation of new owned capacity | C50: =C17 -> 3230.552 | D50: =D17 -> -14950.98 | E50: =E17 -> -34941.09 | F50: =F17 -> -54210.621 | G50: =G17 -> -71778.753
A51: Capital spending | C51: =C5*Inputs!B$67 -> 1627.26 | D51: =D5*Inputs!C$67 -> 2169.68 | E51: =E5*Inputs!D$67 -> 2712.1 | F51: =F5*Inputs!E$67 -> 2712.1 | G51: =G5*Inputs!F$67 -> 2712.1
A52: Depreciation of owned capacity bought from 2027 | C52: 0 | D52: =SUMPRODUCT($D51:D51,--((4-COLUMN($D51:D51))<Inputs!$B$32))/Inputs!$B$32 -> 433.936 | E52: =SUMPRODUCT($D51:E51,--((5-COLUMN($D51:E51))<Inputs!$B$32))/Inputs!$B$32 -> 976.356 | F52: =SUMPRODUCT($D51:F51,--((6-COLUMN($D51:F51))<Inputs!$B$32))/Inputs!$B$32 -> 1518.776 | G52: =SUMPRODUCT($D51:G51,--((7-COLUMN($D51:G51))<Inputs!$B$32))/Inputs!$B$32 -> 2061.196
A53: Operating income (earnings basis, after stock comp) | C53: =C50-C52 -> 3230.552 | D53: =D50-D52 -> -15384.916 | E53: =E50-E52 -> -35917.446 | F53: =F50-F52 -> -55729.397 | G53: =G50-G52 -> -73839.949
A54: Operating margin | C54: =IFERROR(C53/C49,0) -> 0.059558129 | D54: =IFERROR(D53/D49,0) -> -0.28363475 | E54: =IFERROR(E53/E49,0) -> -0.66217038 | F54: =IFERROR(F53/F49,0) -> -1.0274215 | G54: =IFERROR(G53/G49,0) -> -1.3613058
A55: Interest income (on opening cash) | C55: =Historicals!F43+Historicals!H13+C80*Inputs!$B$20/4 -> 3183.0312 | D55: =MAX(0,D80-D81)*Inputs!$B$20 -> 3441.6179 | E55: =MAX(0,E80-E81)*Inputs!$B$20 -> 3221.6864 | F55: =MAX(0,F80-F81)*Inputs!$B$20 -> 2469.3828 | G55: =MAX(0,G80-G81)*Inputs!$B$20 -> 1202.9728
A56: Other taxable income adjustments | C56: =Inputs!B$68 -> 0 | D56: =Inputs!C$68 -> 0 | E56: =Inputs!D$68 -> 0 | F56: =Inputs!E$68 -> 0 | G56: =Inputs!F$68 -> 0
A57: IPO RSU tax deduction | C57: =IF(Inputs!$B$63=2026,Inputs!$B$62,0) -> 0 | D57: =IF(Inputs!$B$63=2027,Inputs!$B$62,0) -> 0 | E57: =IF(Inputs!$B$63=2028,Inputs!$B$62,0) -> 0 | F57: =IF(Inputs!$B$63=2029,Inputs!$B$62,0) -> 0 | G57: =IF(Inputs!$B$63=2030,Inputs!$B$62,0) -> 0
A58: Taxable income proxy | C58: =C53+C55+C56-C57 -> 6413.5833 | D58: =D53+D55+D56-D57 -> -11943.298 | E58: =E53+E55+E56-E57 -> -32695.76 | F58: =F53+F55+F56-F57 -> -53260.014 | G58: =G53+G55+G56-G57 -> -72636.976
A59: State taxable base (apportioned) | C59: =C58*Inputs!$B$58 -> 4617.78 | D59: =D58*Inputs!$B$58 -> -8599.1746 | E59: =E58*Inputs!$B$58 -> -23540.947 | F59: =F58*Inputs!$B$58 -> -38347.21 | G59: =G58*Inputs!$B$58 -> -52298.623
A60: State NOL, opening | C60: =Inputs!$B$60 -> 4200 | D60: =C62 -> 4200 | E60: =D62 -> 12799.175 | F60: =E62 -> 36340.122 | G60: =F62 -> 74687.332
A61: State NOL used | C61: =IF(AND(2026=2026,Inputs!$B$61=1),0,MIN(C60,MAX(0,C59))) -> 0 | D61: =IF(AND(2027=2026,Inputs!$B$61=1),0,MIN(D60,MAX(0,D59))) -> 0 | E61: =IF(AND(2028=2026,Inputs!$B$61=1),0,MIN(E60,MAX(0,E59))) -> 0 | F61: =IF(AND(2029=2026,Inputs!$B$61=1),0,MIN(F60,MAX(0,F59))) -> 0 | G61: =IF(AND(2030=2026,Inputs!$B$61=1),0,MIN(G60,MAX(0,G59))) -> 0
A62: State NOL, closing | C62: =C60-C61+MAX(0,-C59) -> 4200 | D62: =D60-D61+MAX(0,-D59) -> 12799.175 | E62: =E60-E61+MAX(0,-E59) -> 36340.122 | F62: =F60-F61+MAX(0,-F59) -> 74687.332 | G62: =G60-G61+MAX(0,-G59) -> 126985.95
A63: State tax | C63: =MAX(0,C59-C61)*Inputs!$B$59 -> 277.0668 | D63: =MAX(0,D59-D61)*Inputs!$B$59 -> 0 | E63: =MAX(0,E59-E61)*Inputs!$B$59 -> 0 | F63: =MAX(0,F59-F61)*Inputs!$B$59 -> 0 | G63: =MAX(0,G59-G61)*Inputs!$B$59 -> 0
A64: Federal taxable income before NOL (after state tax) | C64: =C58-C63 -> 6136.5165 | D64: =D58-D63 -> -11943.298 | E64: =E58-E63 -> -32695.76 | F64: =F58-F63 -> -53260.014 | G64: =G58-G63 -> -72636.976
A65: Federal NOL, opening | C65: =Inputs!$B$56 -> 8200 | D65: =C67 -> 3290.7868 | E65: =D67 -> 15234.085 | F65: =E67 -> 47929.845 | G65: =F67 -> 101189.86
A66: Federal NOL used (80% limit) | C66: =MIN(C65,Inputs!$B$57*MAX(0,C64)) -> 4909.2132 | D66: =MIN(D65,Inputs!$B$57*MAX(0,D64)) -> 0 | E66: =MIN(E65,Inputs!$B$57*MAX(0,E64)) -> 0 | F66: =MIN(F65,Inputs!$B$57*MAX(0,F64)) -> 0 | G66: =MIN(G65,Inputs!$B$57*MAX(0,G64)) -> 0
A67: Federal NOL, closing | C67: =C65-C66+MAX(0,-C64) -> 3290.7868 | D67: =D65-D66+MAX(0,-D64) -> 15234.085 | E67: =E65-E66+MAX(0,-E64) -> 47929.845 | F67: =F65-F66+MAX(0,-F64) -> 101189.86 | G67: =G65-G66+MAX(0,-G64) -> 173826.84
A68: Federal tax | C68: =MAX(0,C64-C66)*Inputs!$B$55 -> 257.73369 | D68: =MAX(0,D64-D66)*Inputs!$B$55 -> 0 | E68: =MAX(0,E64-E66)*Inputs!$B$55 -> 0 | F68: =MAX(0,F64-F66)*Inputs!$B$55 -> 0 | G68: =MAX(0,G64-G66)*Inputs!$B$55 -> 0
A69: Cash taxes (selected method) | C69: =IF(Inputs!$G$105=0,MAX(0,C53+C55)*Inputs!B$66,IF(Inputs!$G$105=2,MAX(0,C58)*Inputs!$G$106,C63+C68)) -> 534.80049 | D69: =IF(Inputs!$G$105=0,MAX(0,D53+D55)*Inputs!C$66,IF(Inputs!$G$105=2,MAX(0,D58)*Inputs!$G$106,D63+D68)) -> 0 | E69: =IF(Inputs!$G$105=0,MAX(0,E53+E55)*Inputs!D$66,IF(Inputs!$G$105=2,MAX(0,E58)*Inputs!$G$106,E63+E68)) -> 0 | F69: =IF(Inputs!$G$105=0,MAX(0,F53+F55)*Inputs!E$66,IF(Inputs!$G$105=2,MAX(0,F58)*Inputs!$G$106,F63+F68)) -> 0 | G69: =IF(Inputs!$G$105=0,MAX(0,G53+G55)*Inputs!F$66,IF(Inputs!$G$105=2,MAX(0,G58)*Inputs!$G$106,G63+G68)) -> 0
A70: Effective tax rate on taxable income | C70: =IF(C58>0,MIN(1,C69/C58),0) -> 0.0833856 | D70: =IF(D58>0,MIN(1,D69/D58),0) -> 0 | E70: =IF(E58>0,MIN(1,E69/E58),0) -> 0 | F70: =IF(F58>0,MIN(1,F69/F58),0) -> 0 | G70: =IF(G58>0,MIN(1,G69/G58),0) -> 0
A71: Net income excl. non-cash fair value items | C71: =C53+C55-C69 -> 5878.7828 | D71: =D53+D55-D69 -> -11943.298 | E71: =E53+E55-E69 -> -32695.76 | F71: =F53+F55-F69 -> -53260.014 | G71: =G53+G55-G69 -> -72636.976
A72: Non-cash stock comp & donation charges (added back for liquidity) | C72: =C12+C20 -> 6666.1946 | D72: =D12+D20 -> 4881.78 | E72: =E12+E20 -> 4339.36 | F72: =F12+F20 -> 3796.94 | G72: =G12+G20 -> 3254.52
A73: Working capital | C73: 0 | D73: =-(D5-C5)*Inputs!$B$33 -> 0 | E73: =-(E5-D5)*Inputs!$B$33 -> 0 | F73: =-(F5-E5)*Inputs!$B$33 -> 0 | G73: =-(G5-F5)*Inputs!$B$33 -> 0
A74: Compute prepayment timing (non-recurring; excluded from exit value) | C74: =-C$42+C$45 -> 0 | D74: =-D$42+D$45 -> 0 | E74: =-E$42+E$45 -> 0 | F74: =-F$42+F$45 -> 0 | G74: =-G$42+G$45 -> 0
A75: Actual cash flow (liquidity basis) | C75: =C53+C72+C52+C55-C69-C51+C73+C74 -> 10917.717 | D75: =D53+D72+D52+D55-D69-D51+D73+D74 -> -8797.2621 | E75: =E53+E72+E52+E55-E69-E51+E73+E74 -> -30092.144 | F75: =F53+F72+F52+F55-F69-F51+F73+F74 -> -50656.398 | G75: =G53+G72+G52+G55-G69-G51+G73+G74 -> -70033.36
A76: Economic operating cash flow (valuation basis: after stock comp, excl. interest) | C76: =C53+C52-(C69-C55*C70)-C51+C73+C74 -> 1333.9105 | D76: =D53+D52-(D69-D55*D70)-D51+D73+D74 -> -17120.66 | E76: =E53+E52-(E69-E55*E70)-E51+E73+E74 -> -37653.19 | F76: =F53+F52-(F69-F55*F70)-F51+F73+F74 -> -56922.721 | G76: =G53+G52-(G69-G55*G70)-G51+G73+G74 -> -74490.853
A77: Economic cash flow margin | C77: =IFERROR(C76/C49,0) -> 0.024591838 | D77: =IFERROR(D76/D49,0) -> -0.31563475 | E77: =IFERROR(E76/E49,0) -> -0.69417038 | F77: =IFERROR(F76/F49,0) -> -1.0494215 | G77: =IFERROR(G76/G49,0) -> -1.3733058
A79: Cash roll-forward | C79: Q4 2026 | D79: 2027E | E79: 2028E | F79: 2029E | G79: 2030E
A80: Opening cash | C80: =Inputs!$B$41 -> 131845 | D80: =C85 -> 137664.72 | E80: =D85 -> 128867.46 | F80: =E85 -> 98775.312 | G80: =F85 -> 48118.914
A81: of which paid at start of year (prepayment) | C81: =C$42 -> 0 | D81: =D$42 -> 0 | E81: =E$42 -> 0 | F81: =F$42 -> 0 | G81: =G$42 -> 0
A82: Cash flow in period (Q4 only for 2026) | B82: 2026: full-year cash flow less H1 and Q3 actual on the same basis | C82: =C75-Historicals!$B$79-Historicals!$B$95 -> 5819.7174 | D82: =D75 -> -8797.2621 | E82: =E75 -> -30092.144 | F82: =F75 -> -50656.398 | G82: =G75 -> -70033.36
A83: RSU tax withholding paid | C83: =-Inputs!$B$17 -> 0 | D83: 0 | E83: 0 | F83: 0 | G83: 0
A84: Primary IPO proceeds | C84: =Inputs!$B$15 -> 0 | D84: 0 | E84: 0 | F84: 0 | G84: 0
A85: Closing cash | C85: =C80+C82+C83+C84 -> 137664.72 | D85: =D80+D82+D83+D84 -> 128867.46 | E85: =E80+E82+E83+E84 -> 98775.312 | F85: =F80+F82+F83+F84 -> 48118.914 | G85: =G80+G82+G83+G84 -> -21914.447
A86: Lowest cash in the year (start-of-year payments or year end) | C86: =MIN(C80-C81,C85) -> 131845 | D86: =MIN(D80-D81,D85) -> 128867.46 | E86: =MIN(E80-E81,E85) -> 98775.312 | F86: =MIN(F80-F81,F85) -> 48118.914 | G86: =MIN(G80-G81,G85) -> -21914.447
A87: Lowest cash above the shortfall threshold | C87: =C86-Inputs!$B$29 -> 126845 | D87: =D86-Inputs!$B$29 -> 123867.46 | E87: =E86-Inputs!$B$29 -> 93775.312 | F87: =F86-Inputs!$B$29 -> 43118.914 | G87: =G86-Inputs!$B$29 -> -26914.447
A88: Year-end cash vs $5B covenant (cash proxy) | C88: =IF(C85<Inputs!$B$38,"Below","OK") -> OK | D88: =IF(D85<Inputs!$B$38,"Below","OK") -> OK | E88: =IF(E85<Inputs!$B$38,"Below","OK") -> OK | F88: =IF(F85<Inputs!$B$38,"Below","OK") -> OK | G88: =IF(G85<Inputs!$B$38,"Below","OK") -> Below
A89: Funding status | C89: =IF(C87<0,"Shortfall","OK") -> OK | D89: =IF(D87<0,"Shortfall","OK") -> OK | E89: =IF(E87<0,"Shortfall","OK") -> OK | F89: =IF(F87<0,"Shortfall","OK") -> OK | G89: =IF(G87<0,"Shortfall","OK") -> Shortfall
A90: Peak funding need (intra-year) | G90: =MAX(0,-MIN(C87:G87)) -> 26914.447
A91: Sensitivity: peak funding need with a $0 buffer | G91: =MAX(0,-MIN(C86:G86)) -> 21914.447
A92: Funded cash path (illustrative equity raise) | C92: Q4 2026 | D92: 2027E | E92: 2028E | F92: 2029E | G92: 2030E
A93: Financing year (start of the first shortfall year; proceeds arrive with the payment) | G93: =IF(G90=0,"none",IFERROR(2025+MATCH(1,INDEX(--(C87:G87<0),0),0),"none")) -> 2030
A94: Net proceeds needed (covers peak need) | G94: =G90 -> 26914.447
A95: Issuance fees | G95: =G94/(1-Inputs!$B$31)*Inputs!$B$31 -> 832.40557
A96: Gross amount raised | G96: =G94+G95 -> 27746.852
A97: Net proceeds received in year | C97: =IF(AND(ISNUMBER($G$93),$G$93=2026),$G$94,0) -> 0 | D97: =IF(AND(ISNUMBER($G$93),$G$93=2027),$G$94,0) -> 0 | E97: =IF(AND(ISNUMBER($G$93),$G$93=2028),$G$94,0) -> 0 | F97: =IF(AND(ISNUMBER($G$93),$G$93=2029),$G$94,0) -> 0 | G97: =IF(AND(ISNUMBER($G$93),$G$93=2030),$G$94,0) -> 26914.447
A98: Interest change vs. unfunded path (funded balance after start-of-year payments) | C98: =C97*Inputs!$B$20/4 -> 0 | D98: =MAX(0,C100-D81+D97)*Inputs!$B$20-D55 -> 0 | E98: =MAX(0,D100-E81+E97)*Inputs!$B$20-E55 -> 0 | F98: =MAX(0,E100-F81+F97)*Inputs!$B$20-F55 -> 0 | G98: =MAX(0,F100-G81+G97)*Inputs!$B$20-G55 -> 672.86117
A99: Extra tax on that interest | C99: =C98*C70 -> 0 | D99: =D98*D70 -> 0 | E99: =E98*E70 -> 0 | F99: =F98*F70 -> 0 | G99: =G98*G70 -> 0
A100: Closing cash — funded | C100: =C85+SUM($C97:C97)+SUM($C98:C98)-SUM($C99:C99) -> 137664.72 | D100: =D85+SUM($C97:D97)+SUM($C98:D98)-SUM($C99:D99) -> 128867.46 | E100: =E85+SUM($C97:E97)+SUM($C98:E98)-SUM($C99:E99) -> 98775.312 | F100: =F85+SUM($C97:F97)+SUM($C98:F98)-SUM($C99:F99) -> 48118.914 | G100: =G85+SUM($C97:G97)+SUM($C98:G98)-SUM($C99:G99) -> 5672.8612
A101: Lowest cash in the year — funded | C101: =MIN(C80-C81+0+C97,C100) -> 131845 | D101: =MIN(D80-D81+SUM($C97:C97)+SUM($C98:C98)-SUM($C99:C99)+D97,D100) -> 128867.46 | E101: =MIN(E80-E81+SUM($C97:D97)+SUM($C98:D98)-SUM($C99:D99)+E97,E100) -> 98775.312 | F101: =MIN(F80-F81+SUM($C97:E97)+SUM($C98:E98)-SUM($C99:E99)+F97,F100) -> 48118.914 | G101: =MIN(G80-G81+SUM($C97:F97)+SUM($C98:F98)-SUM($C99:F99)+G97,G100) -> 5672.8612
A102: Funded path stays above threshold? | C102: =IF(C101-Inputs!$B$29<-0.5,"No","Yes") -> Yes | D102: =IF(D101-Inputs!$B$29<-0.5,"No","Yes") -> Yes | E102: =IF(E101-Inputs!$B$29<-0.5,"No","Yes") -> Yes | F102: =IF(F101-Inputs!$B$29<-0.5,"No","Yes") -> Yes | G102: =IF(G101-Inputs!$B$29<-0.5,"No","Yes") -> Yes
A104: Hybrid company (core + value-share): earnings, taxes, cash
A105: Revenue | C105: =C5+C31 -> 54242 | D105: =D5+D31 -> 55218.356 | E105: =E5+E31 -> 56682.89 | F105: =F5+F31 -> 59123.78 | G105: =G5+G31 -> 61564.67
...

Sheet S2
A1: S2 Compute +20% — projections, cash and valuation ($ millions except per share)
A2: 2026E = H1 2026 actual + Q3 2026 actual (S-1/A) + assumed Q4. Compute is forecast as cash spending (hosting, leases and owned capacity all treated as paid when expensed); the S-1 gives no payment schedule.
A4: Core business: income statement | B4: 2025A | C4: 2026E | D4: 2027E | E4: 2028E | F4: 2029E | G4: 2030E
A5: Revenue | B5: =Historicals!D35 -> 4585 | C5: =Historicals!F35+(Inputs!$B$5+Inputs!$H$75) -> 54242 | D5: =C5*(1+Inputs!$H$77) -> 108484 | E5: =D5*(1+Inputs!$H$78) -> 168150.2 | F5: =E5*(1+Inputs!$H$79) -> 227002.77 | G5: =F5*(1+Inputs!$H$80) -> 283753.46
A6: Growth | C6: =IFERROR(C5/B5-1,0) -> 10.830316 | D6: =IFERROR(D5/C5-1,0) -> 1 | E6: =IFERROR(E5/D5-1,0) -> 0.55 | F6: =IFERROR(F5/E5-1,0) -> 0.35 | G6: =IFERROR(G5/F5-1,0) -> 0.25
A7: Subscription revenue | B7: =Historicals!D51 -> 789 | C7: =Historicals!F51+(Inputs!$B$5+Inputs!$H$75)*Historicals!F51/Historicals!F35 -> 10731.163 | D7: =D5*Inputs!$H$76 -> 21696.8 | E7: =E5*Inputs!$H$76 -> 33630.04 | F7: =F5*Inputs!$H$76 -> 45400.554 | G7: =G5*Inputs!$H$76 -> 56750.692
A8: Consumption revenue | B8: =B5-B7 -> 3796 | C8: =C5-C7 -> 43510.837 | D8: =D5-D7 -> 86787.2 | E8: =E5-E7 -> 134520.16 | F8: =F5-F7 -> 181602.22 | G8: =G5-G7 -> 227002.77
A9: Compute on its own growth schedule (before any commitment floor) | C9: =Historicals!F36+Historicals!H6+Inputs!$H$75*Inputs!$H$81 -> 28258 | D9: =(C9-Inputs!$H$113)*(1+Inputs!$H$82) -> 57646.32 | E9: =D9*(1+Inputs!$H$83) -> 83587.164 | F9: =E9*(1+Inputs!$H$84) -> 108663.31 | G9: =F9*(1+Inputs!$H$85) -> 130395.98
A10: Compute and infrastructure | B10: =Historicals!D36 -> 7326 | C10: =Historicals!F36+Historicals!H6+MAX(Inputs!$H$75*Inputs!$H$81,Inputs!$H$108*C22) -> 28258 | D10: =MAX(D9,Inputs!$H$108*D22) -> 57646.32 | E10: =MAX(E9,Inputs!$H$108*E22) -> 83587.164 | F10: =MAX(F9,Inputs!$H$108*F22) -> 108663.31 | G10: =MAX(G9,Inputs!$H$108*G22) -> 130395.98
A11: Personnel (incl. stock comp) | B11: =Historicals!D37 -> 1839 | C11: =Historicals!F37+Historicals!H7+Inputs!$H$75*Historicals!H24 -> 6982.0729 | D11: =D5*Inputs!$H$86 -> 15187.76 | E11: =E5*Inputs!$H$87 -> 21859.526 | F11: =F5*Inputs!$H$88 -> 27240.332 | G11: =G5*Inputs!$H$89 -> 31212.881
A12: of which stock comp | B12: =Historicals!D49 -> 1158 | C12: =Historicals!F49+Historicals!H19+Inputs!$H$75*Historicals!H29 -> 4580.1946 | D12: =D5*Inputs!$H$90 -> 9763.56 | E12: =E5*Inputs!$H$91 -> 13452.016 | F12: =F5*Inputs!$H$92 -> 15890.194 | G12: =G5*Inputs!$H$93 -> 17025.208
A13: Sales, marketing & partner fees | B13: =Historicals!D39 -> 568 | C13: =Historicals!F39+Historicals!H9+Inputs!$H$75*Historicals!H25 -> 8453.0977 | D13: =D5*Inputs!$H$94 -> 18442.28 | E13: =E5*Inputs!$H$95 -> 26904.032 | F13: =F5*Inputs!$H$96 -> 34050.416 | G13: =G5*Inputs!$H$97 -> 42563.019
A14: Other operating & administrative | B14: =Historicals!D40 -> 1412 | C14: =Historicals!F40+Historicals!H10-Inputs!$B$37+Inputs!$H$75*(Historicals!H10-Inputs!$B$37)/Historicals!H5 -> 5358.2774 | D14: =D5*Inputs!$H$98 -> 8678.72 | E14: =E5*Inputs!$H$99 -> 11770.514 | F14: =F5*Inputs!$H$100 -> 13620.166 | G14: =G5*Inputs!$H$101 -> 17025.208
A15: One-time items (2025 Bartz settlement; 2026 Q3 donation-matching charge) | B15: =Historicals!D38 -> 1500 | C15: =Inputs!$B$37 -> 1960 | D15: 0 | E15: 0 | F15: 0 | G15: 0
A16: Total operating expenses | B16: =B10+B11+B13+B14+B15 -> 12645 | C16: =C10+C11+C13+C14+C15 -> 51011.448 | D16: =D10+D11+D13+D14+D15 -> 99955.08 | E16: =E10+E11+E13+E14+E15 -> 144121.24 | F16: =F10+F11+F13+F14+F15 -> 183574.23 | G16: =G10+G11+G13+G14+G15 -> 221197.08
A17: Operating income before depreciation of new owned capacity | B17: =B5-B16 -> -8060 | C17: =C5-C16 -> 3230.552 | D17: =D5-D16 -> 8528.92 | E17: =E5-E16 -> 24028.964 | F17: =F5-F16 -> 43428.543 | G17: =G5-G16 -> 62556.379
A18: Margin | B18: =IFERROR(B17/B5,0) -> -1.7579062 | C18: =IFERROR(C17/C5,0) -> 0.059558129 | D18: =IFERROR(D17/D5,0) -> 0.078619151 | E18: =IFERROR(E17/E5,0) -> 0.14290179 | F18: =IFERROR(F17/F5,0) -> 0.19131283 | G18: =IFERROR(G17/G5,0) -> 0.22046032
A19: Compute % of revenue | B19: =IFERROR(B10/B5,0) -> 1.597819 | C19: =IFERROR(C10/C5,0) -> 0.52096162 | D19: =IFERROR(D10/D5,0) -> 0.53138085 | E19: =IFERROR(E10/E5,0) -> 0.49709821 | F19: =IFERROR(F10/F5,0) -> 0.47868717 | G19: =IFERROR(G10/G5,0) -> 0.45953968
A20: Non-cash donation-matching charges (incl. in costs above) | C20: =Historicals!$B$78+Inputs!$B$37 -> 2086 | D20: 0 | E20: 0 | F20: 0 | G20: 0
A21: Discount factor to end 2026 | D21: =1/(1+Inputs!$B$19+Inputs!$H$104)^1 -> 0.89285714 | E21: =1/(1+Inputs!$B$19+Inputs!$H$104)^2 -> 0.79719388 | F21: =1/(1+Inputs!$B$19+Inputs!$H$104)^3 -> 0.71178025 | G21: =1/(1+Inputs!$B$19+Inputs!$H$104)^4 -> 0.63551808
A22: Committed compute floor ($mm; dated table + short-term + undated remainder by floor weights; 2026 = Q4) | C22: =Inputs!B$69+Inputs!$B$47*Inputs!$B$46 -> 11231 | D22: =Inputs!C$69+Inputs!$B$47*(1-Inputs!$B$46)+Inputs!$B$70*Inputs!$H$109 -> 97550 | E22: =Inputs!D$69+Inputs!$B$70*Inputs!$H$110 -> 107338.25 | F22: =Inputs!E$69+Inputs!$B$70*Inputs!$H$111 -> 117031.38 | G22: =Inputs!F$69+Inputs!$B$70*Inputs!$H$112 -> 114349.38
A23: Third business line: value-share partnerships (hypothetical)
A24: Share of core revenue base under value-share | C24: 0 | D24: =Inputs!$C$118 -> 0.02 | E24: =Inputs!$C$119 -> 0.05 | F24: =Inputs!$C$120 -> 0.1 | G24: =Inputs!$C$121 -> 0.15
A25: Revenue base moved to value-share | C25: =C5*C24 -> 0 | D25: =D5*D24 -> 2169.68 | E25: =E5*E24 -> 8407.51 | F25: =F5*F24 -> 22700.277 | G25: =G5*G24 -> 42563.019
A26: Value created per $1 of Claude spend | C26: =Inputs!$C$122 -> 8 | D26: =Inputs!$C$122 -> 8 | E26: =Inputs!$C$122 -> 8 | F26: =Inputs!$C$122 -> 8 | G26: =Inputs!$C$122 -> 8
A27: Economic value created for partners | C27: =C25*C26 -> 0 | D27: =D25*D26 -> 17357.44 | E27: =E25*E26 -> 67260.08 | F27: =F25*F26 -> 181602.22 | G27: =G25*G26 -> 340504.16
A28: Anthropic's cut | C28: =Inputs!$C$123 -> 0.15 | D28: =Inputs!$C$123 -> 0.15 | E28: =Inputs!$C$123 -> 0.15 | F28: =Inputs!$C$123 -> 0.15 | G28: =Inputs!$C$123 -> 0.15
A29: Value-share revenue (gross) | C29: =C27*C28 -> 0 | D29: =D27*D28 -> 2603.616 | E29: =E27*E28 -> 10089.012 | F29: =F27*F28 -> 27240.332 | G29: =G27*G28 -> 51075.623
A30: Token revenue given up | C30: =C25*Inputs!$C$124 -> 0 | D30: =D25*Inputs!$C$124 -> 650.904 | E30: =E25*Inputs!$C$124 -> 2522.253 | F30: =F25*Inputs!$C$124 -> 6810.0831 | G30: =G25*Inputs!$C$124 -> 12768.906
A31: Net new revenue | C31: =C29-C30 -> 0 | D31: =D29-D30 -> 1952.712 | E31: =E29-E30 -> 7566.759 | F31: =F29-F30 -> 20430.249 | G31: =G29-G30 -> 38306.717
A32: Delivery cost | C32: =C29*Inputs!$C$125 -> 0 | D32: =D29*Inputs!$C$125 -> 520.7232 | E32: =E29*Inputs!$C$125 -> 2017.8024 | F32: =F29*Inputs!$C$125 -> 5448.0665 | G32: =G29*Inputs!$C$125 -> 10215.125
A33: Extra compute | C33: =C29*Inputs!$C$126 -> 0 | D33: =D29*Inputs!$C$126 -> 390.5424 | E33: =E29*Inputs!$C$126 -> 1513.3518 | F33: =F29*Inputs!$C$126 -> 4086.0499 | G33: =G29*Inputs!$C$126 -> 7661.3435
A34: Selling, partner fees & overhead | C34: =C29*Inputs!$C$127 -> 0 | D34: =D29*Inputs!$C$127 -> 260.3616 | E34: =E29*Inputs!$C$127 -> 1008.9012 | F34: =F29*Inputs!$C$127 -> 2724.0332 | G34: =G29*Inputs!$C$127 -> 5107.5623
A35: Value-share operating contribution | C35: =C29-C30-C32-C33-C34 -> 0 | D35: =D29-D30-D32-D33-D34 -> 781.0848 | E35: =E29-E30-E32-E33-E34 -> 3026.7036 | F35: =F29-F30-F32-F33-F34 -> 8172.0997 | G35: =G29-G30-G32-G33-G34 -> 15322.687
A36: Value created as % of $40T knowledge-work pool | C36: =IFERROR(C27/Inputs!$B$27,0) -> 0 | D36: =IFERROR(D27/Inputs!$B$27,0) -> 0.000433936 | E36: =IFERROR(E27/Inputs!$B$27,0) -> 0.001681502 | F36: =IFERROR(F27/Inputs!$B$27,0) -> 0.0045400554 | G36: =IFERROR(G27/Inputs!$B$27,0) -> 0.0085126039
A37: Value-share capital spending (per selected basis) | C37: =CHOOSE(Inputs!$B$35,C31*Inputs!B$67,C29*Inputs!$B$36,0) -> 0 | D37: =CHOOSE(Inputs!$B$35,D31*Inputs!C$67,D29*Inputs!$B$36,0) -> 78.10848 | E37: =CHOOSE(Inputs!$B$35,E31*Inputs!D$67,E29*Inputs!$B$36,0) -> 378.33795 | F37: =CHOOSE(Inputs!$B$35,F31*Inputs!E$67,F29*Inputs!$B$36,0) -> 1021.5125 | G37: =CHOOSE(Inputs!$B$35,G31*Inputs!F$67,G29*Inputs!$B$36,0) -> 1915.3359
A38: Value-share collection timing (working capital) | C38: 0 | D38: =-(D29-C29)*Inputs!$B$34/365 -> 0 | E38: =-(E29-D29)*Inputs!$B$34/365 -> 0 | F38: =-(F29-E29)*Inputs!$B$34/365 -> 0 | G38: =-(G29-F29)*Inputs!$B$34/365 -> 0
A40: Prepaid compute roll-forward (cash paid ahead of use)
A41: Prepaid balance, opening | C41: 0 | D41: =C46 -> 0 | E41: =D46 -> 0 | F41: =E46 -> 0 | G41: =F46 -> 0
A42: Prepayment paid (start of year) | C42: 0 | D42: =Inputs!$H$107 -> 0 | E42: 0 | F42: 0 | G42: 0
A43: Scheduled credits available (cumulative scheduled less used) | C43: =MAX(0,0) -> 0 | D43: =MAX(0,0) -> 0 | E43: =MAX(0,$D$42/Inputs!$B$40*MIN(1,Inputs!$B$40)-SUM($C45:D45)) -> 0 | F43: =MAX(0,$D$42/Inputs!$B$40*MIN(2,Inputs!$B$40)-SUM($C45:E45)) -> 0 | G43: =MAX(0,$D$42/Inputs!$B$40*MIN(3,Inputs!$B$40)-SUM($C45:F45)) -> 0
A44: Eligible compute charges this year | C44: =C10*Inputs!$B$39 -> 28258 | D44: =D10*Inputs!$B$39 -> 57646.32 | E44: =E10*Inputs!$B$39 -> 83587.164 | F44: =F10*Inputs!$B$39 -> 108663.31 | G44: =G10*Inputs!$B$39 -> 130395.98
A45: Credits used (capped by balance, schedule and eligible charges) | C45: =MAX(0,MIN(C41+C42,C43,C44)) -> 0 | D45: =MAX(0,MIN(D41+D42,D43,D44)) -> 0 | E45: =MAX(0,MIN(E41+E42,E43,E44)) -> 0 | F45: =MAX(0,MIN(F41+F42,F43,F44)) -> 0 | G45: =MAX(0,MIN(G41+G42,G43,G44)) -> 0
A46: Prepaid balance, closing | C46: =C41+C42-C45 -> 0 | D46: =D41+D42-D45 -> 0 | E46: =E41+E42-E45 -> 0 | F46: =F41+F42-F45 -> 0 | G46: =G41+G42-G45 -> 0
A48: Core business (tokens + subscriptions): earnings, taxes, cash
A49: Revenue | C49: =C5 -> 54242 | D49: =D5 -> 108484 | E49: =E5 -> 168150.2 | F49: =F5 -> 227002.77 | G49: =G5 -> 283753.46
A50: Operating income before depreciation of new owned capacity | C50: =C17 -> 3230.552 | D50: =D17 -> 8528.92 | E50: =E17 -> 24028.964 | F50: =F17 -> 43428.543 | G50: =G17 -> 62556.379
A51: Capital spending | C51: =C5*Inputs!B$67 -> 1627.26 | D51: =D5*Inputs!C$67 -> 4339.36 | E51: =E5*Inputs!D$67 -> 8407.51 | F51: =F5*Inputs!E$67 -> 11350.138 | G51: =G5*Inputs!F$67 -> 14187.673
A52: Depreciation of owned capacity bought from 2027 | C52: 0 | D52: =SUMPRODUCT($D51:D51,--((4-COLUMN($D51:D51))<Inputs!$B$32))/Inputs!$B$32 -> 867.872 | E52: =SUMPRODUCT($D51:E51,--((5-COLUMN($D51:E51))<Inputs!$B$32))/Inputs!$B$32 -> 2549.374 | F52: =SUMPRODUCT($D51:F51,--((6-COLUMN($D51:F51))<Inputs!$B$32))/Inputs!$B$32 -> 4819.4017 | G52: =SUMPRODUCT($D51:G51,--((7-COLUMN($D51:G51))<Inputs!$B$32))/Inputs!$B$32 -> 7656.9363
A53: Operating income (earnings basis, after stock comp) | C53: =C50-C52 -> 3230.552 | D53: =D50-D52 -> 7661.048 | E53: =E50-E52 -> 21479.59 | F53: =F50-F52 -> 38609.141 | G53: =G50-G52 -> 54899.442
A54: Operating margin | C54: =IFERROR(C53/C49,0) -> 0.059558129 | D54: =IFERROR(D53/D49,0) -> 0.070619151 | E54: =IFERROR(E53/E49,0) -> 0.1277405 | F54: =IFERROR(F53/F49,0) -> 0.17008225 | G54: =IFERROR(G53/G49,0) -> 0.19347585
A55: Interest income (on opening cash) | C55: =Historicals!F43+Historicals!H13+C80*Inputs!$B$20/4 -> 3183.0312 | D55: =MAX(0,D80-D81)*Inputs!$B$20 -> 3441.6179 | E55: =MAX(0,E80-E81)*Inputs!$B$20 -> 3830.9782 | F55: =MAX(0,F80-F81)*Inputs!$B$20 -> 4499.114 | G55: =MAX(0,G80-G81)*Inputs!$B$20 -> 5547.7085
A56: Other taxable income adjustments | C56: =Inputs!B$68 -> 0 | D56: =Inputs!C$68 -> 0 | E56: =Inputs!D$68 -> 0 | F56: =Inputs!E$68 -> 0 | G56: =Inputs!F$68 -> 0
A57: IPO RSU tax deduction | C57: =IF(Inputs!$B$63=2026,Inputs!$B$62,0) -> 0 | D57: =IF(Inputs!$B$63=2027,Inputs!$B$62,0) -> 0 | E57: =IF(Inputs!$B$63=2028,Inputs!$B$62,0) -> 0 | F57: =IF(Inputs!$B$63=2029,Inputs!$B$62,0) -> 0 | G57: =IF(Inputs!$B$63=2030,Inputs!$B$62,0) -> 0
A58: Taxable income proxy | C58: =C53+C55+C56-C57 -> 6413.5833 | D58: =D53+D55+D56-D57 -> 11102.666 | E58: =E53+E55+E56-E57 -> 25310.568 | F58: =F53+F55+F56-F57 -> 43108.255 | G58: =G53+G55+G56-G57 -> 60447.151
A59: State taxable base (apportioned) | C59: =C58*Inputs!$B$58 -> 4617.78 | D59: =D58*Inputs!$B$58 -> 7993.9195 | E59: =E58*Inputs!$B$58 -> 18223.609 | F59: =F58*Inputs!$B$58 -> 31037.944 | G59: =G58*Inputs!$B$58 -> 43521.949
A60: State NOL, opening | C60: =Inputs!$B$60 -> 4200 | D60: =C62 -> 4200 | E60: =D62 -> 0 | F60: =E62 -> 0 | G60: =F62 -> 0
A61: State NOL used | C61: =IF(AND(2026=2026,Inputs!$B$61=1),0,MIN(C60,MAX(0,C59))) -> 0 | D61: =IF(AND(2027=2026,Inputs!$B$61=1),0,MIN(D60,MAX(0,D59))) -> 4200 | E61: =IF(AND(2028=2026,Inputs!$B$61=1),0,MIN(E60,MAX(0,E59))) -> 0 | F61: =IF(AND(2029=2026,Inputs!$B$61=1),0,MIN(F60,MAX(0,F59))) -> 0 | G61: =IF(AND(2030=2026,Inputs!$B$61=1),0,MIN(G60,MAX(0,G59))) -> 0
A62: State NOL, closing | C62: =C60-C61+MAX(0,-C59) -> 4200 | D62: =D60-D61+MAX(0,-D59) -> 0 | E62: =E60-E61+MAX(0,-E59) -> 0 | F62: =F60-F61+MAX(0,-F59) -> 0 | G62: =G60-G61+MAX(0,-G59) -> 0
A63: State tax | C63: =MAX(0,C59-C61)*Inputs!$B$59 -> 277.0668 | D63: =MAX(0,D59-D61)*Inputs!$B$59 -> 227.63517 | E63: =MAX(0,E59-E61)*Inputs!$B$59 -> 1093.4165 | F63: =MAX(0,F59-F61)*Inputs!$B$59 -> 1862.2766 | G63: =MAX(0,G59-G61)*Inputs!$B$59 -> 2611.3169
A64: Federal taxable income before NOL (after state tax) | C64: =C58-C63 -> 6136.5165 | D64: =D58-D63 -> 10875.031 | E64: =E58-E63 -> 24217.152 | F64: =F58-F63 -> 41245.978 | G64: =G58-G63 -> 57835.834
A65: Federal NOL, opening | C65: =Inputs!$B$56 -> 8200 | D65: =C67 -> 3290.7868 | E65: =D67 -> 0 | F65: =E67 -> 0 | G65: =F67 -> 0
A66: Federal NOL used (80% limit) | C66: =MIN(C65,Inputs!$B$57*MAX(0,C64)) -> 4909.2132 | D66: =MIN(D65,Inputs!$B$57*MAX(0,D64)) -> 3290.7868 | E66: =MIN(E65,Inputs!$B$57*MAX(0,E64)) -> 0 | F66: =MIN(F65,Inputs!$B$57*MAX(0,F64)) -> 0 | G66: =MIN(G65,Inputs!$B$57*MAX(0,G64)) -> 0
A67: Federal NOL, closing | C67: =C65-C66+MAX(0,-C64) -> 3290.7868 | D67: =D65-D66+MAX(0,-D64) -> 0 | E67: =E65-E66+MAX(0,-E64) -> 0 | F67: =F65-F66+MAX(0,-F64) -> 0 | G67: =G65-G66+MAX(0,-G64) -> 0
A68: Federal tax | C68: =MAX(0,C64-C66)*Inputs!$B$55 -> 257.73369 | D68: =MAX(0,D64-D66)*Inputs!$B$55 -> 1592.6912 | E68: =MAX(0,E64-E66)*Inputs!$B$55 -> 5085.6019 | F68: =MAX(0,F64-F66)*Inputs!$B$55 -> 8661.6555 | G68: =MAX(0,G64-G66)*Inputs!$B$55 -> 12145.525
A69: Cash taxes (selected method) | C69: =IF(Inputs!$H$105=0,MAX(0,C53+C55)*Inputs!B$66,IF(Inputs!$H$105=2,MAX(0,C58)*Inputs!$H$106,C63+C68)) -> 534.80049 | D69: =IF(Inputs!$H$105=0,MAX(0,D53+D55)*Inputs!C$66,IF(Inputs!$H$105=2,MAX(0,D58)*Inputs!$H$106,D63+D68)) -> 1820.3264 | E69: =IF(Inputs!$H$105=0,MAX(0,E53+E55)*Inputs!D$66,IF(Inputs!$H$105=2,MAX(0,E58)*Inputs!$H$106,E63+E68)) -> 6179.0184 | F69: =IF(Inputs!$H$105=0,MAX(0,F53+F55)*Inputs!E$66,IF(Inputs!$H$105=2,MAX(0,F58)*Inputs!$H$106,F63+F68)) -> 10523.932 | G69: =IF(Inputs!$H$105=0,MAX(0,G53+G55)*Inputs!F$66,IF(Inputs!$H$105=2,MAX(0,G58)*Inputs!$H$106,G63+G68)) -> 14756.842
A70: Effective tax rate on taxable income | C70: =IF(C58>0,MIN(1,C69/C58),0) -> 0.0833856 | D70: =IF(D58>0,MIN(1,D69/D58),0) -> 0.16395399 | E70: =IF(E58>0,MIN(1,E69/E58),0) -> 0.244128 | F70: =IF(F58>0,MIN(1,F69/F58),0) -> 0.244128 | G70: =IF(G58>0,MIN(1,G69/G58),0) -> 0.244128
A71: Net income excl. non-cash fair value items | C71: =C53+C55-C69 -> 5878.7828 | D71: =D53+D55-D69 -> 9282.3395 | E71: =E53+E55-E69 -> 19131.55 | F71: =F53+F55-F69 -> 32584.323 | G71: =G53+G55-G69 -> 45690.309
A72: Non-cash stock comp & donation charges (added back for liquidity) | C72: =C12+C20 -> 6666.1946 | D72: =D12+D20 -> 9763.56 | E72: =E12+E20 -> 13452.016 | F72: =F12+F20 -> 15890.194 | G72: =G12+G20 -> 17025.208
A73: Working capital | C73: 0 | D73: =-(D5-C5)*Inputs!$B$33 -> 0 | E73: =-(E5-D5)*Inputs!$B$33 -> 0 | F73: =-(F5-E5)*Inputs!$B$33 -> 0 | G73: =-(G5-F5)*Inputs!$B$33 -> 0
A74: Compute prepayment timing (non-recurring; excluded from exit value) | C74: =-C$42+C$45 -> 0 | D74: =-D$42+D$45 -> 0 | E74: =-E$42+E$45 -> 0 | F74: =-F$42+F$45 -> 0 | G74: =-G$42+G$45 -> 0
A75: Actual cash flow (liquidity basis) | C75: =C53+C72+C52+C55-C69-C51+C73+C74 -> 10917.717 | D75: =D53+D72+D52+D55-D69-D51+D73+D74 -> 15574.412 | E75: =E53+E72+E52+E55-E69-E51+E73+E74 -> 26725.43 | F75: =F53+F72+F52+F55-F69-F51+F73+F74 -> 41943.78 | G75: =G53+G72+G52+G55-G69-G51+G73+G74 -> 56184.78
A76: Economic operating cash flow (valuation basis: after stock comp, excl. interest) | C76: =C53+C52-(C69-C55*C70)-C51+C73+C74 -> 1333.9105 | D76: =D53+D52-(D69-D55*D70)-D51+D73+D74 -> 2933.5006 | E76: =E53+E52-(E69-E55*E70)-E51+E73+E74 -> 10377.685 | F76: =F53+F52-(F69-F55*F70)-F51+F73+F74 -> 22652.832 | G76: =G53+G52-(G69-G55*G70)-G51+G73+G74 -> 34966.214
A77: Economic cash flow margin | C77: =IFERROR(C76/C49,0) -> 0.024591838 | D77: =IFERROR(D76/D49,0) -> 0.027040859 | E77: =IFERROR(E76/E49,0) -> 0.061716755 | F77: =IFERROR(F76/F49,0) -> 0.099790993 | G77: =IFERROR(G76/G49,0) -> 0.12322745
A79: Cash roll-forward | C79: Q4 2026 | D79: 2027E | E79: 2028E | F79: 2029E | G79: 2030E
A80: Opening cash | C80: =Inputs!$B$41 -> 131845 | D80: =C85 -> 137664.72 | E80: =D85 -> 153239.13 | F80: =E85 -> 179964.56 | G80: =F85 -> 221908.34
A81: of which paid at start of year (prepayment) | C81: =C$42 -> 0 | D81: =D$42 -> 0 | E81: =E$42 -> 0 | F81: =F$42 -> 0 | G81: =G$42 -> 0
A82: Cash flow in period (Q4 only for 2026) | B82: 2026: full-year cash flow less H1 and Q3 actual on the same basis | C82: =C75-Historicals!$B$79-Historicals!$B$95 -> 5819.7174 | D82: =D75 -> 15574.412 | E82: =E75 -> 26725.43 | F82: =F75 -> 41943.78 | G82: =G75 -> 56184.78
A83: RSU tax withholding paid | C83: =-Inputs!$B$17 -> 0 | D83: 0 | E83: 0 | F83: 0 | G83: 0
A84: Primary IPO proceeds | C84: =Inputs!$B$15 -> 0 | D84: 0 | E84: 0 | F84: 0 | G84: 0
A85: Closing cash | C85: =C80+C82+C83+C84 -> 137664.72 | D85: =D80+D82+D83+D84 -> 153239.13 | E85: =E80+E82+E83+E84 -> 179964.56 | F85: =F80+F82+F83+F84 -> 221908.34 | G85: =G80+G82+G83+G84 -> 278093.12
A86: Lowest cash in the year (start-of-year payments or year end) | C86: =MIN(C80-C81,C85) -> 131845 | D86: =MIN(D80-D81,D85) -> 137664.72 | E86: =MIN(E80-E81,E85) -> 153239.13 | F86: =MIN(F80-F81,F85) -> 179964.56 | G86: =MIN(G80-G81,G85) -> 221908.34
A87: Lowest cash above the shortfall threshold | C87: =C86-Inputs!$B$29 -> 126845 | D87: =D86-Inputs!$B$29 -> 132664.72 | E87: =E86-Inputs!$B$29 -> 148239.13 | F87: =F86-Inputs!$B$29 -> 174964.56 | G87: =G86-Inputs!$B$29 -> 216908.34
A88: Year-end cash vs $5B covenant (cash proxy) | C88: =IF(C85<Inputs!$B$38,"Below","OK") -> OK | D88: =IF(D85<Inputs!$B$38,"Below","OK") -> OK | E88: =IF(E85<Inputs!$B$38,"Below","OK") -> OK | F88: =IF(F85<Inputs!$B$38,"Below","OK") -> OK | G88: =IF(G85<Inputs!$B$38,"Below","OK") -> OK
A89: Funding status | C89: =IF(C87<0,"Shortfall","OK") -> OK | D89: =IF(D87<0,"Shortfall","OK") -> OK | E89: =IF(E87<0,"Shortfall","OK") -> OK | F89: =IF(F87<0,"Shortfall","OK") -> OK | G89: =IF(G87<0,"Shortfall","OK") -> OK
A90: Peak funding need (intra-year) | G90: =MAX(0,-MIN(C87:G87)) -> 0
A91: Sensitivity: peak funding need with a $0 buffer | G91: =MAX(0,-MIN(C86:G86)) -> 0
A92: Funded cash path (illustrative equity raise) | C92: Q4 2026 | D92: 2027E | E92: 2028E | F92: 2029E | G92: 2030E
A93: Financing year (start of the first shortfall year; proceeds arrive with the payment) | G93: =IF(G90=0,"none",IFERROR(2025+MATCH(1,INDEX(--(C87:G87<0),0),0),"none")) -> none
A94: Net proceeds needed (covers peak need) | G94: =G90 -> 0
A95: Issuance fees | G95: =G94/(1-Inputs!$B$31)*Inputs!$B$31 -> 0
A96: Gross amount raised | G96: =G94+G95 -> 0
A97: Net proceeds received in year | C97: =IF(AND(ISNUMBER($G$93),$G$93=2026),$G$94,0) -> 0 | D97: =IF(AND(ISNUMBER($G$93),$G$93=2027),$G$94,0) -> 0 | E97: =IF(AND(ISNUMBER($G$93),$G$93=2028),$G$94,0) -> 0 | F97: =IF(AND(ISNUMBER($G$93),$G$93=2029),$G$94,0) -> 0 | G97: =IF(AND(ISNUMBER($G$93),$G$93=2030),$G$94,0) -> 0
A98: Interest change vs. unfunded path (funded balance after start-of-year payments) | C98: =C97*Inputs!$B$20/4 -> 0 | D98: =MAX(0,C100-D81+D97)*Inputs!$B$20-D55 -> 0 | E98: =MAX(0,D100-E81+E97)*Inputs!$B$20-E55 -> 0 | F98: =MAX(0,E100-F81+F97)*Inputs!$B$20-F55 -> 0 | G98: =MAX(0,F100-G81+G97)*Inputs!$B$20-G55 -> 0
A99: Extra tax on that interest | C99: =C98*C70 -> 0 | D99: =D98*D70 -> 0 | E99: =E98*E70 -> 0 | F99: =F98*F70 -> 0 | G99: =G98*G70 -> 0
A100: Closing cash — funded | C100: =C85+SUM($C97:C97)+SUM($C98:C98)-SUM($C99:C99) -> 137664.72 | D100: =D85+SUM($C97:D97)+SUM($C98:D98)-SUM($C99:D99) -> 153239.13 | E100: =E85+SUM($C97:E97)+SUM($C98:E98)-SUM($C99:E99) -> 179964.56 | F100: =F85+SUM($C97:F97)+SUM($C98:F98)-SUM($C99:F99) -> 221908.34 | G100: =G85+SUM($C97:G97)+SUM($C98:G98)-SUM($C99:G99) -> 278093.12
A101: Lowest cash in the year — funded | C101: =MIN(C80-C81+0+C97,C100) -> 131845 | D101: =MIN(D80-D81+SUM($C97:C97)+SUM($C98:C98)-SUM($C99:C99)+D97,D100) -> 137664.72 | E101: =MIN(E80-E81+SUM($C97:D97)+SUM($C98:D98)-SUM($C99:D99)+E97,E100) -> 153239.13 | F101: =MIN(F80-F81+SUM($C97:E97)+SUM($C98:E98)-SUM($C99:E99)+F97,F100) -> 179964.56 | G101: =MIN(G80-G81+SUM($C97:F97)+SUM($C98:F98)-SUM($C99:F99)+G97,G100) -> 221908.34
A102: Funded path stays above threshold? | C102: =IF(C101-Inputs!$B$29<-0.5,"No","Yes") -> Yes | D102: =IF(D101-Inputs!$B$29<-0.5,"No","Yes") -> Yes | E102: =IF(E101-Inputs!$B$29<-0.5,"No","Yes") -> Yes | F102: =IF(F101-Inputs!$B$29<-0.5,"No","Yes") -> Yes | G102: =IF(G101-Inputs!$B$29<-0.5,"No","Yes") -> Yes
A104: Hybrid company (core + value-share): earnings, taxes, cash
A105: Revenue | C105: =C5+C31 -> 54242 | D105: =D5+D31 -> 110436.71 | E105: =E5+E31 -> 175716.96 | F105: =F5+F31 -> 247433.02 | G105: =G5+G31 -> 322060.18
...

Sheet S3
A1: S3 Half growth — projections, cash and valuation ($ millions except per share)
A2: 2026E = H1 2026 actual + Q3 2026 actual (S-1/A) + assumed Q4. Compute is forecast as cash spending (hosting, leases and owned capacity all treated as paid when expensed); the S-1 gives no payment schedule.
A4: Core business: income statement | B4: 2025A | C4: 2026E | D4: 2027E | E4: 2028E | F4: 2029E | G4: 2030E
A5: Revenue | B5: =Historicals!D35 -> 4585 | C5: =Historicals!F35+(Inputs!$B$5+Inputs!$I$75) -> 54242 | D5: =C5*(1+Inputs!$I$77) -> 81363 | E5: =D5*(1+Inputs!$I$78) -> 103737.82 | F5: =E5*(1+Inputs!$I$79) -> 121891.94 | G5: =F5*(1+Inputs!$I$80) -> 137128.44
A6: Growth | C6: =IFERROR(C5/B5-1,0) -> 10.830316 | D6: =IFERROR(D5/C5-1,0) -> 0.5 | E6: =IFERROR(E5/D5-1,0) -> 0.275 | F6: =IFERROR(F5/E5-1,0) -> 0.175 | G6: =IFERROR(G5/F5-1,0) -> 0.125
A7: Subscription revenue | B7: =Historicals!D51 -> 789 | C7: =Historicals!F51+(Inputs!$B$5+Inputs!$I$75)*Historicals!F51/Historicals!F35 -> 10731.163 | D7: =D5*Inputs!$I$76 -> 16272.6 | E7: =E5*Inputs!$I$76 -> 20747.565 | F7: =F5*Inputs!$I$76 -> 24378.389 | G7: =G5*Inputs!$I$76 -> 27425.687
A8: Consumption revenue | B8: =B5-B7 -> 3796 | C8: =C5-C7 -> 43510.837 | D8: =D5-D7 -> 65090.4 | E8: =E5-E7 -> 82990.26 | F8: =F5-F7 -> 97513.556 | G8: =G5-G7 -> 109702.75
A9: Compute on its own growth schedule (before any commitment floor) | C9: =Historicals!F36+Historicals!H6+Inputs!$I$75*Inputs!$I$81 -> 28258 | D9: =(C9-Inputs!$I$113)*(1+Inputs!$I$82) -> 48038.6 | E9: =D9*(1+Inputs!$I$83) -> 69655.97 | F9: =E9*(1+Inputs!$I$84) -> 90552.761 | G9: =F9*(1+Inputs!$I$85) -> 108663.31
A10: Compute and infrastructure | B10: =Historicals!D36 -> 7326 | C10: =Historicals!F36+Historicals!H6+MAX(Inputs!$I$75*Inputs!$I$81,Inputs!$I$108*C22) -> 28258 | D10: =MAX(D9,Inputs!$I$108*D22) -> 48038.6 | E10: =MAX(E9,Inputs!$I$108*E22) -> 69655.97 | F10: =MAX(F9,Inputs!$I$108*F22) -> 90552.761 | G10: =MAX(G9,Inputs!$I$108*G22) -> 108663.31
A11: Personnel (incl. stock comp) | B11: =Historicals!D37 -> 1839 | C11: =Historicals!F37+Historicals!H7+Inputs!$I$75*Historicals!H24 -> 6982.0729 | D11: =D5*Inputs!$I$86 -> 11390.82 | E11: =E5*Inputs!$I$87 -> 13485.917 | F11: =F5*Inputs!$I$88 -> 14627.033 | G11: =G5*Inputs!$I$89 -> 15084.128
A12: of which stock comp | B12: =Historicals!D49 -> 1158 | C12: =Historicals!F49+Historicals!H19+Inputs!$I$75*Historicals!H29 -> 4580.1946 | D12: =D5*Inputs!$I$90 -> 7322.67 | E12: =E5*Inputs!$I$91 -> 8299.026 | F12: =F5*Inputs!$I$92 -> 8532.4361 | G12: =G5*Inputs!$I$93 -> 8227.7062
A13: Sales, marketing & partner fees | B13: =Historicals!D39 -> 568 | C13: =Historicals!F39+Historicals!H9+Inputs!$I$75*Historicals!H25 -> 8453.0977 | D13: =D5*Inputs!$I$94 -> 13831.71 | E13: =E5*Inputs!$I$95 -> 16598.052 | F13: =F5*Inputs!$I$96 -> 18283.792 | G13: =G5*Inputs!$I$97 -> 20569.266
A14: Other operating & administrative | B14: =Historicals!D40 -> 1412 | C14: =Historicals!F40+Historicals!H10-Inputs!$B$37+Inputs!$I$75*(Historicals!H10-Inputs!$B$37)/Historicals!H5 -> 5358.2774 | D14: =D5*Inputs!$I$98 -> 6509.04 | E14: =E5*Inputs!$I$99 -> 7261.6478 | F14: =F5*Inputs!$I$100 -> 7313.5167 | G14: =G5*Inputs!$I$101 -> 8227.7062
A15: One-time items (2025 Bartz settlement; 2026 Q3 donation-matching charge) | B15: =Historicals!D38 -> 1500 | C15: =Inputs!$B$37 -> 1960 | D15: 0 | E15: 0 | F15: 0 | G15: 0
A16: Total operating expenses | B16: =B10+B11+B13+B14+B15 -> 12645 | C16: =C10+C11+C13+C14+C15 -> 51011.448 | D16: =D10+D11+D13+D14+D15 -> 79770.17 | E16: =E10+E11+E13+E14+E15 -> 107001.59 | F16: =F10+F11+F13+F14+F15 -> 130777.1 | G16: =G10+G11+G13+G14+G15 -> 152544.41
A17: Operating income before depreciation of new owned capacity | B17: =B5-B16 -> -8060 | C17: =C5-C16 -> 3230.552 | D17: =D5-D16 -> 1592.83 | E17: =E5-E16 -> -3263.762 | F17: =F5-F16 -> -8885.1583 | G17: =G5-G16 -> -15415.976
A18: Margin | B18: =IFERROR(B17/B5,0) -> -1.7579062 | C18: =IFERROR(C17/C5,0) -> 0.059558129 | D18: =IFERROR(D17/D5,0) -> 0.019576835 | E18: =IFERROR(E17/E5,0) -> -0.031461639 | F18: =IFERROR(F17/F5,0) -> -0.072893728 | G18: =IFERROR(G17/G5,0) -> -0.11241998
A19: Compute % of revenue | B19: =IFERROR(B10/B5,0) -> 1.597819 | C19: =IFERROR(C10/C5,0) -> 0.52096162 | D19: =IFERROR(D10/D5,0) -> 0.59042317 | E19: =IFERROR(E10/E5,0) -> 0.67146164 | F19: =IFERROR(F10/F5,0) -> 0.74289373 | G19: =IFERROR(G10/G5,0) -> 0.79241998
A20: Non-cash donation-matching charges (incl. in costs above) | C20: =Historicals!$B$78+Inputs!$B$37 -> 2086 | D20: 0 | E20: 0 | F20: 0 | G20: 0
A21: Discount factor to end 2026 | D21: =1/(1+Inputs!$B$19+Inputs!$I$104)^1 -> 0.89285714 | E21: =1/(1+Inputs!$B$19+Inputs!$I$104)^2 -> 0.79719388 | F21: =1/(1+Inputs!$B$19+Inputs!$I$104)^3 -> 0.71178025 | G21: =1/(1+Inputs!$B$19+Inputs!$I$104)^4 -> 0.63551808
A22: Committed compute floor ($mm; dated table + short-term + undated remainder by floor weights; 2026 = Q4) | C22: =Inputs!B$69+Inputs!$B$47*Inputs!$B$46 -> 11231 | D22: =Inputs!C$69+Inputs!$B$47*(1-Inputs!$B$46)+Inputs!$B$70*Inputs!$I$109 -> 97550 | E22: =Inputs!D$69+Inputs!$B$70*Inputs!$I$110 -> 107338.25 | F22: =Inputs!E$69+Inputs!$B$70*Inputs!$I$111 -> 117031.38 | G22: =Inputs!F$69+Inputs!$B$70*Inputs!$I$112 -> 114349.38
A23: Third business line: value-share partnerships (hypothetical)
A24: Share of core revenue base under value-share | C24: 0 | D24: =Inputs!$C$118 -> 0.02 | E24: =Inputs!$C$119 -> 0.05 | F24: =Inputs!$C$120 -> 0.1 | G24: =Inputs!$C$121 -> 0.15
A25: Revenue base moved to value-share | C25: =C5*C24 -> 0 | D25: =D5*D24 -> 1627.26 | E25: =E5*E24 -> 5186.8912 | F25: =F5*F24 -> 12189.194 | G25: =G5*G24 -> 20569.266
A26: Value created per $1 of Claude spend | C26: =Inputs!$C$122 -> 8 | D26: =Inputs!$C$122 -> 8 | E26: =Inputs!$C$122 -> 8 | F26: =Inputs!$C$122 -> 8 | G26: =Inputs!$C$122 -> 8
A27: Economic value created for partners | C27: =C25*C26 -> 0 | D27: =D25*D26 -> 13018.08 | E27: =E25*E26 -> 41495.13 | F27: =F25*F26 -> 97513.556 | G27: =G25*G26 -> 164554.12
A28: Anthropic's cut | C28: =Inputs!$C$123 -> 0.15 | D28: =Inputs!$C$123 -> 0.15 | E28: =Inputs!$C$123 -> 0.15 | F28: =Inputs!$C$123 -> 0.15 | G28: =Inputs!$C$123 -> 0.15
A29: Value-share revenue (gross) | C29: =C27*C28 -> 0 | D29: =D27*D28 -> 1952.712 | E29: =E27*E28 -> 6224.2695 | F29: =F27*F28 -> 14627.033 | G29: =G27*G28 -> 24683.119
A30: Token revenue given up | C30: =C25*Inputs!$C$124 -> 0 | D30: =D25*Inputs!$C$124 -> 488.178 | E30: =E25*Inputs!$C$124 -> 1556.0674 | F30: =F25*Inputs!$C$124 -> 3656.7583 | G30: =G25*Inputs!$C$124 -> 6170.7797
A31: Net new revenue | C31: =C29-C30 -> 0 | D31: =D29-D30 -> 1464.534 | E31: =E29-E30 -> 4668.2021 | F31: =F29-F30 -> 10970.275 | G31: =G29-G30 -> 18512.339
A32: Delivery cost | C32: =C29*Inputs!$C$125 -> 0 | D32: =D29*Inputs!$C$125 -> 390.5424 | E32: =E29*Inputs!$C$125 -> 1244.8539 | F32: =F29*Inputs!$C$125 -> 2925.4067 | G32: =G29*Inputs!$C$125 -> 4936.6237
A33: Extra compute | C33: =C29*Inputs!$C$126 -> 0 | D33: =D29*Inputs!$C$126 -> 292.9068 | E33: =E29*Inputs!$C$126 -> 933.64043 | F33: =F29*Inputs!$C$126 -> 2194.055 | G33: =G29*Inputs!$C$126 -> 3702.4678
A34: Selling, partner fees & overhead | C34: =C29*Inputs!$C$127 -> 0 | D34: =D29*Inputs!$C$127 -> 195.2712 | E34: =E29*Inputs!$C$127 -> 622.42695 | F34: =F29*Inputs!$C$127 -> 1462.7033 | G34: =G29*Inputs!$C$127 -> 2468.3119
A35: Value-share operating contribution | C35: =C29-C30-C32-C33-C34 -> 0 | D35: =D29-D30-D32-D33-D34 -> 585.8136 | E35: =E29-E30-E32-E33-E34 -> 1867.2809 | F35: =F29-F30-F32-F33-F34 -> 4388.11 | G35: =G29-G30-G32-G33-G34 -> 7404.9356
A36: Value created as % of $40T knowledge-work pool | C36: =IFERROR(C27/Inputs!$B$27,0) -> 0 | D36: =IFERROR(D27/Inputs!$B$27,0) -> 0.000325452 | E36: =IFERROR(E27/Inputs!$B$27,0) -> 0.0010373782 | F36: =IFERROR(F27/Inputs!$B$27,0) -> 0.0024378389 | G36: =IFERROR(G27/Inputs!$B$27,0) -> 0.0041138531
A37: Value-share capital spending (per selected basis) | C37: =CHOOSE(Inputs!$B$35,C31*Inputs!B$67,C29*Inputs!$B$36,0) -> 0 | D37: =CHOOSE(Inputs!$B$35,D31*Inputs!C$67,D29*Inputs!$B$36,0) -> 58.58136 | E37: =CHOOSE(Inputs!$B$35,E31*Inputs!D$67,E29*Inputs!$B$36,0) -> 233.41011 | F37: =CHOOSE(Inputs!$B$35,F31*Inputs!E$67,F29*Inputs!$B$36,0) -> 548.51375 | G37: =CHOOSE(Inputs!$B$35,G31*Inputs!F$67,G29*Inputs!$B$36,0) -> 925.61695
A38: Value-share collection timing (working capital) | C38: 0 | D38: =-(D29-C29)*Inputs!$B$34/365 -> 0 | E38: =-(E29-D29)*Inputs!$B$34/365 -> 0 | F38: =-(F29-E29)*Inputs!$B$34/365 -> 0 | G38: =-(G29-F29)*Inputs!$B$34/365 -> 0
A40: Prepaid compute roll-forward (cash paid ahead of use)
A41: Prepaid balance, opening | C41: 0 | D41: =C46 -> 0 | E41: =D46 -> 0 | F41: =E46 -> 0 | G41: =F46 -> 0
A42: Prepayment paid (start of year) | C42: 0 | D42: =Inputs!$I$107 -> 0 | E42: 0 | F42: 0 | G42: 0
A43: Scheduled credits available (cumulative scheduled less used) | C43: =MAX(0,0) -> 0 | D43: =MAX(0,0) -> 0 | E43: =MAX(0,$D$42/Inputs!$B$40*MIN(1,Inputs!$B$40)-SUM($C45:D45)) -> 0 | F43: =MAX(0,$D$42/Inputs!$B$40*MIN(2,Inputs!$B$40)-SUM($C45:E45)) -> 0 | G43: =MAX(0,$D$42/Inputs!$B$40*MIN(3,Inputs!$B$40)-SUM($C45:F45)) -> 0
A44: Eligible compute charges this year | C44: =C10*Inputs!$B$39 -> 28258 | D44: =D10*Inputs!$B$39 -> 48038.6 | E44: =E10*Inputs!$B$39 -> 69655.97 | F44: =F10*Inputs!$B$39 -> 90552.761 | G44: =G10*Inputs!$B$39 -> 108663.31
A45: Credits used (capped by balance, schedule and eligible charges) | C45: =MAX(0,MIN(C41+C42,C43,C44)) -> 0 | D45: =MAX(0,MIN(D41+D42,D43,D44)) -> 0 | E45: =MAX(0,MIN(E41+E42,E43,E44)) -> 0 | F45: =MAX(0,MIN(F41+F42,F43,F44)) -> 0 | G45: =MAX(0,MIN(G41+G42,G43,G44)) -> 0
A46: Prepaid balance, closing | C46: =C41+C42-C45 -> 0 | D46: =D41+D42-D45 -> 0 | E46: =E41+E42-E45 -> 0 | F46: =F41+F42-F45 -> 0 | G46: =G41+G42-G45 -> 0
A48: Core business (tokens + subscriptions): earnings, taxes, cash
A49: Revenue | C49: =C5 -> 54242 | D49: =D5 -> 81363 | E49: =E5 -> 103737.82 | F49: =F5 -> 121891.94 | G49: =G5 -> 137128.44
A50: Operating income before depreciation of new owned capacity | C50: =C17 -> 3230.552 | D50: =D17 -> 1592.83 | E50: =E17 -> -3263.762 | F50: =F17 -> -8885.1583 | G50: =G17 -> -15415.976
A51: Capital spending | C51: =C5*Inputs!B$67 -> 1627.26 | D51: =D5*Inputs!C$67 -> 3254.52 | E51: =E5*Inputs!D$67 -> 5186.8912 | F51: =F5*Inputs!E$67 -> 6094.5972 | G51: =G5*Inputs!F$67 -> 6856.4219
A52: Depreciation of owned capacity bought from 2027 | C52: 0 | D52: =SUMPRODUCT($D51:D51,--((4-COLUMN($D51:D51))<Inputs!$B$32))/Inputs!$B$32 -> 650.904 | E52: =SUMPRODUCT($D51:E51,--((5-COLUMN($D51:E51))<Inputs!$B$32))/Inputs!$B$32 -> 1688.2822 | F52: =SUMPRODUCT($D51:F51,--((6-COLUMN($D51:F51))<Inputs!$B$32))/Inputs!$B$32 -> 2907.2017 | G52: =SUMPRODUCT($D51:G51,--((7-COLUMN($D51:G51))<Inputs!$B$32))/Inputs!$B$32 -> 4278.4861
A53: Operating income (earnings basis, after stock comp) | C53: =C50-C52 -> 3230.552 | D53: =D50-D52 -> 941.926 | E53: =E50-E52 -> -4952.0442 | F53: =F50-F52 -> -11792.36 | G53: =G50-G52 -> -19694.462
A54: Operating margin | C54: =IFERROR(C53/C49,0) -> 0.059558129 | D54: =IFERROR(D53/D49,0) -> 0.011576835 | E54: =IFERROR(E53/E49,0) -> -0.047736149 | F54: =IFERROR(F53/F49,0) -> -0.096744375 | G54: =IFERROR(G53/G49,0) -> -0.14362055
A55: Interest income (on opening cash) | C55: =Historicals!F43+Historicals!H13+C80*Inputs!$B$20/4 -> 3183.0312 | D55: =MAX(0,D80-D81)*Inputs!$B$20 -> 3441.6179 | E55: =MAX(0,E80-E81)*Inputs!$B$20 -> 3663.4459 | F55: =MAX(0,F80-F81)*Inputs!$B$20 -> 3751.2414 | G55: =MAX(0,G80-G81)*Inputs!$B$20 -> 3683.8394
A56: Other taxable income adjustments | C56: =Inputs!B$68 -> 0 | D56: =Inputs!C$68 -> 0 | E56: =Inputs!D$68 -> 0 | F56: =Inputs!E$68 -> 0 | G56: =Inputs!F$68 -> 0
A57: IPO RSU tax deduction | C57: =IF(Inputs!$B$63=2026,Inputs!$B$62,0) -> 0 | D57: =IF(Inputs!$B$63=2027,Inputs!$B$62,0) -> 0 | E57: =IF(Inputs!$B$63=2028,Inputs!$B$62,0) -> 0 | F57: =IF(Inputs!$B$63=2029,Inputs!$B$62,0) -> 0 | G57: =IF(Inputs!$B$63=2030,Inputs!$B$62,0) -> 0
A58: Taxable income proxy | C58: =C53+C55+C56-C57 -> 6413.5833 | D58: =D53+D55+D56-D57 -> 4383.5439 | E58: =E53+E55+E56-E57 -> -1288.5983 | F58: =F53+F55+F56-F57 -> -8041.1186 | G58: =G53+G55+G56-G57 -> -16010.622
A59: State taxable base (apportioned) | C59: =C58*Inputs!$B$58 -> 4617.78 | D59: =D58*Inputs!$B$58 -> 3156.1516 | E59: =E58*Inputs!$B$58 -> -927.79081 | F59: =F58*Inputs!$B$58 -> -5789.6054 | G59: =G58*Inputs!$B$58 -> -11527.648
A60: State NOL, opening | C60: =Inputs!$B$60 -> 4200 | D60: =C62 -> 4200 | E60: =D62 -> 1043.8484 | F60: =E62 -> 1971.6392 | G60: =F62 -> 7761.2446
A61: State NOL used | C61: =IF(AND(2026=2026,Inputs!$B$61=1),0,MIN(C60,MAX(0,C59))) -> 0 | D61: =IF(AND(2027=2026,Inputs!$B$61=1),0,MIN(D60,MAX(0,D59))) -> 3156.1516 | E61: =IF(AND(2028=2026,Inputs!$B$61=1),0,MIN(E60,MAX(0,E59))) -> 0 | F61: =IF(AND(2029=2026,Inputs!$B$61=1),0,MIN(F60,MAX(0,F59))) -> 0 | G61: =IF(AND(2030=2026,Inputs!$B$61=1),0,MIN(G60,MAX(0,G59))) -> 0
A62: State NOL, closing | C62: =C60-C61+MAX(0,-C59) -> 4200 | D62: =D60-D61+MAX(0,-D59) -> 1043.8484 | E62: =E60-E61+MAX(0,-E59) -> 1971.6392 | F62: =F60-F61+MAX(0,-F59) -> 7761.2446 | G62: =G60-G61+MAX(0,-G59) -> 19288.893
A63: State tax | C63: =MAX(0,C59-C61)*Inputs!$B$59 -> 277.0668 | D63: =MAX(0,D59-D61)*Inputs!$B$59 -> 0 | E63: =MAX(0,E59-E61)*Inputs!$B$59 -> 0 | F63: =MAX(0,F59-F61)*Inputs!$B$59 -> 0 | G63: =MAX(0,G59-G61)*Inputs!$B$59 -> 0
A64: Federal taxable income before NOL (after state tax) | C64: =C58-C63 -> 6136.5165 | D64: =D58-D63 -> 4383.5439 | E64: =E58-E63 -> -1288.5983 | F64: =F58-F63 -> -8041.1186 | G64: =G58-G63 -> -16010.622
A65: Federal NOL, opening | C65: =Inputs!$B$56 -> 8200 | D65: =C67 -> 3290.7868 | E65: =D67 -> 0 | F65: =E67 -> 1288.5983 | G65: =F67 -> 9329.7169
A66: Federal NOL used (80% limit) | C66: =MIN(C65,Inputs!$B$57*MAX(0,C64)) -> 4909.2132 | D66: =MIN(D65,Inputs!$B$57*MAX(0,D64)) -> 3290.7868 | E66: =MIN(E65,Inputs!$B$57*MAX(0,E64)) -> 0 | F66: =MIN(F65,Inputs!$B$57*MAX(0,F64)) -> 0 | G66: =MIN(G65,Inputs!$B$57*MAX(0,G64)) -> 0
A67: Federal NOL, closing | C67: =C65-C66+MAX(0,-C64) -> 3290.7868 | D67: =D65-D66+MAX(0,-D64) -> 0 | E67: =E65-E66+MAX(0,-E64) -> 1288.5983 | F67: =F65-F66+MAX(0,-F64) -> 9329.7169 | G67: =G65-G66+MAX(0,-G64) -> 25340.339
A68: Federal tax | C68: =MAX(0,C64-C66)*Inputs!$B$55 -> 257.73369 | D68: =MAX(0,D64-D66)*Inputs!$B$55 -> 229.47899 | E68: =MAX(0,E64-E66)*Inputs!$B$55 -> 0 | F68: =MAX(0,F64-F66)*Inputs!$B$55 -> 0 | G68: =MAX(0,G64-G66)*Inputs!$B$55 -> 0
A69: Cash taxes (selected method) | C69: =IF(Inputs!$I$105=0,MAX(0,C53+C55)*Inputs!B$66,IF(Inputs!$I$105=2,MAX(0,C58)*Inputs!$I$106,C63+C68)) -> 534.80049 | D69: =IF(Inputs!$I$105=0,MAX(0,D53+D55)*Inputs!C$66,IF(Inputs!$I$105=2,MAX(0,D58)*Inputs!$I$106,D63+D68)) -> 229.47899 | E69: =IF(Inputs!$I$105=0,MAX(0,E53+E55)*Inputs!D$66,IF(Inputs!$I$105=2,MAX(0,E58)*Inputs!$I$106,E63+E68)) -> 0 | F69: =IF(Inputs!$I$105=0,MAX(0,F53+F55)*Inputs!E$66,IF(Inputs!$I$105=2,MAX(0,F58)*Inputs!$I$106,F63+F68)) -> 0 | G69: =IF(Inputs!$I$105=0,MAX(0,G53+G55)*Inputs!F$66,IF(Inputs!$I$105=2,MAX(0,G58)*Inputs!$I$106,G63+G68)) -> 0
A70: Effective tax rate on taxable income | C70: =IF(C58>0,MIN(1,C69/C58),0) -> 0.0833856 | D70: =IF(D58>0,MIN(1,D69/D58),0) -> 0.052350107 | E70: =IF(E58>0,MIN(1,E69/E58),0) -> 0 | F70: =IF(F58>0,MIN(1,F69/F58),0) -> 0 | G70: =IF(G58>0,MIN(1,G69/G58),0) -> 0
A71: Net income excl. non-cash fair value items | C71: =C53+C55-C69 -> 5878.7828 | D71: =D53+D55-D69 -> 4154.0649 | E71: =E53+E55-E69 -> -1288.5983 | F71: =F53+F55-F69 -> -8041.1186 | G71: =G53+G55-G69 -> -16010.622
A72: Non-cash stock comp & donation charges (added back for liquidity) | C72: =C12+C20 -> 6666.1946 | D72: =D12+D20 -> 7322.67 | E72: =E12+E20 -> 8299.026 | F72: =F12+F20 -> 8532.4361 | G72: =G12+G20 -> 8227.7062
A73: Working capital | C73: 0 | D73: =-(D5-C5)*Inputs!$B$33 -> 0 | E73: =-(E5-D5)*Inputs!$B$33 -> 0 | F73: =-(F5-E5)*Inputs!$B$33 -> 0 | G73: =-(G5-F5)*Inputs!$B$33 -> 0
A74: Compute prepayment timing (non-recurring; excluded from exit value) | C74: =-C$42+C$45 -> 0 | D74: =-D$42+D$45 -> 0 | E74: =-E$42+E$45 -> 0 | F74: =-F$42+F$45 -> 0 | G74: =-G$42+G$45 -> 0
A75: Actual cash flow (liquidity basis) | C75: =C53+C72+C52+C55-C69-C51+C73+C74 -> 10917.717 | D75: =D53+D72+D52+D55-D69-D51+D73+D74 -> 8873.1189 | E75: =E53+E72+E52+E55-E69-E51+E73+E74 -> 3511.8187 | F75: =F53+F72+F52+F55-F69-F51+F73+F74 -> -2696.078 | G75: =G53+G72+G52+G55-G69-G51+G73+G74 -> -10360.852
A76: Economic operating cash flow (valuation basis: after stock comp, excl. interest) | C76: =C53+C52-(C69-C55*C70)-C51+C73+C74 -> 1333.9105 | D76: =D53+D52-(D69-D55*D70)-D51+D73+D74 -> -1710.9999 | E76: =E53+E52-(E69-E55*E70)-E51+E73+E74 -> -8450.6532 | F76: =F53+F52-(F69-F55*F70)-F51+F73+F74 -> -14979.755 | G76: =G53+G52-(G69-G55*G70)-G51+G73+G74 -> -22272.398
A77: Economic cash flow margin | C77: =IFERROR(C76/C49,0) -> 0.024591838 | D77: =IFERROR(D76/D49,0) -> -0.021029214 | E77: =IFERROR(E76/E49,0) -> -0.081461639 | F77: =IFERROR(F76/F49,0) -> -0.12289373 | G77: =IFERROR(G76/G49,0) -> -0.16241998
A79: Cash roll-forward | C79: Q4 2026 | D79: 2027E | E79: 2028E | F79: 2029E | G79: 2030E
A80: Opening cash | C80: =Inputs!$B$41 -> 131845 | D80: =C85 -> 137664.72 | E80: =D85 -> 146537.84 | F80: =E85 -> 150049.65 | G80: =F85 -> 147353.58
A81: of which paid at start of year (prepayment) | C81: =C$42 -> 0 | D81: =D$42 -> 0 | E81: =E$42 -> 0 | F81: =F$42 -> 0 | G81: =G$42 -> 0
A82: Cash flow in period (Q4 only for 2026) | B82: 2026: full-year cash flow less H1 and Q3 actual on the same basis | C82: =C75-Historicals!$B$79-Historicals!$B$95 -> 5819.7174 | D82: =D75 -> 8873.1189 | E82: =E75 -> 3511.8187 | F82: =F75 -> -2696.078 | G82: =G75 -> -10360.852
A83: RSU tax withholding paid | C83: =-Inputs!$B$17 -> 0 | D83: 0 | E83: 0 | F83: 0 | G83: 0
A84: Primary IPO proceeds | C84: =Inputs!$B$15 -> 0 | D84: 0 | E84: 0 | F84: 0 | G84: 0
A85: Closing cash | C85: =C80+C82+C83+C84 -> 137664.72 | D85: =D80+D82+D83+D84 -> 146537.84 | E85: =E80+E82+E83+E84 -> 150049.65 | F85: =F80+F82+F83+F84 -> 147353.58 | G85: =G80+G82+G83+G84 -> 136992.73
A86: Lowest cash in the year (start-of-year payments or year end) | C86: =MIN(C80-C81,C85) -> 131845 | D86: =MIN(D80-D81,D85) -> 137664.72 | E86: =MIN(E80-E81,E85) -> 146537.84 | F86: =MIN(F80-F81,F85) -> 147353.58 | G86: =MIN(G80-G81,G85) -> 136992.73
A87: Lowest cash above the shortfall threshold | C87: =C86-Inputs!$B$29 -> 126845 | D87: =D86-Inputs!$B$29 -> 132664.72 | E87: =E86-Inputs!$B$29 -> 141537.84 | F87: =F86-Inputs!$B$29 -> 142353.58 | G87: =G86-Inputs!$B$29 -> 131992.73
A88: Year-end cash vs $5B covenant (cash proxy) | C88: =IF(C85<Inputs!$B$38,"Below","OK") -> OK | D88: =IF(D85<Inputs!$B$38,"Below","OK") -> OK | E88: =IF(E85<Inputs!$B$38,"Below","OK") -> OK | F88: =IF(F85<Inputs!$B$38,"Below","OK") -> OK | G88: =IF(G85<Inputs!$B$38,"Below","OK") -> OK
A89: Funding status | C89: =IF(C87<0,"Shortfall","OK") -> OK | D89: =IF(D87<0,"Shortfall","OK") -> OK | E89: =IF(E87<0,"Shortfall","OK") -> OK | F89: =IF(F87<0,"Shortfall","OK") -> OK | G89: =IF(G87<0,"Shortfall","OK") -> OK
A90: Peak funding need (intra-year) | G90: =MAX(0,-MIN(C87:G87)) -> 0
A91: Sensitivity: peak funding need with a $0 buffer | G91: =MAX(0,-MIN(C86:G86)) -> 0
A92: Funded cash path (illustrative equity raise) | C92: Q4 2026 | D92: 2027E | E92: 2028E | F92: 2029E | G92: 2030E
A93: Financing year (start of the first shortfall year; proceeds arrive with the payment) | G93: =IF(G90=0,"none",IFERROR(2025+MATCH(1,INDEX(--(C87:G87<0),0),0),"none")) -> none
A94: Net proceeds needed (covers peak need) | G94: =G90 -> 0
A95: Issuance fees | G95: =G94/(1-Inputs!$B$31)*Inputs!$B$31 -> 0
A96: Gross amount raised | G96: =G94+G95 -> 0
A97: Net proceeds received in year | C97: =IF(AND(ISNUMBER($G$93),$G$93=2026),$G$94,0) -> 0 | D97: =IF(AND(ISNUMBER($G$93),$G$93=2027),$G$94,0) -> 0 | E97: =IF(AND(ISNUMBER($G$93),$G$93=2028),$G$94,0) -> 0 | F97: =IF(AND(ISNUMBER($G$93),$G$93=2029),$G$94,0) -> 0 | G97: =IF(AND(ISNUMBER($G$93),$G$93=2030),$G$94,0) -> 0
A98: Interest change vs. unfunded path (funded balance after start-of-year payments) | C98: =C97*Inputs!$B$20/4 -> 0 | D98: =MAX(0,C100-D81+D97)*Inputs!$B$20-D55 -> 0 | E98: =MAX(0,D100-E81+E97)*Inputs!$B$20-E55 -> 0 | F98: =MAX(0,E100-F81+F97)*Inputs!$B$20-F55 -> 0 | G98: =MAX(0,F100-G81+G97)*Inputs!$B$20-G55 -> 0
A99: Extra tax on that interest | C99: =C98*C70 -> 0 | D99: =D98*D70 -> 0 | E99: =E98*E70 -> 0 | F99: =F98*F70 -> 0 | G99: =G98*G70 -> 0
A100: Closing cash — funded | C100: =C85+SUM($C97:C97)+SUM($C98:C98)-SUM($C99:C99) -> 137664.72 | D100: =D85+SUM($C97:D97)+SUM($C98:D98)-SUM($C99:D99) -> 146537.84 | E100: =E85+SUM($C97:E97)+SUM($C98:E98)-SUM($C99:E99) -> 150049.65 | F100: =F85+SUM($C97:F97)+SUM($C98:F98)-SUM($C99:F99) -> 147353.58 | G100: =G85+SUM($C97:G97)+SUM($C98:G98)-SUM($C99:G99) -> 136992.73
A101: Lowest cash in the year — funded | C101: =MIN(C80-C81+0+C97,C100) -> 131845 | D101: =MIN(D80-D81+SUM($C97:C97)+SUM($C98:C98)-SUM($C99:C99)+D97,D100) -> 137664.72 | E101: =MIN(E80-E81+SUM($C97:D97)+SUM($C98:D98)-SUM($C99:D99)+E97,E100) -> 146537.84 | F101: =MIN(F80-F81+SUM($C97:E97)+SUM($C98:E98)-SUM($C99:E99)+F97,F100) -> 147353.58 | G101: =MIN(G80-G81+SUM($C97:F97)+SUM($C98:F98)-SUM($C99:F99)+G97,G100) -> 136992.73
A102: Funded path stays above threshold? | C102: =IF(C101-Inputs!$B$29<-0.5,"No","Yes") -> Yes | D102: =IF(D101-Inputs!$B$29<-0.5,"No","Yes") -> Yes | E102: =IF(E101-Inputs!$B$29<-0.5,"No","Yes") -> Yes | F102: =IF(F101-Inputs!$B$29<-0.5,"No","Yes") -> Yes | G102: =IF(G101-Inputs!$B$29<-0.5,"No","Yes") -> Yes
A104: Hybrid company (core + value-share): earnings, taxes, cash
A105: Revenue | C105: =C5+C31 -> 54242 | D105: =D5+D31 -> 82827.534 | E105: =E5+E31 -> 108406.03 | F105: =F5+F31 -> 132862.22 | G105: =G5+G31 -> 155640.78
...

Sheet S4
A1: S4 Lower multiples — projections, cash and valuation ($ millions except per share)
A2: 2026E = H1 2026 actual + Q3 2026 actual (S-1/A) + assumed Q4. Compute is forecast as cash spending (hosting, leases and owned capacity all treated as paid when expensed); the S-1 gives no payment schedule.
A4: Core business: income statement | B4: 2025A | C4: 2026E | D4: 2027E | E4: 2028E | F4: 2029E | G4: 2030E
A5: Revenue | B5: =Historicals!D35 -> 4585 | C5: =Historicals!F35+(Inputs!$B$5+Inputs!$J$75) -> 54242 | D5: =C5*(1+Inputs!$J$77) -> 108484 | E5: =D5*(1+Inputs!$J$78) -> 168150.2 | F5: =E5*(1+Inputs!$J$79) -> 227002.77 | G5: =F5*(1+Inputs!$J$80) -> 283753.46
A6: Growth | C6: =IFERROR(C5/B5-1,0) -> 10.830316 | D6: =IFERROR(D5/C5-1,0) -> 1 | E6: =IFERROR(E5/D5-1,0) -> 0.55 | F6: =IFERROR(F5/E5-1,0) -> 0.35 | G6: =IFERROR(G5/F5-1,0) -> 0.25
A7: Subscription revenue | B7: =Historicals!D51 -> 789 | C7: =Historicals!F51+(Inputs!$B$5+Inputs!$J$75)*Historicals!F51/Historicals!F35 -> 10731.163 | D7: =D5*Inputs!$J$76 -> 21696.8 | E7: =E5*Inputs!$J$76 -> 33630.04 | F7: =F5*Inputs!$J$76 -> 45400.554 | G7: =G5*Inputs!$J$76 -> 56750.692
A8: Consumption revenue | B8: =B5-B7 -> 3796 | C8: =C5-C7 -> 43510.837 | D8: =D5-D7 -> 86787.2 | E8: =E5-E7 -> 134520.16 | F8: =F5-F7 -> 181602.22 | G8: =G5-G7 -> 227002.77
A9: Compute on its own growth schedule (before any commitment floor) | C9: =Historicals!F36+Historicals!H6+Inputs!$J$75*Inputs!$J$81 -> 28258 | D9: =(C9-Inputs!$J$113)*(1+Inputs!$J$82) -> 48038.6 | E9: =D9*(1+Inputs!$J$83) -> 69655.97 | F9: =E9*(1+Inputs!$J$84) -> 90552.761 | G9: =F9*(1+Inputs!$J$85) -> 108663.31
A10: Compute and infrastructure | B10: =Historicals!D36 -> 7326 | C10: =Historicals!F36+Historicals!H6+MAX(Inputs!$J$75*Inputs!$J$81,Inputs!$J$108*C22) -> 28258 | D10: =MAX(D9,Inputs!$J$108*D22) -> 48038.6 | E10: =MAX(E9,Inputs!$J$108*E22) -> 69655.97 | F10: =MAX(F9,Inputs!$J$108*F22) -> 90552.761 | G10: =MAX(G9,Inputs!$J$108*G22) -> 108663.31
A11: Personnel (incl. stock comp) | B11: =Historicals!D37 -> 1839 | C11: =Historicals!F37+Historicals!H7+Inputs!$J$75*Historicals!H24 -> 6982.0729 | D11: =D5*Inputs!$J$86 -> 15187.76 | E11: =E5*Inputs!$J$87 -> 21859.526 | F11: =F5*Inputs!$J$88 -> 27240.332 | G11: =G5*Inputs!$J$89 -> 31212.881
A12: of which stock comp | B12: =Historicals!D49 -> 1158 | C12: =Historicals!F49+Historicals!H19+Inputs!$J$75*Historicals!H29 -> 4580.1946 | D12: =D5*Inputs!$J$90 -> 9763.56 | E12: =E5*Inputs!$J$91 -> 13452.016 | F12: =F5*Inputs!$J$92 -> 15890.194 | G12: =G5*Inputs!$J$93 -> 17025.208
A13: Sales, marketing & partner fees | B13: =Historicals!D39 -> 568 | C13: =Historicals!F39+Historicals!H9+Inputs!$J$75*Historicals!H25 -> 8453.0977 | D13: =D5*Inputs!$J$94 -> 18442.28 | E13: =E5*Inputs!$J$95 -> 26904.032 | F13: =F5*Inputs!$J$96 -> 34050.416 | G13: =G5*Inputs!$J$97 -> 42563.019
A14: Other operating & administrative | B14: =Historicals!D40 -> 1412 | C14: =Historicals!F40+Historicals!H10-Inputs!$B$37+Inputs!$J$75*(Historicals!H10-Inputs!$B$37)/Historicals!H5 -> 5358.2774 | D14: =D5*Inputs!$J$98 -> 8678.72 | E14: =E5*Inputs!$J$99 -> 11770.514 | F14: =F5*Inputs!$J$100 -> 13620.166 | G14: =G5*Inputs!$J$101 -> 17025.208
A15: One-time items (2025 Bartz settlement; 2026 Q3 donation-matching charge) | B15: =Historicals!D38 -> 1500 | C15: =Inputs!$B$37 -> 1960 | D15: 0 | E15: 0 | F15: 0 | G15: 0
A16: Total operating expenses | B16: =B10+B11+B13+B14+B15 -> 12645 | C16: =C10+C11+C13+C14+C15 -> 51011.448 | D16: =D10+D11+D13+D14+D15 -> 90347.36 | E16: =E10+E11+E13+E14+E15 -> 130190.04 | F16: =F10+F11+F13+F14+F15 -> 165463.68 | G16: =G10+G11+G13+G14+G15 -> 199464.42
A17: Operating income before depreciation of new owned capacity | B17: =B5-B16 -> -8060 | C17: =C5-C16 -> 3230.552 | D17: =D5-D16 -> 18136.64 | E17: =E5-E16 -> 37960.158 | F17: =F5-F16 -> 61539.095 | G17: =G5-G16 -> 84289.041
A18: Margin | B18: =IFERROR(B17/B5,0) -> -1.7579062 | C18: =IFERROR(C17/C5,0) -> 0.059558129 | D18: =IFERROR(D17/D5,0) -> 0.16718263 | E18: =IFERROR(E17/E5,0) -> 0.22575149 | F18: =IFERROR(F17/F5,0) -> 0.27109403 | G18: =IFERROR(G17/G5,0) -> 0.29705027
A19: Compute % of revenue | B19: =IFERROR(B10/B5,0) -> 1.597819 | C19: =IFERROR(C10/C5,0) -> 0.52096162 | D19: =IFERROR(D10/D5,0) -> 0.44281737 | E19: =IFERROR(E10/E5,0) -> 0.41424851 | F19: =IFERROR(F10/F5,0) -> 0.39890597 | G19: =IFERROR(G10/G5,0) -> 0.38294973
A20: Non-cash donation-matching charges (incl. in costs above) | C20: =Historicals!$B$78+Inputs!$B$37 -> 2086 | D20: 0 | E20: 0 | F20: 0 | G20: 0
A21: Discount factor to end 2026 | D21: =1/(1+Inputs!$B$19+Inputs!$J$104)^1 -> 0.89285714 | E21: =1/(1+Inputs!$B$19+Inputs!$J$104)^2 -> 0.79719388 | F21: =1/(1+Inputs!$B$19+Inputs!$J$104)^3 -> 0.71178025 | G21: =1/(1+Inputs!$B$19+Inputs!$J$104)^4 -> 0.63551808
A22: Committed compute floor ($mm; dated table + short-term + undated remainder by floor weights; 2026 = Q4) | C22: =Inputs!B$69+Inputs!$B$47*Inputs!$B$46 -> 11231 | D22: =Inputs!C$69+Inputs!$B$47*(1-Inputs!$B$46)+Inputs!$B$70*Inputs!$J$109 -> 97550 | E22: =Inputs!D$69+Inputs!$B$70*Inputs!$J$110 -> 107338.25 | F22: =Inputs!E$69+Inputs!$B$70*Inputs!$J$111 -> 117031.38 | G22: =Inputs!F$69+Inputs!$B$70*Inputs!$J$112 -> 114349.38
A23: Third business line: value-share partnerships (hypothetical)
A24: Share of core revenue base under value-share | C24: 0 | D24: =Inputs!$C$118 -> 0.02 | E24: =Inputs!$C$119 -> 0.05 | F24: =Inputs!$C$120 -> 0.1 | G24: =Inputs!$C$121 -> 0.15
A25: Revenue base moved to value-share | C25: =C5*C24 -> 0 | D25: =D5*D24 -> 2169.68 | E25: =E5*E24 -> 8407.51 | F25: =F5*F24 -> 22700.277 | G25: =G5*G24 -> 42563.019
A26: Value created per $1 of Claude spend | C26: =Inputs!$C$122 -> 8 | D26: =Inputs!$C$122 -> 8 | E26: =Inputs!$C$122 -> 8 | F26: =Inputs!$C$122 -> 8 | G26: =Inputs!$C$122 -> 8
A27: Economic value created for partners | C27: =C25*C26 -> 0 | D27: =D25*D26 -> 17357.44 | E27: =E25*E26 -> 67260.08 | F27: =F25*F26 -> 181602.22 | G27: =G25*G26 -> 340504.16
A28: Anthropic's cut | C28: =Inputs!$C$123 -> 0.15 | D28: =Inputs!$C$123 -> 0.15 | E28: =Inputs!$C$123 -> 0.15 | F28: =Inputs!$C$123 -> 0.15 | G28: =Inputs!$C$123 -> 0.15
A29: Value-share revenue (gross) | C29: =C27*C28 -> 0 | D29: =D27*D28 -> 2603.616 | E29: =E27*E28 -> 10089.012 | F29: =F27*F28 -> 27240.332 | G29: =G27*G28 -> 51075.623
A30: Token revenue given up | C30: =C25*Inputs!$C$124 -> 0 | D30: =D25*Inputs!$C$124 -> 650.904 | E30: =E25*Inputs!$C$124 -> 2522.253 | F30: =F25*Inputs!$C$124 -> 6810.0831 | G30: =G25*Inputs!$C$124 -> 12768.906
A31: Net new revenue | C31: =C29-C30 -> 0 | D31: =D29-D30 -> 1952.712 | E31: =E29-E30 -> 7566.759 | F31: =F29-F30 -> 20430.249 | G31: =G29-G30 -> 38306.717
A32: Delivery cost | C32: =C29*Inputs!$C$125 -> 0 | D32: =D29*Inputs!$C$125 -> 520.7232 | E32: =E29*Inputs!$C$125 -> 2017.8024 | F32: =F29*Inputs!$C$125 -> 5448.0665 | G32: =G29*Inputs!$C$125 -> 10215.125
A33: Extra compute | C33: =C29*Inputs!$C$126 -> 0 | D33: =D29*Inputs!$C$126 -> 390.5424 | E33: =E29*Inputs!$C$126 -> 1513.3518 | F33: =F29*Inputs!$C$126 -> 4086.0499 | G33: =G29*Inputs!$C$126 -> 7661.3435
A34: Selling, partner fees & overhead | C34: =C29*Inputs!$C$127 -> 0 | D34: =D29*Inputs!$C$127 -> 260.3616 | E34: =E29*Inputs!$C$127 -> 1008.9012 | F34: =F29*Inputs!$C$127 -> 2724.0332 | G34: =G29*Inputs!$C$127 -> 5107.5623
A35: Value-share operating contribution | C35: =C29-C30-C32-C33-C34 -> 0 | D35: =D29-D30-D32-D33-D34 -> 781.0848 | E35: =E29-E30-E32-E33-E34 -> 3026.7036 | F35: =F29-F30-F32-F33-F34 -> 8172.0997 | G35: =G29-G30-G32-G33-G34 -> 15322.687
A36: Value created as % of $40T knowledge-work pool | C36: =IFERROR(C27/Inputs!$B$27,0) -> 0 | D36: =IFERROR(D27/Inputs!$B$27,0) -> 0.000433936 | E36: =IFERROR(E27/Inputs!$B$27,0) -> 0.001681502 | F36: =IFERROR(F27/Inputs!$B$27,0) -> 0.0045400554 | G36: =IFERROR(G27/Inputs!$B$27,0) -> 0.0085126039
A37: Value-share capital spending (per selected basis) | C37: =CHOOSE(Inputs!$B$35,C31*Inputs!B$67,C29*Inputs!$B$36,0) -> 0 | D37: =CHOOSE(Inputs!$B$35,D31*Inputs!C$67,D29*Inputs!$B$36,0) -> 78.10848 | E37: =CHOOSE(Inputs!$B$35,E31*Inputs!D$67,E29*Inputs!$B$36,0) -> 378.33795 | F37: =CHOOSE(Inputs!$B$35,F31*Inputs!E$67,F29*Inputs!$B$36,0) -> 1021.5125 | G37: =CHOOSE(Inputs!$B$35,G31*Inputs!F$67,G29*Inputs!$B$36,0) -> 1915.3359
A38: Value-share collection timing (working capital) | C38: 0 | D38: =-(D29-C29)*Inputs!$B$34/365 -> 0 | E38: =-(E29-D29)*Inputs!$B$34/365 -> 0 | F38: =-(F29-E29)*Inputs!$B$34/365 -> 0 | G38: =-(G29-F29)*Inputs!$B$34/365 -> 0
A40: Prepaid compute roll-forward (cash paid ahead of use)
A41: Prepaid balance, opening | C41: 0 | D41: =C46 -> 0 | E41: =D46 -> 0 | F41: =E46 -> 0 | G41: =F46 -> 0
A42: Prepayment paid (start of year) | C42: 0 | D42: =Inputs!$J$107 -> 0 | E42: 0 | F42: 0 | G42: 0
A43: Scheduled credits available (cumulative scheduled less used) | C43: =MAX(0,0) -> 0 | D43: =MAX(0,0) -> 0 | E43: =MAX(0,$D$42/Inputs!$B$40*MIN(1,Inputs!$B$40)-SUM($C45:D45)) -> 0 | F43: =MAX(0,$D$42/Inputs!$B$40*MIN(2,Inputs!$B$40)-SUM($C45:E45)) -> 0 | G43: =MAX(0,$D$42/Inputs!$B$40*MIN(3,Inputs!$B$40)-SUM($C45:F45)) -> 0
A44: Eligible compute charges this year | C44: =C10*Inputs!$B$39 -> 28258 | D44: =D10*Inputs!$B$39 -> 48038.6 | E44: =E10*Inputs!$B$39 -> 69655.97 | F44: =F10*Inputs!$B$39 -> 90552.761 | G44: =G10*Inputs!$B$39 -> 108663.31
A45: Credits used (capped by balance, schedule and eligible charges) | C45: =MAX(0,MIN(C41+C42,C43,C44)) -> 0 | D45: =MAX(0,MIN(D41+D42,D43,D44)) -> 0 | E45: =MAX(0,MIN(E41+E42,E43,E44)) -> 0 | F45: =MAX(0,MIN(F41+F42,F43,F44)) -> 0 | G45: =MAX(0,MIN(G41+G42,G43,G44)) -> 0
A46: Prepaid balance, closing | C46: =C41+C42-C45 -> 0 | D46: =D41+D42-D45 -> 0 | E46: =E41+E42-E45 -> 0 | F46: =F41+F42-F45 -> 0 | G46: =G41+G42-G45 -> 0
A48: Core business (tokens + subscriptions): earnings, taxes, cash
A49: Revenue | C49: =C5 -> 54242 | D49: =D5 -> 108484 | E49: =E5 -> 168150.2 | F49: =F5 -> 227002.77 | G49: =G5 -> 283753.46
A50: Operating income before depreciation of new owned capacity | C50: =C17 -> 3230.552 | D50: =D17 -> 18136.64 | E50: =E17 -> 37960.158 | F50: =F17 -> 61539.095 | G50: =G17 -> 84289.041
A51: Capital spending | C51: =C5*Inputs!B$67 -> 1627.26 | D51: =D5*Inputs!C$67 -> 4339.36 | E51: =E5*Inputs!D$67 -> 8407.51 | F51: =F5*Inputs!E$67 -> 11350.138 | G51: =G5*Inputs!F$67 -> 14187.673
A52: Depreciation of owned capacity bought from 2027 | C52: 0 | D52: =SUMPRODUCT($D51:D51,--((4-COLUMN($D51:D51))<Inputs!$B$32))/Inputs!$B$32 -> 867.872 | E52: =SUMPRODUCT($D51:E51,--((5-COLUMN($D51:E51))<Inputs!$B$32))/Inputs!$B$32 -> 2549.374 | F52: =SUMPRODUCT($D51:F51,--((6-COLUMN($D51:F51))<Inputs!$B$32))/Inputs!$B$32 -> 4819.4017 | G52: =SUMPRODUCT($D51:G51,--((7-COLUMN($D51:G51))<Inputs!$B$32))/Inputs!$B$32 -> 7656.9363
A53: Operating income (earnings basis, after stock comp) | C53: =C50-C52 -> 3230.552 | D53: =D50-D52 -> 17268.768 | E53: =E50-E52 -> 35410.784 | F53: =F50-F52 -> 56719.693 | G53: =G50-G52 -> 76632.105
A54: Operating margin | C54: =IFERROR(C53/C49,0) -> 0.059558129 | D54: =IFERROR(D53/D49,0) -> 0.15918263 | E54: =IFERROR(E53/E49,0) -> 0.2105902 | F54: =IFERROR(F53/F49,0) -> 0.24986344 | G54: =IFERROR(G53/G49,0) -> 0.2700658
A55: Interest income (on opening cash) | C55: =Historicals!F43+Historicals!H13+C80*Inputs!$B$20/4 -> 3183.0312 | D55: =MAX(0,D80-D81)*Inputs!$B$20 -> 3441.6179 | E55: =MAX(0,E80-E81)*Inputs!$B$20 -> 4012.5334 | F55: =MAX(0,F80-F81)*Inputs!$B$20 -> 4947.3549 | G55: =MAX(0,G80-G81)*Inputs!$B$20 -> 6346.6512
A56: Other taxable income adjustments | C56: =Inputs!B$68 -> 0 | D56: =Inputs!C$68 -> 0 | E56: =Inputs!D$68 -> 0 | F56: =Inputs!E$68 -> 0 | G56: =Inputs!F$68 -> 0
A57: IPO RSU tax deduction | C57: =IF(Inputs!$B$63=2026,Inputs!$B$62,0) -> 0 | D57: =IF(Inputs!$B$63=2027,Inputs!$B$62,0) -> 0 | E57: =IF(Inputs!$B$63=2028,Inputs!$B$62,0) -> 0 | F57: =IF(Inputs!$B$63=2029,Inputs!$B$62,0) -> 0 | G57: =IF(Inputs!$B$63=2030,Inputs!$B$62,0) -> 0
A58: Taxable income proxy | C58: =C53+C55+C56-C57 -> 6413.5833 | D58: =D53+D55+D56-D57 -> 20710.386 | E58: =E53+E55+E56-E57 -> 39423.317 | F58: =F53+F55+F56-F57 -> 61667.048 | G58: =G53+G55+G56-G57 -> 82978.756
A59: State taxable base (apportioned) | C59: =C58*Inputs!$B$58 -> 4617.78 | D59: =D58*Inputs!$B$58 -> 14911.478 | E59: =E58*Inputs!$B$58 -> 28384.789 | F59: =F58*Inputs!$B$58 -> 44400.275 | G59: =G58*Inputs!$B$58 -> 59744.704
A60: State NOL, opening | C60: =Inputs!$B$60 -> 4200 | D60: =C62 -> 4200 | E60: =D62 -> 0 | F60: =E62 -> 0 | G60: =F62 -> 0
A61: State NOL used | C61: =IF(AND(2026=2026,Inputs!$B$61=1),0,MIN(C60,MAX(0,C59))) -> 0 | D61: =IF(AND(2027=2026,Inputs!$B$61=1),0,MIN(D60,MAX(0,D59))) -> 4200 | E61: =IF(AND(2028=2026,Inputs!$B$61=1),0,MIN(E60,MAX(0,E59))) -> 0 | F61: =IF(AND(2029=2026,Inputs!$B$61=1),0,MIN(F60,MAX(0,F59))) -> 0 | G61: =IF(AND(2030=2026,Inputs!$B$61=1),0,MIN(G60,MAX(0,G59))) -> 0
A62: State NOL, closing | C62: =C60-C61+MAX(0,-C59) -> 4200 | D62: =D60-D61+MAX(0,-D59) -> 0 | E62: =E60-E61+MAX(0,-E59) -> 0 | F62: =F60-F61+MAX(0,-F59) -> 0 | G62: =G60-G61+MAX(0,-G59) -> 0
A63: State tax | C63: =MAX(0,C59-C61)*Inputs!$B$59 -> 277.0668 | D63: =MAX(0,D59-D61)*Inputs!$B$59 -> 642.68867 | E63: =MAX(0,E59-E61)*Inputs!$B$59 -> 1703.0873 | F63: =MAX(0,F59-F61)*Inputs!$B$59 -> 2664.0165 | G63: =MAX(0,G59-G61)*Inputs!$B$59 -> 3584.6823
A64: Federal taxable income before NOL (after state tax) | C64: =C58-C63 -> 6136.5165 | D64: =D58-D63 -> 20067.697 | E64: =E58-E63 -> 37720.23 | F64: =F58-F63 -> 59003.032 | G64: =G58-G63 -> 79394.074
A65: Federal NOL, opening | C65: =Inputs!$B$56 -> 8200 | D65: =C67 -> 3290.7868 | E65: =D67 -> 0 | F65: =E67 -> 0 | G65: =F67 -> 0
A66: Federal NOL used (80% limit) | C66: =MIN(C65,Inputs!$B$57*MAX(0,C64)) -> 4909.2132 | D66: =MIN(D65,Inputs!$B$57*MAX(0,D64)) -> 3290.7868 | E66: =MIN(E65,Inputs!$B$57*MAX(0,E64)) -> 0 | F66: =MIN(F65,Inputs!$B$57*MAX(0,F64)) -> 0 | G66: =MIN(G65,Inputs!$B$57*MAX(0,G64)) -> 0
A67: Federal NOL, closing | C67: =C65-C66+MAX(0,-C64) -> 3290.7868 | D67: =D65-D66+MAX(0,-D64) -> 0 | E67: =E65-E66+MAX(0,-E64) -> 0 | F67: =F65-F66+MAX(0,-F64) -> 0 | G67: =G65-G66+MAX(0,-G64) -> 0
A68: Federal tax | C68: =MAX(0,C64-C66)*Inputs!$B$55 -> 257.73369 | D68: =MAX(0,D64-D66)*Inputs!$B$55 -> 3523.1512 | E68: =MAX(0,E64-E66)*Inputs!$B$55 -> 7921.2483 | F68: =MAX(0,F64-F66)*Inputs!$B$55 -> 12390.637 | G68: =MAX(0,G64-G66)*Inputs!$B$55 -> 16672.756
A69: Cash taxes (selected method) | C69: =IF(Inputs!$J$105=0,MAX(0,C53+C55)*Inputs!B$66,IF(Inputs!$J$105=2,MAX(0,C58)*Inputs!$J$106,C63+C68)) -> 534.80049 | D69: =IF(Inputs!$J$105=0,MAX(0,D53+D55)*Inputs!C$66,IF(Inputs!$J$105=2,MAX(0,D58)*Inputs!$J$106,D63+D68)) -> 4165.8399 | E69: =IF(Inputs!$J$105=0,MAX(0,E53+E55)*Inputs!D$66,IF(Inputs!$J$105=2,MAX(0,E58)*Inputs!$J$106,E63+E68)) -> 9624.3356 | F69: =IF(Inputs!$J$105=0,MAX(0,F53+F55)*Inputs!E$66,IF(Inputs!$J$105=2,MAX(0,F58)*Inputs!$J$106,F63+F68)) -> 15054.653 | G69: =IF(Inputs!$J$105=0,MAX(0,G53+G55)*Inputs!F$66,IF(Inputs!$J$105=2,MAX(0,G58)*Inputs!$J$106,G63+G68)) -> 20257.438
A70: Effective tax rate on taxable income | C70: =IF(C58>0,MIN(1,C69/C58),0) -> 0.0833856 | D70: =IF(D58>0,MIN(1,D69/D58),0) -> 0.20114738 | E70: =IF(E58>0,MIN(1,E69/E58),0) -> 0.244128 | F70: =IF(F58>0,MIN(1,F69/F58),0) -> 0.244128 | G70: =IF(G58>0,MIN(1,G69/G58),0) -> 0.244128
A71: Net income excl. non-cash fair value items | C71: =C53+C55-C69 -> 5878.7828 | D71: =D53+D55-D69 -> 16544.546 | E71: =E53+E55-E69 -> 29798.982 | F71: =F53+F55-F69 -> 46612.395 | G71: =G53+G55-G69 -> 62721.318
A72: Non-cash stock comp & donation charges (added back for liquidity) | C72: =C12+C20 -> 6666.1946 | D72: =D12+D20 -> 9763.56 | E72: =E12+E20 -> 13452.016 | F72: =F12+F20 -> 15890.194 | G72: =G12+G20 -> 17025.208
A73: Working capital | C73: 0 | D73: =-(D5-C5)*Inputs!$B$33 -> 0 | E73: =-(E5-D5)*Inputs!$B$33 -> 0 | F73: =-(F5-E5)*Inputs!$B$33 -> 0 | G73: =-(G5-F5)*Inputs!$B$33 -> 0
A74: Compute prepayment timing (non-recurring; excluded from exit value) | C74: =-C$42+C$45 -> 0 | D74: =-D$42+D$45 -> 0 | E74: =-E$42+E$45 -> 0 | F74: =-F$42+F$45 -> 0 | G74: =-G$42+G$45 -> 0
A75: Actual cash flow (liquidity basis) | C75: =C53+C72+C52+C55-C69-C51+C73+C74 -> 10917.717 | D75: =D53+D72+D52+D55-D69-D51+D73+D74 -> 22836.618 | E75: =E53+E72+E52+E55-E69-E51+E73+E74 -> 37392.862 | F75: =F53+F72+F52+F55-F69-F51+F73+F74 -> 55971.852 | G75: =G53+G72+G52+G55-G69-G51+G73+G74 -> 73215.789
